Workbook
Name __SM1: #REF!
Name __SM1: #REF!
Name __SM1: #REF!
Name __SM1: #REF!
Name __SM1: #REF!
Name __SM1: #REF!
Name __SM1: #REF!
Name __SM1: #REF!
Name __SM1: #REF!
Name __SM1: #REF!
Name __SM1: #REF!
Name __SM1: #REF!
Name __SM10: #REF!
Name __SM10: #REF!
Name __SM10: #REF!
Name __SM10: #REF!
Name __SM10: #REF!
Name __SM10: #REF!
Name __SM10: #REF!
Name __SM10: #REF!
Name __SM10: #REF!
Name __SM10: #REF!
Name __SM11: #REF!
Name __SM11: #REF!
Name __SM11: #REF!
Name __SM11: #REF!
Name __SM11: #REF!
Name __SM11: #REF!
Name __SM11: #REF!
Name __SM11: #REF!
Name __SM11: #REF!
Name __SM11: #REF!
Name __SM12: #REF!
Name __SM12: #REF!
Name __SM12: #REF!
Name __SM12: #REF!
Name __SM12: #REF!
Name __SM12: #REF!
Name __sm13: #REF!
Name __sm13: #REF!
Name __sm13: #REF!
Name __sm13: #REF!
Name __sm13: #REF!
Name __sm13: #REF!
Name __SM2: #REF!
Name __SM2: #REF!
Name __SM2: #REF!
Name __SM2: #REF!
Name __SM2: #REF!
Name __SM2: #REF!
Name __SM3: #REF!
Name __SM3: #REF!
Name __SM3: #REF!
Name __SM3: #REF!
Name __SM3: #REF!
Name __SM3: #REF!
Name __SM4: #REF!
Name __SM4: #REF!
Name __SM4: #REF!
Name __SM4: #REF!

Sheet SERVIÇOS
A1: PCI.817.01 - CUSTO DE COMPOSIÇÕES - SINTÉTICO DATA DE EMISSÃO: 13/06/2024 23:19:21 DATA DE RT: 13/06/2024
A2: ENCARGOS SOCIAIS SOBRE PREÇOS DA MÃO-DE-OBRA: 110,14%(HORA) 70,04%(MÊS)
A3: ABRANGÊNCIA : NACIONAL LOCALIDADE : BRASILIA DATA DE PREÇO : 05/2024 REFERÊNCIA COLETA : MEDIANO
A5: CODIGO DA COMPOSICAO | B5: DESCRICAO DA COMPOSICAO | C5: UNIDADE | D5: CUSTO TOTAL | E5: TIPO
A7: 97141 | B7: ASSENTAMENTO DE TUBO DE FERRO FUNDIDO PARA REDE DE ÁGUA, DN 80 MM, JUNTA ELÁSTICA, INSTALADO EM LOCAL COM NÍVEL ALTO DE INTERFERÊNCIAS (NÃO INCLUI FORNECIMENTO). AF_05/2024 | C7: M | D7: 4.78 | E7: SER.CG
A8: 97142 | B8: ASSENTAMENTO DE TUBO DE FERRO FUNDIDO PARA REDE DE ÁGUA, DN 100 MM, JUNTA ELÁSTICA, INSTALADO EM LOCAL COM NÍVEL ALTO DE INTERFERÊNCIAS (NÃO INCLUI FORNECIMENTO). AF_05/2024 | C8: M | D8: 5.55 | E8: SER.CG
A9: 97143 | B9: ASSENTAMENTO DE TUBO DE FERRO FUNDIDO PARA REDE DE ÁGUA, DN 150 MM, JUNTA ELÁSTICA, INSTALADO EM LOCAL COM NÍVEL ALTO DE INTERFERÊNCIAS (NÃO INCLUI FORNECIMENTO). AF_05/2024 | C9: M | D9: 7.43 | E9: SER.CG
A10: 97144 | B10: ASSENTAMENTO DE TUBO DE FERRO FUNDIDO PARA REDE DE ÁGUA, DN 200 MM, JUNTA ELÁSTICA, INSTALADO EM LOCAL COM NÍVEL ALTO DE INTERFERÊNCIAS (NÃO INCLUI FORNECIMENTO). AF_05/2024 | C10: M | D10: 9.33 | E10: SER.CG
A11: 97145 | B11: ASSENTAMENTO DE TUBO DE FERRO FUNDIDO PARA REDE DE ÁGUA, DN 250 MM, JUNTA ELÁSTICA, INSTALADO EM LOCAL COM NÍVEL ALTO DE INTERFERÊNCIAS (NÃO INCLUI FORNECIMENTO). AF_05/2024 | C11: M | D11: 11.25 | E11: SER.CG
A12: 97146 | B12: ASSENTAMENTO DE TUBO DE FERRO FUNDIDO PARA REDE DE ÁGUA, DN 300 MM, JUNTA ELÁSTICA, INSTALADO EM LOCAL COM NÍVEL ALTO DE INTERFERÊNCIAS (NÃO INCLUI FORNECIMENTO). AF_05/2024 | C12: M | D12: 13.16 | E12: SER.CG
A13: 97147 | B13: ASSENTAMENTO DE TUBO DE FERRO FUNDIDO PARA REDE DE ÁGUA, DN 350 MM, JUNTA ELÁSTICA, INSTALADO EM LOCAL COM NÍVEL ALTO DE INTERFERÊNCIAS (NÃO INCLUI FORNECIMENTO). AF_05/2024 | C13: M | D13: 15.07 | E13: SER.CG
A14: 97148 | B14: ASSENTAMENTO DE TUBO DE FERRO FUNDIDO PARA REDE DE ÁGUA, DN 400 MM, JUNTA ELÁSTICA, INSTALADO EM LOCAL COM NÍVEL ALTO DE INTERFERÊNCIAS (NÃO INCLUI FORNECIMENTO). AF_05/2024 | C14: M | D14: 16.97 | E14: SER.CG
A15: 97149 | B15: ASSENTAMENTO DE TUBO DE FERRO FUNDIDO PARA REDE DE ÁGUA, DN 450 MM, JUNTA ELÁSTICA, INSTALADO EM LOCAL COM NÍVEL ALTO DE INTERFERÊNCIAS (NÃO INCLUI FORNECIMENTO). AF_05/2024 | C15: M | D15: 18.93 | E15: SER.CG
A16: 97150 | B16: ASSENTAMENTO DE TUBO DE FERRO FUNDIDO PARA REDE DE ÁGUA, DN 500 MM, JUNTA ELÁSTICA, INSTALADO EM LOCAL COM NÍVEL ALTO DE INTERFERÊNCIAS (NÃO INCLUI FORNECIMENTO). AF_05/2024 | C16: M | D16: 24.19 | E16: SER.CG
A17: 97151 | B17: ASSENTAMENTO DE TUBO DE FERRO FUNDIDO PARA REDE DE ÁGUA, DN 600 MM, JUNTA ELÁSTICA, INSTALADO EM LOCAL COM NÍVEL ALTO DE INTERFERÊNCIAS (NÃO INCLUI FORNECIMENTO). AF_05/2024 | C17: M | D17: 28.58 | E17: SER.CG
A18: 97152 | B18: ASSENTAMENTO DE TUBO DE FERRO FUNDIDO PARA REDE DE ÁGUA, DN 700 MM, JUNTA ELÁSTICA, INSTALADO EM LOCAL COM NÍVEL ALTO DE INTERFERÊNCIAS (NÃO INCLUI FORNECIMENTO). AF_05/2024 | C18: M | D18: 32.66 | E18: SER.CG
... A7693: 101460 | B7693: VIGIA DIURNO COM ENCARGOS COMPLEMENTARES | C7693: MES | D7693: 4376.49 | E7693: M.O
A7695: SLU-1 | B7695: DISPOSIÇÃO FINAL DE RESÍDUOS SEGREGADOS DE CONSTRUÇÃO CIVIL | C7695: T | D7695: 15.25 | E7695: SER.CG
A7696: SLU-2 | B7696: DISPOSIÇÃO FINAL DE RESÍDUOS DE PODAS E GALHADAS | C7696: T | D7696: 23.8 | E7696: SER.CG

Sheet INSUMOS
A1: PRECOS DE INSUMOS - BANCO NACIONAL
A3: MES DE COLETA: 05/2024
A4: LOCALIDADE: 4495 - BRASILIA
A5: ENCARGOS SOCIAIS (%) HORISTA 110,14 MENSALISTA 70,04
A7: CODIGO | B7: DESCRICAO DO INSUMO | C7: UNIDADE DE MEDIDA | D7: PRECO MEDIANO R$ | E7: TIPO | F7: ORIGEM DO PRECO
A8: 38605 | B8: ABERTURA PARA ENCAIXE DE CUBA OU LAVATORIO EM BANCADA DE MARMORE/ GRANITO OU OUTRO TIPO DE PEDRA NATURAL | C8: UN | D8: 124.38 | E8: MAT. | F8: CR
A9: 11270 | B9: ABRACADEIRA DE LATAO PARA FIXACAO DE CABO PARA-RAIO, DIMENSOES 32 X 24 X 24 MM | C9: UN | D9: 2.86 | E9: MAT. | F9: AS
A10: 412 | B10: ABRACADEIRA DE NYLON PARA AMARRACAO DE CABOS, COMPRIMENTO DE *230* X *7,6* MM | C10: UN | D10: 1.02 | E10: MAT. | F10: CR
A11: 414 | B11: ABRACADEIRA DE NYLON PARA AMARRACAO DE CABOS, COMPRIMENTO DE 100 X 2,5 MM | C11: UN | D11: 0.06 | E11: MAT. | F11: CR
A12: 410 | B12: ABRACADEIRA DE NYLON PARA AMARRACAO DE CABOS, COMPRIMENTO DE 150 X *3,6* MM | C12: UN | D12: 0.15 | E12: MAT. | F12: CR
A13: 411 | B13: ABRACADEIRA DE NYLON PARA AMARRACAO DE CABOS, COMPRIMENTO DE 200 X *4,6* MM | C13: UN | D13: 0.2 | E13: MAT. | F13: C
A14: 408 | B14: ABRACADEIRA DE NYLON PARA AMARRACAO DE CABOS, COMPRIMENTO DE 390 X *4,6* MM | C14: UN | D14: 0.99 | E14: MAT. | F14: CR
A15: 39131 | B15: ABRACADEIRA EM ACO PARA AMARRACAO DE ELETRODUTOS, TIPO D, COM 1 1/2" E CUNHA DE FIXACAO | C15: UN | D15: 3.64 | E15: MAT. | F15: CR
A16: 394 | B16: ABRACADEIRA EM ACO PARA AMARRACAO DE ELETRODUTOS, TIPO D, COM 1 1/2" E PARAFUSO DE FIXACAO | C16: UN | D16: 3.68 | E16: MAT. | F16: CR
A17: 39130 | B17: ABRACADEIRA EM ACO PARA AMARRACAO DE ELETRODUTOS, TIPO D, COM 1 1/4" E CUNHA DE FIXACAO | C17: UN | D17: 3.32 | E17: MAT. | F17: CR
A18: 395 | B18: ABRACADEIRA EM ACO PARA AMARRACAO DE ELETRODUTOS, TIPO D, COM 1 1/4" E PARAFUSO DE FIXACAO | C18: UN | D18: 3.55 | E18: MAT. | F18: CR
A19: 39127 | B19: ABRACADEIRA EM ACO PARA AMARRACAO DE ELETRODUTOS, TIPO D, COM 1/2" E CUNHA DE FIXACAO | C19: UN | D19: 1.75 | E19: MAT. | F19: CR
... A562: 751 | B562: BOMBA SUBMERSIVEL, ELETRICA, TRIFASICA, POTENCIA 2,96 HP, DIAMETRO DO ROTOR 144 MM SEMIABERTO, BOCAL DE SAIDA DIAMETRO DE DUAS POLEGADAS, HM/Q = 2 M / 38,8 M3/H A 28 M / 5 M3/H | C562: UN | D562: 6355.12 | E562: EQUIP. | F562: CR
A563: 754 | B563: BOMBA SUBMERSIVEL, ELETRICA, TRIFASICA, POTENCIA 3,75 HP, DIAMETRO DO ROTOR 90 MM SEMIABERTO, BOCAL DE SAIDA DIAMETRO DE 2 POLEGADAS, HM/Q = 5 M / 61,2 M3/H A 25,5 M / 3,6 M3/H | C563: UN | D563: 10087.5 | E563: EQUIP. | F563: CR | J563: =400*8.2 -> 3280
A564: 757 | B564: BOMBA SUBMERSIVEL, ELETRICA, TRIFASICA, POTENCIA 6 HP, DIAMETRO DO ROTOR 127 MM, BOCAL DE SAIDA DIAMETRO DE 3 POLEGADAS, HM/Q = 7 M / 66,90 M3/H A 26 M / 2,88 M3/H | C564: UN | D564: 20175 | E564: EQUIP. | F564: CR
A565: 44489 | B565: BOMBA TRIPLEX COM MOTOR A DIESEL, NACIONAL, DIAMETRO DE SUCCAO DE 2 1/2" | C565: UN | D565: 288996.98 | E565: EQUIP. | F565: CR
A566: 39917 | B566: BOMBA TRIPLEX, PARA INJECAO DE CALDA DE CIMENTO, VAZAO MAXIMA DE *100* LITROS/MINUTO, PRESSAO MAXIMA DE *70* BAR, POTENCIA DE 15 CV | C566: UN | D566: 101312.44 | E566: EQUIP. | F566: CR
A567: 38167 | B567: BORBOLETA PARA JANELA TIPO GUILHOTINA, EM ZAMAC CROMADO | C567: PAR | D567: 25.2 | E567: MAT. | F567: CR
A568: 36145 | B568: BOTA DE PVC PRETA, CANO MEDIO, SEM FORRO | C568: PAR | D568: 44.64 | E568: MAT. | F568: CR
A569: 12893 | B569: BOTA DE SEGURANCA COM BIQUEIRA DE ACO E COLARINHO ACOLCHOADO | C569: PAR | D569: 74.4 | E569: MAT. | F569: CR
A570: 11685 | B570: BRACO / CANO PARA CHUVEIRO ELETRICO, EM ALUMINIO, 30 CM X 1/2" | C570: UN | D570: 26.43 | E570: MAT. | F570: CR
A571: 11680 | B571: BRACO OU HASTE COM CANOPLA PLASTICA, 1/2 ", PARA CHUVEIRO SIMPLES | C571: UN | D571: 23.22 | E571: MAT. | F571: CR
A572: 11679 | B572: BRACO OU HASTE RETA COM CANOPLA PLASTICA, 1/2 ", PARA CHUVEIRO ELETRICO | C572: UN | D572: 31.48 | E572: MAT. | F572: CR
A573: 2512 | B573: BRACO P/ LUMINARIA PUBLICA 1 X 1,50M ROMAGNOLE OU EQUIV | C573: UN | D573: 23.47 | E573: MAT. | F573: CR
A574: 4374 | B574: BUCHA DE NYLON SEM ABA S10 | C574: UN | D574: 0.7 | E574: MAT. | F574: CR
A575: 7568 | B575: BUCHA DE NYLON SEM ABA S10, COM PARAFUSO DE 6,10 X 65 MM EM ACO ZINCADO COM ROSCA SOBERBA, CABECA CHATA E FENDA PHILLIPS | C575: UN | D575: 1.16 | E575: MAT. | F575: CR
... A4834: 41096 | B4834: VIGIA DIURNO (MENSALISTA) | C4834: MES | D4834: 2741.53 | E4834: M.O | F4834: CR
A4836: TOTAL DE INSUMOS : 4827
A4839: SICRO - JANEIRO 2024
A4840: M0225 | B4840: ADUBO ORGÂNICO COMPOSTO | C4840: KG | D4840: 0.2549 | E4840: MAT.
A4841: E9028-P | B4841: BOMBA DE ALTA PRESSÃO PARA HIDROJATEAMENTO COM CAPACIDADE DE 18 MPA - 5,20 KW | C4841: CHP | D4841: 34.0362 | E4841: EQUIP.
A4842: E9605-P | B4842: CAMINHÃO TANQUE COM CAPACIDADE DE 6.000 L - 136 KW | C4842: CHP | D4842: 254.2848 | E4842: EQUIP.
A4843: E9605-I | B4843: CAMINHÃO TANQUE COM CAPACIDADE DE 6.000 L - 136 KW | C4843: Chi | D4843: 71.2636 | E4843: EQUIP.
F4941: =UPPER(B4941)
F4942: =UPPER(B4942)
B4964: fim da fórmula

Sheet 014-22-CAPA
C1: VER COMENTÁRIOS NAS CÉLULAS ANTES DE PREENCHER. FAVOR MANTER TODOS OS COMENTÁRIOS DAS CÉLULAS PARA FACILITAR A CONFERÊNCIA DO ARQUIVO Sempre consultar a Cooordenação de arquivos da DITEC para quaisquer dúvidas.
D8: GOVERNO DO DISTRITO FEDERAL
D9: SECRETARIA DE ESTADO DE INFRAESTRUTURA E SERVIÇOS PÚBLICOS
D10: COMPANHIA URBANIZADORA DA NOVA CAPITAL DO BRASIL
D11: CAPA DA PLANILHA ESTIMATIVA
D14: Nº ESTIMATIVA: | E14: 014/2022-SEORÇA-SDS-R02
D15: TÍTULO: | E15: ORÇ. REVITALIZAÇÃO DA PRAÇA 21 DE ABRIL
D16: Nº PROJETO: | E16: PROJ-DE-034-20
D17: NOME PROJETO: | E17: REVITALIZAÇÃO DA PRAÇA 21 DE ABRIL
D18: ENDEREÇO: | E18: ENTRE QUADRAS 707 / 708 SUL - ASA SUL - BRASILIA-DF
D19: PRAZO: | E19: 120 DIAS CORRIDOS
D20: DATA: | E20: 45478
D21: ORÇAMENTISTA(S): | E21: ENG. GILMAR DA MOTA FERNANDES - CREA: 23785/D-DF ART:0720220018938
E22: ENG. HERBERT MESQUITA LOIOLA - CREA: 25130/D-DF ART: 0720240055972
D23: PROCESSO: | E23: 00112-00007828/2021-91
D24: TABELA REFERÊNCIA: | E24: SINAPI - DATA DE PREÇO MAIO 2024
D25: SISOBRAS: | E25: ÁREA DE REVITALIZAÇÃO: 10.937,80 m²
D26: OBSERVAÇÕES: | E26: 1 - De acordo com o contido no Despacho - NOVACAP/DE/DETEC/DITEC/SEARQ (81859309), presente no processo SEI-04018-00000386/2020-37, informamos que os Quiosques, Bancos em concreto e lixeiras não fazem parte desta estimativa. 2 - Esta ART 0720240055972 contempla somente a atualização de custos desta estimativa.
D27: BDI ITILIZADOS: | E27: 18,56% (OBRAS DE MENOR COMPLEXIDADE)
D28: RESP. CAPA: | E28: ENG. HERBERT MESQUITA LOIOLA - CREA: 25130/D-DF
D30: ESTIMATIVAS DIRETORIA DE EDIFICAÇÕES:
D31: 014.01/2022-SEORÇA: Orçamento ......................................................................................................... | F31: ='014.01-22-ORÇAMENTO'!J236 -> 1900956.8
D32: VALOR TOTAL ESTIMADO COM BDI......................................................................................................................... | F32: =SUM(F31:F31) -> 1900956.8
D34: NOTAS: | E34: *Esta planilha é orientativa. Desta forma, é de inteira responsabilidade do contratado as quantidades e valores necessários a completa execução da obra. *Havendo irregularidades neste instrumento, entre em contato com a Ouvidoria de Combate a Corrupção, no telefone 0800-6449060
D37: ENG. GILMAR DA MOTA FERNANDES ART: 0720220018938 CREA: 23785/D-DF Matrícula: 973.113-X
D38: ENG. HERBERT MESQUITA LOIOLA ART: 0720240055972 CREA: 25130/D-DF Matrícula: 973.299-3
D40: OBRA C/BDI | E40: =F32 -> 1900956.8
D41: ADM LOCAL C/BDI | E41: ='014.01-22-ORÇAMENTO'!J227 -> 176473.83
D42: % ADM local | E42: =E41/E40 -> 0.092834216
D43: R$ / M2 | E43: =F32/10937.8 -> 173.797

Sheet 014.01-22-ORÇAMENTO
B2: GOVERNO DO DISTRITO FEDERAL
B3: SECRETARIA DE ESTADO DE INFRAESTRUTURA E SERVIÇOS PÚBLICOS
B4: COMPANHIA URBANIZADORA DA NOVA CAPITAL DO BRASIL
B5: PLANILHA ESTIMATIVA
B6: Nº ESTIMATIVA PARCIAL: | D6: 014.01/2022-SEORÇA-SDS-R02 | I6: DATA: | J6: 45478
B7: NOME ESTIMATIVA PARCIAL: | D7: ORÇ. REVITALIZAÇÃO DA PRAÇA 21 DE ABRIL - IMPLANTAÇÃO | I7: Nº PROJETO: | J7: PROJ-DE-034-20
B8: ENDEREÇO: | C8: EQNP 16/20 AE, Lotes E,F e G - CEILÂNDIA - DF | D8: ENTRE QUADRAS 707 / 708 SUL - ASA SUL - BRASILIA-DF | I8: ÁREA: | J8: 10.937,80 m²
B9: ENCARGOS TRABALHISTAS: | D9: horista=110,14% / mensalista=70,04% | E9: B.D.I. : | F9: 0.1856 | I9: TAB. REF.: | J9: SINAPI MAIO 2024
B11: ITEM | C11: CÓDIGO | D11: DESCRIÇÃO | E11: UNID. | F11: QUANT. | G11: CUSTO UNITÁRIO (R$) | H11: BDI | I11: PREÇO UNITÁRIO (R$) C/ BDI | J11: PREÇO TOTAL (R$) C/ BDI
B12: 01.00.000 | D12: SERVIÇOS TÉCNICO-PROFISSIONAIS
B13: 01.08.000 | D13: DESPESAS LEGAIS | L13: =I13*F13 -> 0
B14: 01.08.100 | D14: TAXAS | L14: =I14*F14 -> 0
B15: 01.08.100.1 | C15: CREA-DF | D15: ART DO CONTRATO | E15: UN | F15: 1 | G15: 254.59 | H15: =$F$9 -> 0.1856 | I15: =(G15*(1+H15)) -> 301.8419 | J15: =I15*F15 -> 301.8419 | L15: =I15*F15 -> 301.8419
L16: =I16*F16 -> 0
G17: SUBTOTAL (Divisão): | J17: =SUM(J15) -> 301.8419 | L17: =I17*F17 -> 0
L18: =I18*F18 -> 0
B19: 02.00.000 | D19: SERVIÇOS PRELIMINARES | L19: =I19*F19 -> 0 | M19: =L19-J19 -> 0
B20: 02.01.000 | D20: CANTEIRO DE OBRAS | L20: =I20*F20 -> 0 | M20: =L20-J20 -> 0
B21: 02.01.100 | D21: CONSTRUÇÕES PROVISÓRIAS | L21: =I21*F21 -> 0 | M21: =L21-J21 -> 0
A22: INSUMO | B22: 02.01.100.1 | C22: 10776 | D22: =IF(A22="SERVIÇO",VLOOKUP(C22,SERVIÇOS!$A$6:$D$7697,2,0),IF(A22="INSUMO",VLOOKUP(C22,INSUMOS!$A$6:$D$4845,2,0),IF(A22="COTAÇÃO",VLOOKUP(C22,'014-22-cotação'!$A$9:$I$138,2,0),IF(A22="CCU",VLOOKUP(C22,'014-22-CCU''s'!$B$10:$H$450,2,0))))) -> LOCACAO DE CONTAINER 2,30 X 6,00 M, ALT. 2,50 M, PARA ESCRITORIO, SEM DIVISORIAS INTERNAS E SEM SANITARIO (NAO INCLUI MOBILIZACAO/DESMOBILIZACAO) | E22: =IF(A22="SERVIÇO",VLOOKUP(C22,SERVIÇOS!$A$6:$D$7697,3,0),IF(A22="INSUMO",VLOOKUP(C22,INSUMOS!$A$6:$D$4845,3,0),IF(A22="COTAÇÃO",VLOOKUP(C22,'014-22-cotação'!$A$9:$I$138,4,0),IF(A22="CCU",VLOOKUP(C22,'014-22-CCU''s'!$B$10:$H$450,4,0))))) -> MES | F22: 4 | G22: =IF(A22="SERVIÇO",VLOOKUP(C22,SERVIÇOS!$A$6:$D$7697,4,0),IF(A22="INSUMO",VLOOKUP(C22,INSUMOS!$A$6:$D$4845,4,0),IF(A22="COTAÇÃO",VLOOKUP(C22,'014-22-cotação'!$A$9:$I$138,3,0),IF(A22="CCU",VLOOKUP(C22,'014-22-CCU''s'!$B$10:$H$450,7,0))))) -> 1093.75 | H22: =$F$9 -> 0.1856 | I22: =(G22*(1+H22)) -> 1296.75 | J22: =I22*F22 -> 5187 | L22: =I22*F22 -> 5187 | M22: =L22-J22 -> 0
A23: INSUMO | B23: 02.01.100.2 | C23: 10778 | D23: =IF(A23="SERVIÇO",VLOOKUP(C23,SERVIÇOS!$A$6:$D$7697,2,0),IF(A23="INSUMO",VLOOKUP(C23,INSUMOS!$A$6:$D$4845,2,0),IF(A23="COTAÇÃO",VLOOKUP(C23,'014-22-cotação'!$A$9:$I$138,2,0),IF(A23="CCU",VLOOKUP(C23,'014-22-CCU''s'!$B$10:$H$450,2,0))))) -> LOCACAO DE CONTAINER 2,30 X 6,00 M, ALT. 2,50 M, PARA SANITARIO, COM 4 BACIAS, 8 CHUVEIROS,1 LAVATORIO E 1 MICTORIO (NAO INCLUI MOBILIZACAO/DESMOBILIZACAO) | E23: =IF(A23="SERVIÇO",VLOOKUP(C23,SERVIÇOS!$A$6:$D$7697,3,0),IF(A23="INSUMO",VLOOKUP(C23,INSUMOS!$A$6:$D$4845,3,0),IF(A23="COTAÇÃO",VLOOKUP(C23,'014-22-cotação'!$A$9:$I$138,4,0),IF(A23="CCU",VLOOKUP(C23,'014-22-CCU''s'!$B$10:$H$450,4,0))))) -> MES | F23: 4 | G23: =IF(A23="SERVIÇO",VLOOKUP(C23,SERVIÇOS!$A$6:$D$7697,4,0),IF(A23="INSUMO",VLOOKUP(C23,INSUMOS!$A$6:$D$4845,4,0),IF(A23="COTAÇÃO",VLOOKUP(C23,'014-22-cotação'!$A$9:$I$138,3,0),IF(A23="CCU",VLOOKUP(C23,'014-22-CCU''s'!$B$10:$H$450,7,0))))) -> 1750 | H23: =$F$9 -> 0.1856 | I23: =(G23*(1+H23)) -> 2074.8 | J23: =I23*F23 -> 8299.2 | L23: =I23*F23 -> 8299.2 | M23: =L23-J23 -> 0
A24: CCU | B24: 02.01.100.3 | C24: CCU - 02.014 | D24: =IF(A24="SERVIÇO",VLOOKUP(C24,SERVIÇOS!$A$6:$D$7697,2,0),IF(A24="INSUMO",VLOOKUP(C24,INSUMOS!$A$6:$D$4845,2,0),IF(A24="COTAÇÃO",VLOOKUP(C24,'014-22-cotação'!$A$9:$I$138,2,0),IF(A24="CCU",VLOOKUP(C24,'014-22-CCU''s'!$B$10:$H$450,2,0))))) -> EXECUÇÃO DE DEPÓSITO EM CANTEIRO DE OBRA EM CHAPA DE MADEIRA COMPENSADA, NÃO INCLUSO MOBILIÁRIO. AF_04/2016 | E24: =IF(A24="SERVIÇO",VLOOKUP(C24,SERVIÇOS!$A$6:$D$7697,3,0),IF(A24="INSUMO",VLOOKUP(C24,INSUMOS!$A$6:$D$4845,3,0),IF(A24="COTAÇÃO",VLOOKUP(C24,'014-22-cotação'!$A$9:$I$138,4,0),IF(A24="CCU",VLOOKUP(C24,'014-22-CCU''s'!$B$10:$H$450,4,0))))) -> M2 | F24: 4 | G24: =IF(A24="SERVIÇO",VLOOKUP(C24,SERVIÇOS!$A$6:$D$7697,4,0),IF(A24="INSUMO",VLOOKUP(C24,INSUMOS!$A$6:$D$4845,4,0),IF(A24="COTAÇÃO",VLOOKUP(C24,'014-22-cotação'!$A$9:$I$138,3,0),IF(A24="CCU",VLOOKUP(C24,'014-22-CCU''s'!$B$10:$H$450,7,0))))) -> 735.49 | H24: =$F$9 -> 0.1856 | I24: =(G24*(1+H24)) -> 871.99694 | J24: =I24*F24 -> 3487.9878 | L24: =I24*F24 -> 3487.9878 | M24: =L24-J24 -> 0
A25: CCU | B25: 02.01.100.4 | C25: CCU - 02.015 | D25: =IF(A25="SERVIÇO",VLOOKUP(C25,SERVIÇOS!$A$6:$D$7697,2,0),IF(A25="INSUMO",VLOOKUP(C25,INSUMOS!$A$6:$D$4845,2,0),IF(A25="COTAÇÃO",VLOOKUP(C25,'014-22-cotação'!$A$9:$I$138,2,0),IF(A25="CCU",VLOOKUP(C25,'014-22-CCU''s'!$B$10:$H$450,2,0))))) -> EXECUÇÃO DE REFEITÓRIO EM CANTEIRO DE OBRA EM CHAPA DE MADEIRA COMPENSADA, NÃO INCLUSO MOBILIÁRIO E EQUIPAMENTOS. AF_02/2016 | E25: =IF(A25="SERVIÇO",VLOOKUP(C25,SERVIÇOS!$A$6:$D$7697,3,0),IF(A25="INSUMO",VLOOKUP(C25,INSUMOS!$A$6:$D$4845,3,0),IF(A25="COTAÇÃO",VLOOKUP(C25,'014-22-cotação'!$A$9:$I$138,4,0),IF(A25="CCU",VLOOKUP(C25,'014-22-CCU''s'!$B$10:$H$450,4,0))))) -> M2 | F25: 32 | G25: =IF(A25="SERVIÇO",VLOOKUP(C25,SERVIÇOS!$A$6:$D$7697,4,0),IF(A25="INSUMO",VLOOKUP(C25,INSUMOS!$A$6:$D$4845,4,0),IF(A25="COTAÇÃO",VLOOKUP(C25,'014-22-cotação'!$A$9:$I$138,3,0),IF(A25="CCU",VLOOKUP(C25,'014-22-CCU''s'!$B$10:$H$450,7,0))))) -> 577.2 | H25: =$F$9 -> 0.1856 | I25: =(G25*(1+H25)) -> 684.32832 | J25: =I25*F25 -> 21898.506 | L25: =I25*F25 -> 21898.506 | M25: =L25-J25 -> 0
A26: CCU | B26: 02.01.100.5 | C26: CCU - 02.001 | D26: =IF(A26="SERVIÇO",VLOOKUP(C26,SERVIÇOS!$A$6:$D$7697,2,0),IF(A26="INSUMO",VLOOKUP(C26,INSUMOS!$A$6:$D$4845,2,0),IF(A26="COTAÇÃO",VLOOKUP(C26,'014-22-cotação'!$A$9:$I$138,2,0),IF(A26="CCU",VLOOKUP(C26,'014-22-CCU''s'!$B$10:$H$450,2,0))))) -> LOCACAO DE CONTAINER 2,30 X 6,00 M, ALT. 2,50 M, PARA DEPÓSITO, SEM DIVISORIAS INTERNAS E SEM SANITARIO | E26: =IF(A26="SERVIÇO",VLOOKUP(C26,SERVIÇOS!$A$6:$D$7697,3,0),IF(A26="INSUMO",VLOOKUP(C26,INSUMOS!$A$6:$D$4845,3,0),IF(A26="COTAÇÃO",VLOOKUP(C26,'014-22-cotação'!$A$9:$I$138,4,0),IF(A26="CCU",VLOOKUP(C26,'014-22-CCU''s'!$B$10:$H$450,4,0))))) -> UN | F26: 4 | G26: =IF(A26="SERVIÇO",VLOOKUP(C26,SERVIÇOS!$A$6:$D$7697,4,0),IF(A26="INSUMO",VLOOKUP(C26,INSUMOS!$A$6:$D$4845,4,0),IF(A26="COTAÇÃO",VLOOKUP(C26,'014-22-cotação'!$A$9:$I$138,3,0),IF(A26="CCU",VLOOKUP(C26,'014-22-CCU''s'!$B$10:$H$450,7,0))))) -> 1093.75 | H26: =$F$9 -> 0.1856 | I26: =(G26*(1+H26)) -> 1296.75 | J26: =I26*F26 -> 5187 | L26: =I26*F26 -> 5187 | M26: =L26-J26 -> 0
A27: CCU | B27: 02.01.100.6 | C27: CCU - 02.002 | D27: =IF(A27="SERVIÇO",VLOOKUP(C27,SERVIÇOS!$A$6:$D$7697,2,0),IF(A27="INSUMO",VLOOKUP(C27,INSUMOS!$A$6:$D$4845,2,0),IF(A27="COTAÇÃO",VLOOKUP(C27,'014-22-cotação'!$A$9:$I$138,2,0),IF(A27="CCU",VLOOKUP(C27,'014-22-CCU''s'!$B$10:$H$450,2,0))))) -> BAIAS EM TÁBUAS DE MADEIRA, COM 03 MÓDULOS 4,00 X 4,00M CADA, DESTINADAS AO ARMAZENAMENTO DE AGREGADOS | E27: =IF(A27="SERVIÇO",VLOOKUP(C27,SERVIÇOS!$A$6:$D$7697,3,0),IF(A27="INSUMO",VLOOKUP(C27,INSUMOS!$A$6:$D$4845,3,0),IF(A27="COTAÇÃO",VLOOKUP(C27,'014-22-cotação'!$A$9:$I$138,4,0),IF(A27="CCU",VLOOKUP(C27,'014-22-CCU''s'!$B$10:$H$450,4,0))))) -> UN | F27: 1 | G27: =IF(A27="SERVIÇO",VLOOKUP(C27,SERVIÇOS!$A$6:$D$7697,4,0),IF(A27="INSUMO",VLOOKUP(C27,INSUMOS!$A$6:$D$4845,4,0),IF(A27="COTAÇÃO",VLOOKUP(C27,'014-22-cotação'!$A$9:$I$138,3,0),IF(A27="CCU",VLOOKUP(C27,'014-22-CCU''s'!$B$10:$H$450,7,0))))) -> 369.61 | H27: =$F$9 -> 0.1856 | I27: =(G27*(1+H27)) -> 438.20962 | J27: =I27*F27 -> 438.20962 | L27: =I27*F27 -> 438.20962 | M27: =L27-J27 -> 0
L28: =I28*F28 -> 0 | M28: =L28-J28 -> 0
B29: 02.01.200 | D29: LIGAÇÕES PROVISÓRIAS | L29: =I29*F29 -> 0 | M29: =L29-J29 -> 0
A30: CCU | B30: 02.01.200.1 | C30: CCU - 02.003 | D30: =IF(A30="SERVIÇO",VLOOKUP(C30,SERVIÇOS!$A$6:$D$7697,2,0),IF(A30="INSUMO",VLOOKUP(C30,INSUMOS!$A$6:$D$4845,2,0),IF(A30="COTAÇÃO",VLOOKUP(C30,'014-22-cotação'!$A$9:$I$138,2,0),IF(A30="CCU",VLOOKUP(C30,'014-22-CCU''s'!$B$10:$H$450,2,0))))) -> FORNECIMENTO DE ENERGIA ELETRICA ATRAVÉS DE GERADOR A GASOLINA 13CV | E30: =IF(A30="SERVIÇO",VLOOKUP(C30,SERVIÇOS!$A$6:$D$7697,3,0),IF(A30="INSUMO",VLOOKUP(C30,INSUMOS!$A$6:$D$4845,3,0),IF(A30="COTAÇÃO",VLOOKUP(C30,'014-22-cotação'!$A$9:$I$138,4,0),IF(A30="CCU",VLOOKUP(C30,'014-22-CCU''s'!$B$10:$H$450,4,0))))) -> MÊS | F30: 4 | G30: =IF(A30="SERVIÇO",VLOOKUP(C30,SERVIÇOS!$A$6:$D$7697,4,0),IF(A30="INSUMO",VLOOKUP(C30,INSUMOS!$A$6:$D$4845,4,0),IF(A30="COTAÇÃO",VLOOKUP(C30,'014-22-cotação'!$A$9:$I$138,3,0),IF(A30="CCU",VLOOKUP(C30,'014-22-CCU''s'!$B$10:$H$450,7,0))))) -> 8285.44 | H30: =$F$9 -> 0.1856 | I30: =(G30*(1+H30)) -> 9823.2177 | J30: =I30*F30 -> 39292.871 | L30: =I30*F30 -> 39292.871 | M30: =L30-J30 -> 0
A31: CCU | B31: 02.01.200.2 | C31: CCU - 02.004 | D31: =IF(A31="SERVIÇO",VLOOKUP(C31,SERVIÇOS!$A$6:$D$7697,2,0),IF(A31="INSUMO",VLOOKUP(C31,INSUMOS!$A$6:$D$4845,2,0),IF(A31="COTAÇÃO",VLOOKUP(C31,'014-22-cotação'!$A$9:$I$138,2,0),IF(A31="CCU",VLOOKUP(C31,'014-22-CCU''s'!$B$10:$H$450,2,0))))) -> FORNECIMENTO DE ÁGUA ATRAVÉS DE CAMINHÃO PIPA 10M3 | E31: =IF(A31="SERVIÇO",VLOOKUP(C31,SERVIÇOS!$A$6:$D$7697,3,0),IF(A31="INSUMO",VLOOKUP(C31,INSUMOS!$A$6:$D$4845,3,0),IF(A31="COTAÇÃO",VLOOKUP(C31,'014-22-cotação'!$A$9:$I$138,4,0),IF(A31="CCU",VLOOKUP(C31,'014-22-CCU''s'!$B$10:$H$450,4,0))))) -> M3 | F31: =111.32*4 -> 445.28 | G31: =IF(A31="SERVIÇO",VLOOKUP(C31,SERVIÇOS!$A$6:$D$7697,4,0),IF(A31="INSUMO",VLOOKUP(C31,INSUMOS!$A$6:$D$4845,4,0),IF(A31="COTAÇÃO",VLOOKUP(C31,'014-22-cotação'!$A$9:$I$138,3,0),IF(A31="CCU",VLOOKUP(C31,'014-22-CCU''s'!$B$10:$H$450,7,0))))) -> 22.9 | H31: =$F$9 -> 0.1856 | I31: =(G31*(1+H31)) -> 27.15024 | J31: =I31*F31 -> 12089.459 | L31: =I31*F31 -> 12089.459 | M31: =L31-J31 -> 0
A32: CCU | B32: 02.01.200.3 | C32: CCU - 02.016 | D32: =IF(A32="SERVIÇO",VLOOKUP(C32,SERVIÇOS!$A$6:$D$7697,2,0),IF(A32="INSUMO",VLOOKUP(C32,INSUMOS!$A$6:$D$4845,2,0),IF(A32="COTAÇÃO",VLOOKUP(C32,'014-22-cotação'!$A$9:$I$138,2,0),IF(A32="CCU",VLOOKUP(C32,'014-22-CCU''s'!$B$10:$H$450,2,0))))) -> EXECUÇÃO DE RESERVATÓRIO ELEVADO DE ÁGUA (1000 LITROS) EM CANTEIRO DE OBRA, APOIADO EM ESTRUTURA DE MADEIRA. AF_02/2016_PA | E32: =IF(A32="SERVIÇO",VLOOKUP(C32,SERVIÇOS!$A$6:$D$7697,3,0),IF(A32="INSUMO",VLOOKUP(C32,INSUMOS!$A$6:$D$4845,3,0),IF(A32="COTAÇÃO",VLOOKUP(C32,'014-22-cotação'!$A$9:$I$138,4,0),IF(A32="CCU",VLOOKUP(C32,'014-22-CCU''s'!$B$10:$H$450,4,0))))) -> UN | F32: 3 | G32: =IF(A32="SERVIÇO",VLOOKUP(C32,SERVIÇOS!$A$6:$D$7697,4,0),IF(A32="INSUMO",VLOOKUP(C32,INSUMOS!$A$6:$D$4845,4,0),IF(A32="COTAÇÃO",VLOOKUP(C32,'014-22-cotação'!$A$9:$I$138,3,0),IF(A32="CCU",VLOOKUP(C32,'014-22-CCU''s'!$B$10:$H$450,7,0))))) -> 6435.22 | H32: =$F$9 -> 0.1856 | I32: =(G32*(1+H32)) -> 7629.5968 | J32: =I32*F32 -> 22888.79 | L32: =I32*F32 -> 22888.79 | M32: =L32-J32 -> 0
L33: =I33*F33 -> 0 | M33: =L33-J33 -> 0
B34: 02.01.400 | D34: PROTEÇÃO E SINALIZAÇÃO | L34: =I34*F34 -> 0 | M34: =L34-J34 -> 0
A35: CCU | B35: 02.01.400.1 | C35: CCU - 02.007 | D35: =IF(A35="SERVIÇO",VLOOKUP(C35,SERVIÇOS!$A$6:$D$7697,2,0),IF(A35="INSUMO",VLOOKUP(C35,INSUMOS!$A$6:$D$4845,2,0),IF(A35="COTAÇÃO",VLOOKUP(C35,'014-22-cotação'!$A$9:$I$138,2,0),IF(A35="CCU",VLOOKUP(C35,'014-22-CCU''s'!$B$10:$H$450,2,0))))) -> PLACA DE OBRA EM CHAPA DE ACO GALVANIZADO ADESIVADA - FORNECIMENTO E INSTALAÇÃO | E35: =IF(A35="SERVIÇO",VLOOKUP(C35,SERVIÇOS!$A$6:$D$7697,3,0),IF(A35="INSUMO",VLOOKUP(C35,INSUMOS!$A$6:$D$4845,3,0),IF(A35="COTAÇÃO",VLOOKUP(C35,'014-22-cotação'!$A$9:$I$138,4,0),IF(A35="CCU",VLOOKUP(C35,'014-22-CCU''s'!$B$10:$H$450,4,0))))) -> M2 | F35: 14.4 | G35: =IF(A35="SERVIÇO",VLOOKUP(C35,SERVIÇOS!$A$6:$D$7697,4,0),IF(A35="INSUMO",VLOOKUP(C35,INSUMOS!$A$6:$D$4845,4,0),IF(A35="COTAÇÃO",VLOOKUP(C35,'014-22-cotação'!$A$9:$I$138,3,0),IF(A35="CCU",VLOOKUP(C35,'014-22-CCU''s'!$B$10:$H$450,7,0))))) -> 368.59 | H35: =$F$9 -> 0.1856 | I35: =(G35*(1+H35)) -> 437.0003 | J35: =I35*F35 -> 6292.8044 | L35: =I35*F35 -> 6292.8044 | M35: =L35-J35 -> 0
A36: SERVIÇO | B36: 02.01.400.2 | C36: 98459 | D36: =IF(A36="SERVIÇO",VLOOKUP(C36,SERVIÇOS!$A$6:$D$7697,2,0),IF(A36="INSUMO",VLOOKUP(C36,INSUMOS!$A$6:$D$4845,2,0),IF(A36="COTAÇÃO",VLOOKUP(C36,'014-22-cotação'!$A$9:$I$138,2,0),IF(A36="CCU",VLOOKUP(C36,'014-22-CCU''s'!$B$10:$H$450,2,0))))) -> TAPUME COM TELHA METÁLICA. AF_03/2024 | E36: =IF(A36="SERVIÇO",VLOOKUP(C36,SERVIÇOS!$A$6:$D$7697,3,0),IF(A36="INSUMO",VLOOKUP(C36,INSUMOS!$A$6:$D$4845,3,0),IF(A36="COTAÇÃO",VLOOKUP(C36,'014-22-cotação'!$A$9:$I$138,4,0),IF(A36="CCU",VLOOKUP(C36,'014-22-CCU''s'!$B$10:$H$450,4,0))))) -> M2 | F36: =1092.32+8.8 -> 1101.12 | G36: =IF(A36="SERVIÇO",VLOOKUP(C36,SERVIÇOS!$A$6:$D$7697,4,0),IF(A36="INSUMO",VLOOKUP(C36,INSUMOS!$A$6:$D$4845,4,0),IF(A36="COTAÇÃO",VLOOKUP(C36,'014-22-cotação'!$A$9:$I$138,3,0),IF(A36="CCU",VLOOKUP(C36,'014-22-CCU''s'!$B$10:$H$450,7,0))))) -> 86.12 | H36: =$F$9 -> 0.1856 | I36: =(G36*(1+H36)) -> 102.10387 | J36: =I36*F36 -> 112428.62 | L36: =I36*F36 -> 112428.62 | M36: =L36-J36 -> 0
L37: =I37*F37 -> 0 | M37: =L37-J37 -> 0
B38: 02.02.000 | D38: DEMOLIÇÃO | L38: =I38*F38 -> 0 | M38: =L38-J38 -> 0
B39: 02.02.100 | D39: DEMOLIÇÃO MECÂNIZADA/CONVENCIONAL | L39: =I39*F39 -> 0
B40: 02.02.110 | D40: FUNDAÇÕES E ESTRUTURAS DE CONCRETO | L40: =I40*F40 -> 0
A41: SERVIÇO | B41: 02.02.110.1 | C41: 97627 | D41: =IF(A41="SERVIÇO",VLOOKUP(C41,SERVIÇOS!$A$6:$D$7697,2,0),IF(A41="INSUMO",VLOOKUP(C41,INSUMOS!$A$6:$D$4845,2,0),IF(A41="COTAÇÃO",VLOOKUP(C41,'014-22-cotação'!$A$9:$I$138,2,0),IF(A41="CCU",VLOOKUP(C41,'014-22-CCU''s'!$B$10:$H$450,2,0))))) -> DEMOLIÇÃO DE PILARES E VIGAS EM CONCRETO ARMADO, DE FORMA MECANIZADA COM MARTELETE, SEM REAPROVEITAMENTO. AF_09/2023 | E41: =IF(A41="SERVIÇO",VLOOKUP(C41,SERVIÇOS!$A$6:$D$7697,3,0),IF(A41="INSUMO",VLOOKUP(C41,INSUMOS!$A$6:$D$4845,3,0),IF(A41="COTAÇÃO",VLOOKUP(C41,'014-22-cotação'!$A$9:$I$138,4,0),IF(A41="CCU",VLOOKUP(C41,'014-22-CCU''s'!$B$10:$H$450,4,0))))) -> M3 | F41: 3.46 | G41: =IF(A41="SERVIÇO",VLOOKUP(C41,SERVIÇOS!$A$6:$D$7697,4,0),IF(A41="INSUMO",VLOOKUP(C41,INSUMOS!$A$6:$D$4845,4,0),IF(A41="COTAÇÃO",VLOOKUP(C41,'014-22-cotação'!$A$9:$I$138,3,0),IF(A41="CCU",VLOOKUP(C41,'014-22-CCU''s'!$B$10:$H$450,7,0))))) -> 195.64 | H41: =$F$9 -> 0.1856 | I41: =(G41*(1+H41)) -> 231.95078 | J41: =I41*F41 -> 802.54971 | L41: =I41*F41 -> 802.54971
A42: SERVIÇO | B42: 02.02.110.2 | C42: 97629 | D42: =IF(A42="SERVIÇO",VLOOKUP(C42,SERVIÇOS!$A$6:$D$7697,2,0),IF(A42="INSUMO",VLOOKUP(C42,INSUMOS!$A$6:$D$4845,2,0),IF(A42="COTAÇÃO",VLOOKUP(C42,'014-22-cotação'!$A$9:$I$138,2,0),IF(A42="CCU",VLOOKUP(C42,'014-22-CCU''s'!$B$10:$H$450,2,0))))) -> DEMOLIÇÃO DE LAJES, EM CONCRETO ARMADO, DE FORMA MECANIZADA COM MARTELETE, SEM REAPROVEITAMENTO. AF_09/2023 | E42: =IF(A42="SERVIÇO",VLOOKUP(C42,SERVIÇOS!$A$6:$D$7697,3,0),IF(A42="INSUMO",VLOOKUP(C42,INSUMOS!$A$6:$D$4845,3,0),IF(A42="COTAÇÃO",VLOOKUP(C42,'014-22-cotação'!$A$9:$I$138,4,0),IF(A42="CCU",VLOOKUP(C42,'014-22-CCU''s'!$B$10:$H$450,4,0))))) -> M3 | F42: 6.96 | G42: =IF(A42="SERVIÇO",VLOOKUP(C42,SERVIÇOS!$A$6:$D$7697,4,0),IF(A42="INSUMO",VLOOKUP(C42,INSUMOS!$A$6:$D$4845,4,0),IF(A42="COTAÇÃO",VLOOKUP(C42,'014-22-cotação'!$A$9:$I$138,3,0),IF(A42="CCU",VLOOKUP(C42,'014-22-CCU''s'!$B$10:$H$450,7,0))))) -> 91.11 | H42: =$F$9 -> 0.1856 | I42: =(G42*(1+H42)) -> 108.02002 | J42: =I42*F42 -> 751.81931 | L42: =I42*F42 -> 751.81931
L43: =I43*F43 -> 0
B44: 02.02.140 | D44: VEDAÇÕES | L44: =I44*F44 -> 0
A45: SERVIÇO | B45: 02.02.140.1 | C45: 97622 | D45: =IF(A45="SERVIÇO",VLOOKUP(C45,SERVIÇOS!$A$6:$D$7697,2,0),IF(A45="INSUMO",VLOOKUP(C45,INSUMOS!$A$6:$D$4845,2,0),IF(A45="COTAÇÃO",VLOOKUP(C45,'014-22-cotação'!$A$9:$I$138,2,0),IF(A45="CCU",VLOOKUP(C45,'014-22-CCU''s'!$B$10:$H$450,2,0))))) -> DEMOLIÇÃO DE ALVENARIA DE BLOCO FURADO, DE FORMA MANUAL, SEM REAPROVEITAMENTO. AF_09/2023 | E45: =IF(A45="SERVIÇO",VLOOKUP(C45,SERVIÇOS!$A$6:$D$7697,3,0),IF(A45="INSUMO",VLOOKUP(C45,INSUMOS!$A$6:$D$4845,3,0),IF(A45="COTAÇÃO",VLOOKUP(C45,'014-22-cotação'!$A$9:$I$138,4,0),IF(A45="CCU",VLOOKUP(C45,'014-22-CCU''s'!$B$10:$H$450,4,0))))) -> M3 | F45: 1.69 | G45: =IF(A45="SERVIÇO",VLOOKUP(C45,SERVIÇOS!$A$6:$D$7697,4,0),IF(A45="INSUMO",VLOOKUP(C45,INSUMOS!$A$6:$D$4845,4,0),IF(A45="COTAÇÃO",VLOOKUP(C45,'014-22-cotação'!$A$9:$I$138,3,0),IF(A45="CCU",VLOOKUP(C45,'014-22-CCU''s'!$B$10:$H$450,7,0))))) -> 62.38 | H45: =$F$9 -> 0.1856 | I45: =(G45*(1+H45)) -> 73.957728 | J45: =I45*F45 -> 124.98856 | L45: =I45*F45 -> 124.98856
L46: =I46*F46 -> 0
B47: 02.02.150 | D47: PISOS | L47: =I47*F47 -> 0
A48: CCU | B48: 02.02.150.1 | C48: CCU - 02.009 | D48: =IF(A48="SERVIÇO",VLOOKUP(C48,SERVIÇOS!$A$6:$D$7697,2,0),IF(A48="INSUMO",VLOOKUP(C48,INSUMOS!$A$6:$D$4845,2,0),IF(A48="COTAÇÃO",VLOOKUP(C48,'014-22-cotação'!$A$9:$I$138,2,0),IF(A48="CCU",VLOOKUP(C48,'014-22-CCU''s'!$B$10:$H$450,2,0))))) -> DEMOLIÇÃO DE PISOS/CALÇADAS, DE FORMA MECANIZADA COM MARTELETE, SEM REAPROVEITAMENTO | E48: =IF(A48="SERVIÇO",VLOOKUP(C48,SERVIÇOS!$A$6:$D$7697,3,0),IF(A48="INSUMO",VLOOKUP(C48,INSUMOS!$A$6:$D$4845,3,0),IF(A48="COTAÇÃO",VLOOKUP(C48,'014-22-cotação'!$A$9:$I$138,4,0),IF(A48="CCU",VLOOKUP(C48,'014-22-CCU''s'!$B$10:$H$450,4,0))))) -> M3 | F48: 490.24 | G48: =IF(A48="SERVIÇO",VLOOKUP(C48,SERVIÇOS!$A$6:$D$7697,4,0),IF(A48="INSUMO",VLOOKUP(C48,INSUMOS!$A$6:$D$4845,4,0),IF(A48="COTAÇÃO",VLOOKUP(C48,'014-22-cotação'!$A$9:$I$138,3,0),IF(A48="CCU",VLOOKUP(C48,'014-22-CCU''s'!$B$10:$H$450,7,0))))) -> 141.74 | H48: =$F$9 -> 0.1856 | I48: =(G48*(1+H48)) -> 168.04694 | J48: =I48*F48 -> 82383.334 | L48: =I48*F48 -> 82383.334
L49: =I49*F49 -> 0
B50: 02.02.185 | D50: EQUIPAMENTOS E MOBILIÁRIOS | L50: =I50*F50 -> 0
A51: CCU | B51: 02.02.185.1 | C51: CCU - 02.010 | D51: =IF(A51="SERVIÇO",VLOOKUP(C51,SERVIÇOS!$A$6:$D$7697,2,0),IF(A51="INSUMO",VLOOKUP(C51,INSUMOS!$A$6:$D$4845,2,0),IF(A51="COTAÇÃO",VLOOKUP(C51,'014-22-cotação'!$A$9:$I$138,2,0),IF(A51="CCU",VLOOKUP(C51,'014-22-CCU''s'!$B$10:$H$450,2,0))))) -> DEMOLIÇÃO DE BANCOS E CONCRETO, DE FORMA MECANIZADA COM MARTELETE, SEM REAPROVEITAMENTO | E51: =IF(A51="SERVIÇO",VLOOKUP(C51,SERVIÇOS!$A$6:$D$7697,3,0),IF(A51="INSUMO",VLOOKUP(C51,INSUMOS!$A$6:$D$4845,3,0),IF(A51="COTAÇÃO",VLOOKUP(C51,'014-22-cotação'!$A$9:$I$138,4,0),IF(A51="CCU",VLOOKUP(C51,'014-22-CCU''s'!$B$10:$H$450,4,0))))) -> M3 | F51: 5.52 | G51: =IF(A51="SERVIÇO",VLOOKUP(C51,SERVIÇOS!$A$6:$D$7697,4,0),IF(A51="INSUMO",VLOOKUP(C51,INSUMOS!$A$6:$D$4845,4,0),IF(A51="COTAÇÃO",VLOOKUP(C51,'014-22-cotação'!$A$9:$I$138,3,0),IF(A51="CCU",VLOOKUP(C51,'014-22-CCU''s'!$B$10:$H$450,7,0))))) -> 141.74 | H51: =$F$9 -> 0.1856 | I51: =(G51*(1+H51)) -> 168.04694 | J51: =I51*F51 -> 927.61913 | L51: =I51*F51 -> 927.61913
A52: CCU | B52: 02.02.185.2 | C52: CCU - 02.011 | D52: =IF(A52="SERVIÇO",VLOOKUP(C52,SERVIÇOS!$A$6:$D$7697,2,0),IF(A52="INSUMO",VLOOKUP(C52,INSUMOS!$A$6:$D$4845,2,0),IF(A52="COTAÇÃO",VLOOKUP(C52,'014-22-cotação'!$A$9:$I$138,2,0),IF(A52="CCU",VLOOKUP(C52,'014-22-CCU''s'!$B$10:$H$450,2,0))))) -> REMOÇÃO DE LIXEIRAS | E52: =IF(A52="SERVIÇO",VLOOKUP(C52,SERVIÇOS!$A$6:$D$7697,3,0),IF(A52="INSUMO",VLOOKUP(C52,INSUMOS!$A$6:$D$4845,3,0),IF(A52="COTAÇÃO",VLOOKUP(C52,'014-22-cotação'!$A$9:$I$138,4,0),IF(A52="CCU",VLOOKUP(C52,'014-22-CCU''s'!$B$10:$H$450,4,0))))) -> UN | F52: 10 | G52: =IF(A52="SERVIÇO",VLOOKUP(C52,SERVIÇOS!$A$6:$D$7697,4,0),IF(A52="INSUMO",VLOOKUP(C52,INSUMOS!$A$6:$D$4845,4,0),IF(A52="COTAÇÃO",VLOOKUP(C52,'014-22-cotação'!$A$9:$I$138,3,0),IF(A52="CCU",VLOOKUP(C52,'014-22-CCU''s'!$B$10:$H$450,7,0))))) -> 23.4 | H52: =$F$9 -> 0.1856 | I52: =(G52*(1+H52)) -> 27.74304 | J52: =I52*F52 -> 277.4304 | L52: =I52*F52 -> 277.4304
A53: CCU | B53: 02.02.185.3 | C53: CCU - 02.012 | D53: =IF(A53="SERVIÇO",VLOOKUP(C53,SERVIÇOS!$A$6:$D$7697,2,0),IF(A53="INSUMO",VLOOKUP(C53,INSUMOS!$A$6:$D$4845,2,0),IF(A53="COTAÇÃO",VLOOKUP(C53,'014-22-cotação'!$A$9:$I$138,2,0),IF(A53="CCU",VLOOKUP(C53,'014-22-CCU''s'!$B$10:$H$450,2,0))))) -> REMOÇÃO DE TUBO GALVANIZADO, BITOLAS DIVERSAS | E53: =IF(A53="SERVIÇO",VLOOKUP(C53,SERVIÇOS!$A$6:$D$7697,3,0),IF(A53="INSUMO",VLOOKUP(C53,INSUMOS!$A$6:$D$4845,3,0),IF(A53="COTAÇÃO",VLOOKUP(C53,'014-22-cotação'!$A$9:$I$138,4,0),IF(A53="CCU",VLOOKUP(C53,'014-22-CCU''s'!$B$10:$H$450,4,0))))) -> M | F53: 60 | G53: =IF(A53="SERVIÇO",VLOOKUP(C53,SERVIÇOS!$A$6:$D$7697,4,0),IF(A53="INSUMO",VLOOKUP(C53,INSUMOS!$A$6:$D$4845,4,0),IF(A53="COTAÇÃO",VLOOKUP(C53,'014-22-cotação'!$A$9:$I$138,3,0),IF(A53="CCU",VLOOKUP(C53,'014-22-CCU''s'!$B$10:$H$450,7,0))))) -> 8.47 | H53: =$F$9 -> 0.1856 | I53: =(G53*(1+H53)) -> 10.042032 | J53: =I53*F53 -> 602.52192 | L53: =I53*F53 -> 602.52192
L54: =I54*F54 -> 0
B55: 02.02.190 | D55: VEGETAÇÃO | L55: =I55*F55 -> 0
A56: SERVIÇO | B56: 02.02.190.1 | C56: 98526 | D56: =IF(A56="SERVIÇO",VLOOKUP(C56,SERVIÇOS!$A$6:$D$7697,2,0),IF(A56="INSUMO",VLOOKUP(C56,INSUMOS!$A$6:$D$4845,2,0),IF(A56="COTAÇÃO",VLOOKUP(C56,'014-22-cotação'!$A$9:$I$138,2,0),IF(A56="CCU",VLOOKUP(C56,'014-22-CCU''s'!$B$10:$H$450,2,0))))) -> REMOÇÃO DE RAÍZES REMANESCENTES DE TRONCO DE ÁRVORE COM DIÂMETRO MAIOR OU IGUAL A 0,20 M E MENOR QUE 0,40 M. AF_03/2024 | E56: =IF(A56="SERVIÇO",VLOOKUP(C56,SERVIÇOS!$A$6:$D$7697,3,0),IF(A56="INSUMO",VLOOKUP(C56,INSUMOS!$A$6:$D$4845,3,0),IF(A56="COTAÇÃO",VLOOKUP(C56,'014-22-cotação'!$A$9:$I$138,4,0),IF(A56="CCU",VLOOKUP(C56,'014-22-CCU''s'!$B$10:$H$450,4,0))))) -> UN | F56: 4 | G56: =IF(A56="SERVIÇO",VLOOKUP(C56,SERVIÇOS!$A$6:$D$7697,4,0),IF(A56="INSUMO",VLOOKUP(C56,INSUMOS!$A$6:$D$4845,4,0),IF(A56="COTAÇÃO",VLOOKUP(C56,'014-22-cotação'!$A$9:$I$138,3,0),IF(A56="CCU",VLOOKUP(C56,'014-22-CCU''s'!$B$10:$H$450,7,0))))) -> 131.14 | H56: =$F$9 -> 0.1856 | I56: =(G56*(1+H56)) -> 155.47958 | J56: =I56*F56 -> 621.91834 | L56: =I56*F56 -> 621.91834
A57: SERVIÇO | B57: 02.02.190.2 | C57: 98527 | D57: =IF(A57="SERVIÇO",VLOOKUP(C57,SERVIÇOS!$A$6:$D$7697,2,0),IF(A57="INSUMO",VLOOKUP(C57,INSUMOS!$A$6:$D$4845,2,0),IF(A57="COTAÇÃO",VLOOKUP(C57,'014-22-cotação'!$A$9:$I$138,2,0),IF(A57="CCU",VLOOKUP(C57,'014-22-CCU''s'!$B$10:$H$450,2,0))))) -> REMOÇÃO DE RAÍZES REMANESCENTES DE TRONCO DE ÁRVORE COM DIÂMETRO MAIOR OU IGUAL A 0,40 M E MENOR QUE 0,60 M. AF_03/2024 | E57: =IF(A57="SERVIÇO",VLOOKUP(C57,SERVIÇOS!$A$6:$D$7697,3,0),IF(A57="INSUMO",VLOOKUP(C57,INSUMOS!$A$6:$D$4845,3,0),IF(A57="COTAÇÃO",VLOOKUP(C57,'014-22-cotação'!$A$9:$I$138,4,0),IF(A57="CCU",VLOOKUP(C57,'014-22-CCU''s'!$B$10:$H$450,4,0))))) -> UN | F57: 4 | G57: =IF(A57="SERVIÇO",VLOOKUP(C57,SERVIÇOS!$A$6:$D$7697,4,0),IF(A57="INSUMO",VLOOKUP(C57,INSUMOS!$A$6:$D$4845,4,0),IF(A57="COTAÇÃO",VLOOKUP(C57,'014-22-cotação'!$A$9:$I$138,3,0),IF(A57="CCU",VLOOKUP(C57,'014-22-CCU''s'!$B$10:$H$450,7,0))))) -> 217.64 | H57: =$F$9 -> 0.1856 | I57: =(G57*(1+H57)) -> 258.03398 | J57: =I57*F57 -> 1032.1359 | L57: =I57*F57 -> 1032.1359
A58: SERVIÇO | B58: 02.02.190.3 | C58: 98528 | D58: =IF(A58="SERVIÇO",VLOOKUP(C58,SERVIÇOS!$A$6:$D$7697,2,0),IF(A58="INSUMO",VLOOKUP(C58,INSUMOS!$A$6:$D$4845,2,0),IF(A58="COTAÇÃO",VLOOKUP(C58,'014-22-cotação'!$A$9:$I$138,2,0),IF(A58="CCU",VLOOKUP(C58,'014-22-CCU''s'!$B$10:$H$450,2,0))))) -> REMOÇÃO DE RAÍZES REMANESCENTES DE TRONCO DE ÁRVORE COM DIÂMETRO MAIOR OU IGUAL A 0,60 M. AF_03/2024 | E58: =IF(A58="SERVIÇO",VLOOKUP(C58,SERVIÇOS!$A$6:$D$7697,3,0),IF(A58="INSUMO",VLOOKUP(C58,INSUMOS!$A$6:$D$4845,3,0),IF(A58="COTAÇÃO",VLOOKUP(C58,'014-22-cotação'!$A$9:$I$138,4,0),IF(A58="CCU",VLOOKUP(C58,'014-22-CCU''s'!$B$10:$H$450,4,0))))) -> UN | F58: 8 | G58: =IF(A58="SERVIÇO",VLOOKUP(C58,SERVIÇOS!$A$6:$D$7697,4,0),IF(A58="INSUMO",VLOOKUP(C58,INSUMOS!$A$6:$D$4845,4,0),IF(A58="COTAÇÃO",VLOOKUP(C58,'014-22-cotação'!$A$9:$I$138,3,0),IF(A58="CCU",VLOOKUP(C58,'014-22-CCU''s'!$B$10:$H$450,7,0))))) -> 286.85 | H58: =$F$9 -> 0.1856 | I58: =(G58*(1+H58)) -> 340.08936 | J58: =I58*F58 -> 2720.7149 | L58: =I58*F58 -> 2720.7149
L59: =I59*F59 -> 0
B60: 02.02.195 | D60: CANTEIRO DE OBRAS | L60: =I60*F60 -> 0 | M60: =L60-J60 -> 0
A61: SERVIÇO | B61: 02.02.195.1 | C61: 97637 | D61: =IF(A61="SERVIÇO",VLOOKUP(C61,SERVIÇOS!$A$6:$D$7697,2,0),IF(A61="INSUMO",VLOOKUP(C61,INSUMOS!$A$6:$D$4845,2,0),IF(A61="COTAÇÃO",VLOOKUP(C61,'014-22-cotação'!$A$9:$I$138,2,0),IF(A61="CCU",VLOOKUP(C61,'014-22-CCU''s'!$B$10:$H$450,2,0))))) -> REMOÇÃO DE TAPUME/ CHAPAS METÁLICAS E DE MADEIRA, DE FORMA MANUAL, SEM REAPROVEITAMENTO. AF_09/2023 | E61: =IF(A61="SERVIÇO",VLOOKUP(C61,SERVIÇOS!$A$6:$D$7697,3,0),IF(A61="INSUMO",VLOOKUP(C61,INSUMOS!$A$6:$D$4845,3,0),IF(A61="COTAÇÃO",VLOOKUP(C61,'014-22-cotação'!$A$9:$I$138,4,0),IF(A61="CCU",VLOOKUP(C61,'014-22-CCU''s'!$B$10:$H$450,4,0))))) -> M2 | F61: =F35+F36 -> 1115.52 | G61: =IF(A61="SERVIÇO",VLOOKUP(C61,SERVIÇOS!$A$6:$D$7697,4,0),IF(A61="INSUMO",VLOOKUP(C61,INSUMOS!$A$6:$D$4845,4,0),IF(A61="COTAÇÃO",VLOOKUP(C61,'014-22-cotação'!$A$9:$I$138,3,0),IF(A61="CCU",VLOOKUP(C61,'014-22-CCU''s'!$B$10:$H$450,7,0))))) -> 3.07 | H61: =$F$9 -> 0.1856 | I61: =(G61*(1+H61)) -> 3.639792 | J61: =I61*F61 -> 4060.2608 | L61: =I61*F61 -> 4060.2608 | M61: =L61-J61 -> 0
A62: CCU | B62: 02.02.195.2 | C62: CCU - 02.013 | D62: =IF(A62="SERVIÇO",VLOOKUP(C62,SERVIÇOS!$A$6:$D$7697,2,0),IF(A62="INSUMO",VLOOKUP(C62,INSUMOS!$A$6:$D$4845,2,0),IF(A62="COTAÇÃO",VLOOKUP(C62,'014-22-cotação'!$A$9:$I$138,2,0),IF(A62="CCU",VLOOKUP(C62,'014-22-CCU''s'!$B$10:$H$450,2,0))))) -> DEMOLIÇÃO MANUAL DE CONSTRUÇÕES PROVISÓRIAS DE MADEIRA - SEM REAPROVEITAMENTO | E62: =IF(A62="SERVIÇO",VLOOKUP(C62,SERVIÇOS!$A$6:$D$7697,3,0),IF(A62="INSUMO",VLOOKUP(C62,INSUMOS!$A$6:$D$4845,3,0),IF(A62="COTAÇÃO",VLOOKUP(C62,'014-22-cotação'!$A$9:$I$138,4,0),IF(A62="CCU",VLOOKUP(C62,'014-22-CCU''s'!$B$10:$H$450,4,0))))) -> M2 | F62: =F24+F25 -> 36 | G62: =IF(A62="SERVIÇO",VLOOKUP(C62,SERVIÇOS!$A$6:$D$7697,4,0),IF(A62="INSUMO",VLOOKUP(C62,INSUMOS!$A$6:$D$4845,4,0),IF(A62="COTAÇÃO",VLOOKUP(C62,'014-22-cotação'!$A$9:$I$138,3,0),IF(A62="CCU",VLOOKUP(C62,'014-22-CCU''s'!$B$10:$H$450,7,0))))) -> 15.54 | H62: =$F$9 -> 0.1856 | I62: =(G62*(1+H62)) -> 18.424224 | J62: =I62*F62 -> 663.27206 | L62: =I62*F62 -> 663.27206 | M62: =L62-J62 -> 0
L63: =I63*F63 -> 0 | M63: =L63-J63 -> 0
B64: 02.02.330 | D64: CARGA, TRANSPORTE, DESCARGA DE MATERIAL DE DEMOLIÇÃO | L64: =I64*F64 -> 0 | M64: =L64-J64 -> 0
A65: SERVIÇO | B65: 02.02.330.1 | C65: 100983 | D65: =IF(A65="SERVIÇO",VLOOKUP(C65,SERVIÇOS!$A$6:$D$7697,2,0),IF(A65="INSUMO",VLOOKUP(C65,INSUMOS!$A$6:$D$4845,2,0),IF(A65="COTAÇÃO",VLOOKUP(C65,'014-22-cotação'!$A$9:$I$138,2,0),IF(A65="CCU",VLOOKUP(C65,'014-22-CCU''s'!$B$10:$H$450,2,0))))) -> CARGA, MANOBRA E DESCARGA DE ENTULHO EM CAMINHÃO BASCULANTE 14 M³ - CARGA COM ESCAVADEIRA HIDRÁULICA (CAÇAMBA DE 0,80 M³ / 111 HP) E DESCARGA LIVRE (UNIDADE: M3). AF_07/2020 | E65: =IF(A65="SERVIÇO",VLOOKUP(C65,SERVIÇOS!$A$6:$D$7697,3,0),IF(A65="INSUMO",VLOOKUP(C65,INSUMOS!$A$6:$D$4845,3,0),IF(A65="COTAÇÃO",VLOOKUP(C65,'014-22-cotação'!$A$9:$I$138,4,0),IF(A65="CCU",VLOOKUP(C65,'014-22-CCU''s'!$B$10:$H$450,4,0))))) -> M3 | F65: =(F41+F42+F45+F48+F51+F52*0.5*0.2+F53*0.05)+(PI()*0.15^2*1.5*F56)+(PI()*0.3^2*1.5*F57)+(PI()*0.4^2*1.5*F58)+F61*0.05+F62*0.2 -> 582.99843 | G65: =IF(A65="SERVIÇO",VLOOKUP(C65,SERVIÇOS!$A$6:$D$7697,4,0),IF(A65="INSUMO",VLOOKUP(C65,INSUMOS!$A$6:$D$4845,4,0),IF(A65="COTAÇÃO",VLOOKUP(C65,'014-22-cotação'!$A$9:$I$138,3,0),IF(A65="CCU",VLOOKUP(C65,'014-22-CCU''s'!$B$10:$H$450,7,0))))) -> 8.85 | H65: =$F$9 -> 0.1856 | I65: =(G65*(1+H65)) -> 10.49256 | J65: =I65*F65 -> 6117.146 | L65: =I65*F65 -> 6117.146 | M65: =L65-J65 -> 0
A66: SERVIÇO | B66: 02.02.330.2 | C66: 95879 | D66: =IF(A66="SERVIÇO",VLOOKUP(C66,SERVIÇOS!$A$6:$D$7697,2,0),IF(A66="INSUMO",VLOOKUP(C66,INSUMOS!$A$6:$D$4845,2,0),IF(A66="COTAÇÃO",VLOOKUP(C66,'014-22-cotação'!$A$9:$I$138,2,0),IF(A66="CCU",VLOOKUP(C66,'014-22-CCU''s'!$B$10:$H$450,2,0))))) -> TRANSPORTE COM CAMINHÃO BASCULANTE DE 14 M³, EM VIA URBANA PAVIMENTADA, DMT ATÉ 30 KM (UNIDADE: TXKM). AF_07/2020 | E66: =IF(A66="SERVIÇO",VLOOKUP(C66,SERVIÇOS!$A$6:$D$7697,3,0),IF(A66="INSUMO",VLOOKUP(C66,INSUMOS!$A$6:$D$4845,3,0),IF(A66="COTAÇÃO",VLOOKUP(C66,'014-22-cotação'!$A$9:$I$138,4,0),IF(A66="CCU",VLOOKUP(C66,'014-22-CCU''s'!$B$10:$H$450,4,0))))) -> TXKM | F66: =(F65*1.5)*20.7 -> 18102.101 | G66: =IF(A66="SERVIÇO",VLOOKUP(C66,SERVIÇOS!$A$6:$D$7697,4,0),IF(A66="INSUMO",VLOOKUP(C66,INSUMOS!$A$6:$D$4845,4,0),IF(A66="COTAÇÃO",VLOOKUP(C66,'014-22-cotação'!$A$9:$I$138,3,0),IF(A66="CCU",VLOOKUP(C66,'014-22-CCU''s'!$B$10:$H$450,7,0))))) -> 1.43 | H66: =$F$9 -> 0.1856 | I66: =(G66*(1+H66)) -> 1.695408 | J66: =I66*F66 -> 30690.447 | K66: 23494.651 | L66: =I66*F66 -> 30690.447 | M66: DISTÂNCIA DE BOTA FORA = 20,7 KM
A67: SERVIÇO | B67: 02.02.330.3 | C67: SLU-1 | D67: =IF(A67="SERVIÇO",VLOOKUP(C67,SERVIÇOS!$A$6:$D$7697,2,0),IF(A67="INSUMO",VLOOKUP(C67,INSUMOS!$A$6:$D$4845,2,0),IF(A67="COTAÇÃO",VLOOKUP(C67,'014-22-cotação'!$A$9:$I$138,2,0),IF(A67="CCU",VLOOKUP(C67,'014-22-CCU''s'!$B$10:$H$450,2,0))))) -> DISPOSIÇÃO FINAL DE RESÍDUOS SEGREGADOS DE CONSTRUÇÃO CIVIL | E67: =IF(A67="SERVIÇO",VLOOKUP(C67,SERVIÇOS!$A$6:$D$7697,3,0),IF(A67="INSUMO",VLOOKUP(C67,INSUMOS!$A$6:$D$4845,3,0),IF(A67="COTAÇÃO",VLOOKUP(C67,'014-22-cotação'!$A$9:$I$138,4,0),IF(A67="CCU",VLOOKUP(C67,'014-22-CCU''s'!$B$10:$H$450,4,0))))) -> T | F67: =F65*1.5 -> 874.49765 | G67: =IF(A67="SERVIÇO",VLOOKUP(C67,SERVIÇOS!$A$6:$D$7697,4,0),IF(A67="INSUMO",VLOOKUP(C67,INSUMOS!$A$6:$D$4845,4,0),IF(A67="COTAÇÃO",VLOOKUP(C67,'014-22-cotação'!$A$9:$I$138,3,0),IF(A67="CCU",VLOOKUP(C67,'014-22-CCU''s'!$B$10:$H$450,7,0))))) -> 15.25 | H67: =$F$9 -> 0.1856 | I67: =(G67*(1+H67)) -> 18.0804 | J67: =I67*F67 -> 15811.267 | L67: =I67*F67 -> 15811.267 | M67: MASSA ESPECÍFICA DE MATERIAL DE DEMOLIÇÃO DE OBRAS = 1,5 T/M3 | R67: =F67+F78 -> 1624.7276
L68: =I68*F68 -> 0 | M68: =L68-J68 -> 0
B69: 02.03.000 | D69: LOCAÇÕES DE OBRAS | L69: =I69*F69 -> 0 | M69: =L69-J69 -> 0
B70: 02.03.100 | D70: DE EDIFICAÇÕES | L70: =I70*F70 -> 0 | M70: =L70-J70 -> 0
A71: CCU | B71: 02.03.000.1 | C71: CCU - 02.017 | D71: =IF(A71="SERVIÇO",VLOOKUP(C71,SERVIÇOS!$A$6:$D$7697,2,0),IF(A71="INSUMO",VLOOKUP(C71,INSUMOS!$A$6:$D$4845,2,0),IF(A71="COTAÇÃO",VLOOKUP(C71,'014-22-cotação'!$A$9:$I$138,2,0),IF(A71="CCU",VLOOKUP(C71,'014-22-CCU''s'!$B$10:$H$450,2,0))))) -> LOCAÇÃO DE PONTO PARA REFERÊNCIA TOPOGRÁFICA. AF_10/2018 | E71: =IF(A71="SERVIÇO",VLOOKUP(C71,SERVIÇOS!$A$6:$D$7697,3,0),IF(A71="INSUMO",VLOOKUP(C71,INSUMOS!$A$6:$D$4845,3,0),IF(A71="COTAÇÃO",VLOOKUP(C71,'014-22-cotação'!$A$9:$I$138,4,0),IF(A71="CCU",VLOOKUP(C71,'014-22-CCU''s'!$B$10:$H$450,4,0))))) -> UN | F71: 126 | G71: =IF(A71="SERVIÇO",VLOOKUP(C71,SERVIÇOS!$A$6:$D$7697,4,0),IF(A71="INSUMO",VLOOKUP(C71,INSUMOS!$A$6:$D$4845,4,0),IF(A71="COTAÇÃO",VLOOKUP(C71,'014-22-cotação'!$A$9:$I$138,3,0),IF(A71="CCU",VLOOKUP(C71,'014-22-CCU''s'!$B$10:$H$450,7,0))))) -> 8.1 | H71: =$F$9 -> 0.1856 | I71: =(G71*(1+H71)) -> 9.60336 | J71: =I71*F71 -> 1210.0234 | L71: =I71*F71 -> 1210.0234 | M71: =L71-J71 -> 0
L72: =I72*F72 -> 0 | M72: =L72-J72 -> 0
B73: 02.04.000 | D73: TERRAPLANAGEM | L73: =I73*F73 -> 0 | M73: =L73-J73 -> 0 | P73: =F65*1.5 -> 874.49765
B74: 02.04.100 | D74: LIMPEZA E PREPARO DA ÁREA | L74: =I74*F74 -> 0 | M74: =L74-J74 -> 0
A75: SERVIÇO | B75: 02.04.100.1 | C75: 98525 | D75: =IF(A75="SERVIÇO",VLOOKUP(C75,SERVIÇOS!$A$6:$D$7697,2,0),IF(A75="INSUMO",VLOOKUP(C75,INSUMOS!$A$6:$D$4845,2,0),IF(A75="COTAÇÃO",VLOOKUP(C75,'014-22-cotação'!$A$9:$I$138,2,0),IF(A75="CCU",VLOOKUP(C75,'014-22-CCU''s'!$B$10:$H$450,2,0))))) -> LIMPEZA MECANIZADA DE CAMADA VEGETAL, VEGETAÇÃO E PEQUENAS ÁRVORES (DIÂMETRO DE TRONCO MENOR QUE 0,20 M), COM TRATOR DE ESTEIRAS. AF_03/2024 | E75: =IF(A75="SERVIÇO",VLOOKUP(C75,SERVIÇOS!$A$6:$D$7697,3,0),IF(A75="INSUMO",VLOOKUP(C75,INSUMOS!$A$6:$D$4845,3,0),IF(A75="COTAÇÃO",VLOOKUP(C75,'014-22-cotação'!$A$9:$I$138,4,0),IF(A75="CCU",VLOOKUP(C75,'014-22-CCU''s'!$B$10:$H$450,4,0))))) -> M2 | F75: 5001.54 | G75: =IF(A75="SERVIÇO",VLOOKUP(C75,SERVIÇOS!$A$6:$D$7697,4,0),IF(A75="INSUMO",VLOOKUP(C75,INSUMOS!$A$6:$D$4845,4,0),IF(A75="COTAÇÃO",VLOOKUP(C75,'014-22-cotação'!$A$9:$I$138,3,0),IF(A75="CCU",VLOOKUP(C75,'014-22-CCU''s'!$B$10:$H$450,7,0))))) -> 0.63 | H75: =$F$9 -> 0.1856 | I75: =(G75*(1+H75)) -> 0.746928 | J75: =I75*F75 -> 3735.7903 | K75: 743.50163 | L75: =I75*F75 -> 3735.7903 | M75: =L75-J75 -> 0
A76: SERVIÇO | B76: 02.04.100.2 | C76: 100991 | D76: =IF(A76="SERVIÇO",VLOOKUP(C76,SERVIÇOS!$A$6:$D$7697,2,0),IF(A76="INSUMO",VLOOKUP(C76,INSUMOS!$A$6:$D$4845,2,0),IF(A76="COTAÇÃO",VLOOKUP(C76,'014-22-cotação'!$A$9:$I$138,2,0),IF(A76="CCU",VLOOKUP(C76,'014-22-CCU''s'!$B$10:$H$450,2,0))))) -> CARGA, MANOBRA E DESCARGA DE SOLOS E MATERIAIS GRANULARES EM CAMINHÃO BASCULANTE 14 M³ - CARGA COM PÁ CARREGADEIRA (CAÇAMBA DE 1,7 A 2,8 M³ / 128 HP) E DESCARGA LIVRE (UNIDADE: T). AF_07/2020 | E76: =IF(A76="SERVIÇO",VLOOKUP(C76,SERVIÇOS!$A$6:$D$7697,3,0),IF(A76="INSUMO",VLOOKUP(C76,INSUMOS!$A$6:$D$4845,3,0),IF(A76="COTAÇÃO",VLOOKUP(C76,'014-22-cotação'!$A$9:$I$138,4,0),IF(A76="CCU",VLOOKUP(C76,'014-22-CCU''s'!$B$10:$H$450,4,0))))) -> T | F76: =F75*0.15*1 -> 750.231 | G76: =IF(A76="SERVIÇO",VLOOKUP(C76,SERVIÇOS!$A$6:$D$7697,4,0),IF(A76="INSUMO",VLOOKUP(C76,INSUMOS!$A$6:$D$4845,4,0),IF(A76="COTAÇÃO",VLOOKUP(C76,'014-22-cotação'!$A$9:$I$138,3,0),IF(A76="CCU",VLOOKUP(C76,'014-22-CCU''s'!$B$10:$H$450,7,0))))) -> 5.65 | H76: =$F$9 -> 0.1856 | I76: =(G76*(1+H76)) -> 6.69864 | J76: =I76*F76 -> 5025.5274 | K76: 3221.8404 | L76: =I76*F76 -> 5025.5274 | M76: =L76-J76 -> 0
A77: SERVIÇO | B77: 02.04.100.3 | C77: 95879 | D77: =IF(A77="SERVIÇO",VLOOKUP(C77,SERVIÇOS!$A$6:$D$7697,2,0),IF(A77="INSUMO",VLOOKUP(C77,INSUMOS!$A$6:$D$4845,2,0),IF(A77="COTAÇÃO",VLOOKUP(C77,'014-22-cotação'!$A$9:$I$138,2,0),IF(A77="CCU",VLOOKUP(C77,'014-22-CCU''s'!$B$10:$H$450,2,0))))) -> TRANSPORTE COM CAMINHÃO BASCULANTE DE 14 M³, EM VIA URBANA PAVIMENTADA, DMT ATÉ 30 KM (UNIDADE: TXKM). AF_07/2020 | E77: =IF(A77="SERVIÇO",VLOOKUP(C77,SERVIÇOS!$A$6:$D$7697,3,0),IF(A77="INSUMO",VLOOKUP(C77,INSUMOS!$A$6:$D$4845,3,0),IF(A77="COTAÇÃO",VLOOKUP(C77,'014-22-cotação'!$A$9:$I$138,4,0),IF(A77="CCU",VLOOKUP(C77,'014-22-CCU''s'!$B$10:$H$450,4,0))))) -> TXKM | F77: =F76*20.7 -> 15529.782 | G77: =IF(A77="SERVIÇO",VLOOKUP(C77,SERVIÇOS!$A$6:$D$7697,4,0),IF(A77="INSUMO",VLOOKUP(C77,INSUMOS!$A$6:$D$4845,4,0),IF(A77="COTAÇÃO",VLOOKUP(C77,'014-22-cotação'!$A$9:$I$138,3,0),IF(A77="CCU",VLOOKUP(C77,'014-22-CCU''s'!$B$10:$H$450,7,0))))) -> 1.43 | H77: =$F$9 -> 0.1856 | I77: =(G77*(1+H77)) -> 1.695408 | J77: =I77*F77 -> 26329.316 | K77: 23494.651 | L77: =I77*F77 -> 26329.316 | M77: DISTÂNCIA DE BOTA FORA = 20,7 KM
A78: SERVIÇO | B78: 02.04.100.5 | C78: SLU-1 | D78: =IF(A78="SERVIÇO",VLOOKUP(C78,SERVIÇOS!$A$6:$D$7697,2,0),IF(A78="INSUMO",VLOOKUP(C78,INSUMOS!$A$6:$D$4845,2,0),IF(A78="COTAÇÃO",VLOOKUP(C78,'014-22-cotação'!$A$9:$I$138,2,0),IF(A78="CCU",VLOOKUP(C78,'014-22-CCU''s'!$B$10:$H$450,2,0))))) -> DISPOSIÇÃO FINAL DE RESÍDUOS SEGREGADOS DE CONSTRUÇÃO CIVIL | E78: =IF(A78="SERVIÇO",VLOOKUP(C78,SERVIÇOS!$A$6:$D$7697,3,0),IF(A78="INSUMO",VLOOKUP(C78,INSUMOS!$A$6:$D$4845,3,0),IF(A78="COTAÇÃO",VLOOKUP(C78,'014-22-cotação'!$A$9:$I$138,4,0),IF(A78="CCU",VLOOKUP(C78,'014-22-CCU''s'!$B$10:$H$450,4,0))))) -> T | F78: 750.23 | G78: =IF(A78="SERVIÇO",VLOOKUP(C78,SERVIÇOS!$A$6:$D$7697,4,0),IF(A78="INSUMO",VLOOKUP(C78,INSUMOS!$A$6:$D$4845,4,0),IF(A78="COTAÇÃO",VLOOKUP(C78,'014-22-cotação'!$A$9:$I$138,3,0),IF(A78="CCU",VLOOKUP(C78,'014-22-CCU''s'!$B$10:$H$450,7,0))))) -> 15.25 | H78: =$F$9 -> 0.1856 | I78: =(G78*(1+H78)) -> 18.0804 | J78: =I78*F78 -> 13564.458 | K78: 4726.192 | L78: =I78*F78 -> 13564.458 | M78: MASSA ESPECÍFICA MATERIAL DE DESMATAMENTO E DESTOCAMENTO = 1 T/M3 | R78: =F77+F66 -> 33631.883
L79: =I79*F79 -> 0 | M79: =L79-J79 -> 0
B80: 02.04.200 | D80: CORTES | L80: =I80*F80 -> 0 | M80: =L80-J80 -> 0
A81: SERVIÇO | B81: 02.04.200.1 | C81: 101134 | D81: =IF(A81="SERVIÇO",VLOOKUP(C81,SERVIÇOS!$A$6:$D$7697,2,0),IF(A81="INSUMO",VLOOKUP(C81,INSUMOS!$A$6:$D$4845,2,0),IF(A81="COTAÇÃO",VLOOKUP(C81,'014-22-cotação'!$A$9:$I$138,2,0),IF(A81="CCU",VLOOKUP(C81,'014-22-CCU''s'!$B$10:$H$450,2,0))))) -> ESCAVAÇÃO HORIZONTAL, INCLUINDO CARGA, DESCARGA E TRANSPORTE EM SOLO DE 1A CATEGORIA COM TRATOR DE ESTEIRAS (100HP/LÂMINA: 2,19M3) E CAMINHÃO BASCULANTE DE 10M3, DMT ATÉ 200M. AF_07/2020 | E81: =IF(A81="SERVIÇO",VLOOKUP(C81,SERVIÇOS!$A$6:$D$7697,3,0),IF(A81="INSUMO",VLOOKUP(C81,INSUMOS!$A$6:$D$4845,3,0),IF(A81="COTAÇÃO",VLOOKUP(C81,'014-22-cotação'!$A$9:$I$138,4,0),IF(A81="CCU",VLOOKUP(C81,'014-22-CCU''s'!$B$10:$H$450,4,0))))) -> M3 | F81: 270.42 | G81: =IF(A81="SERVIÇO",VLOOKUP(C81,SERVIÇOS!$A$6:$D$7697,4,0),IF(A81="INSUMO",VLOOKUP(C81,INSUMOS!$A$6:$D$4845,4,0),IF(A81="COTAÇÃO",VLOOKUP(C81,'014-22-cotação'!$A$9:$I$138,3,0),IF(A81="CCU",VLOOKUP(C81,'014-22-CCU''s'!$B$10:$H$450,7,0))))) -> 15.4 | H81: =$F$9 -> 0.1856 | I81: =(G81*(1+H81)) -> 18.25824 | J81: =I81*F81 -> 4937.3933 | L81: =I81*F81 -> 4937.3933 | M81: =L81-J81 -> 0
L82: =I82*F82 -> 0 | M82: =L82-J82 -> 0
B83: 02.04.300 | D83: ATERRO COMPACTADO | L83: =I83*F83 -> 0 | M83: =L83-J83 -> 0
A84: INSUMO | B84: 02.04.300.1 | C84: 6081 | D84: =IF(A84="SERVIÇO",VLOOKUP(C84,SERVIÇOS!$A$6:$D$7697,2,0),IF(A84="INSUMO",VLOOKUP(C84,INSUMOS!$A$6:$D$4845,2,0),IF(A84="COTAÇÃO",VLOOKUP(C84,'014-22-cotação'!$A$9:$I$138,2,0),IF(A84="CCU",VLOOKUP(C84,'014-22-CCU''s'!$B$10:$H$450,2,0))))) -> ARGILA OU BARRO PARA ATERRO/REATERRO (COM TRANSPORTE ATE 10 KM) | E84: =IF(A84="SERVIÇO",VLOOKUP(C84,SERVIÇOS!$A$6:$D$7697,3,0),IF(A84="INSUMO",VLOOKUP(C84,INSUMOS!$A$6:$D$4845,3,0),IF(A84="COTAÇÃO",VLOOKUP(C84,'014-22-cotação'!$A$9:$I$138,4,0),IF(A84="CCU",VLOOKUP(C84,'014-22-CCU''s'!$B$10:$H$450,4,0))))) -> M3 | F84: 56.49 | G84: =IF(A84="SERVIÇO",VLOOKUP(C84,SERVIÇOS!$A$6:$D$7697,4,0),IF(A84="INSUMO",VLOOKUP(C84,INSUMOS!$A$6:$D$4845,4,0),IF(A84="COTAÇÃO",VLOOKUP(C84,'014-22-cotação'!$A$9:$I$138,3,0),IF(A84="CCU",VLOOKUP(C84,'014-22-CCU''s'!$B$10:$H$450,7,0))))) -> 52.3 | H84: =$F$9 -> 0.1856 | I84: =(G84*(1+H84)) -> 62.00688 | J84: =I84*F84 -> 3502.7687 | L84: =I84*F84 -> 3502.7687 | M84: =L84-J84 -> 0
A85: SERVIÇO | B85: 02.04.300.2 | C85: 100574 | D85: =IF(A85="SERVIÇO",VLOOKUP(C85,SERVIÇOS!$A$6:$D$7697,2,0),IF(A85="INSUMO",VLOOKUP(C85,INSUMOS!$A$6:$D$4845,2,0),IF(A85="COTAÇÃO",VLOOKUP(C85,'014-22-cotação'!$A$9:$I$138,2,0),IF(A85="CCU",VLOOKUP(C85,'014-22-CCU''s'!$B$10:$H$450,2,0))))) -> ESPALHAMENTO DE MATERIAL COM TRATOR DE ESTEIRAS. AF_11/2019 | E85: =IF(A85="SERVIÇO",VLOOKUP(C85,SERVIÇOS!$A$6:$D$7697,3,0),IF(A85="INSUMO",VLOOKUP(C85,INSUMOS!$A$6:$D$4845,3,0),IF(A85="COTAÇÃO",VLOOKUP(C85,'014-22-cotação'!$A$9:$I$138,4,0),IF(A85="CCU",VLOOKUP(C85,'014-22-CCU''s'!$B$10:$H$450,4,0))))) -> M3 | F85: =F84+F81 -> 326.91 | G85: =IF(A85="SERVIÇO",VLOOKUP(C85,SERVIÇOS!$A$6:$D$7697,4,0),IF(A85="INSUMO",VLOOKUP(C85,INSUMOS!$A$6:$D$4845,4,0),IF(A85="COTAÇÃO",VLOOKUP(C85,'014-22-cotação'!$A$9:$I$138,3,0),IF(A85="CCU",VLOOKUP(C85,'014-22-CCU''s'!$B$10:$H$450,7,0))))) -> 1.45 | H85: =$F$9 -> 0.1856 | I85: =(G85*(1+H85)) -> 1.71912 | J85: =I85*F85 -> 561.99752 | L85: =I85*F85 -> 561.99752 | M85: TODO O SOLO ESCAVADO FOI APROVEITADO DO ATERRO
A86: SERVIÇO | B86: 02.04.300.3 | C86: 96385 | D86: =IF(A86="SERVIÇO",VLOOKUP(C86,SERVIÇOS!$A$6:$D$7697,2,0),IF(A86="INSUMO",VLOOKUP(C86,INSUMOS!$A$6:$D$4845,2,0),IF(A86="COTAÇÃO",VLOOKUP(C86,'014-22-cotação'!$A$9:$I$138,2,0),IF(A86="CCU",VLOOKUP(C86,'014-22-CCU''s'!$B$10:$H$450,2,0))))) -> EXECUÇÃO E COMPACTAÇÃO DE ATERRO COM SOLO PREDOMINANTEMENTE ARGILOSO - EXCLUSIVE SOLO, ESCAVAÇÃO, CARGA E TRANSPORTE. AF_11/2019 | E86: =IF(A86="SERVIÇO",VLOOKUP(C86,SERVIÇOS!$A$6:$D$7697,3,0),IF(A86="INSUMO",VLOOKUP(C86,INSUMOS!$A$6:$D$4845,3,0),IF(A86="COTAÇÃO",VLOOKUP(C86,'014-22-cotação'!$A$9:$I$138,4,0),IF(A86="CCU",VLOOKUP(C86,'014-22-CCU''s'!$B$10:$H$450,4,0))))) -> M3 | F86: =F85 -> 326.91 | G86: =IF(A86="SERVIÇO",VLOOKUP(C86,SERVIÇOS!$A$6:$D$7697,4,0),IF(A86="INSUMO",VLOOKUP(C86,INSUMOS!$A$6:$D$4845,4,0),IF(A86="COTAÇÃO",VLOOKUP(C86,'014-22-cotação'!$A$9:$I$138,3,0),IF(A86="CCU",VLOOKUP(C86,'014-22-CCU''s'!$B$10:$H$450,7,0))))) -> 11.6 | H86: =$F$9 -> 0.1856 | I86: =(G86*(1+H86)) -> 13.75296 | J86: =I86*F86 -> 4495.9802 | L86: =I86*F86 -> 4495.9802 | M86: =L86-J86 -> 0
L87: =I87*F87 -> 0 | M87: =L87-J87 -> 0
G88: SUBTOTAL (Divisão): | J88: =SUM(J20:J87) -> 448441.12 | L88: =I88*F88 -> 0
L89: =I89*F89 -> 0 | M89: =L89-J89 -> 0
B90: 03.00.000 | D90: FUNDAÇÕES E ESTRUTURAS - PEC | L90: =I90*F90 -> 0 | M90: =L90-J90 -> 0
B91: 03.01.000 | D91: FUNDAÇÕES | L91: =I91*F91 -> 0 | M91: =L91-J91 -> 0
B92: 03.01.100 | D92: ESCAVAÇÃO DE VALAS | L92: =I92*F92 -> 0 | M92: =L92-J92 -> 0
A93: SERVIÇO | B93: 03.01.100.1 | C93: 96523 | D93: =IF(A93="SERVIÇO",VLOOKUP(C93,SERVIÇOS!$A$6:$D$7697,2,0),IF(A93="INSUMO",VLOOKUP(C93,INSUMOS!$A$6:$D$4845,2,0),IF(A93="COTAÇÃO",VLOOKUP(C93,'014-22-cotação'!$A$9:$I$138,2,0),IF(A93="CCU",VLOOKUP(C93,'014-22-CCU''s'!$B$10:$H$450,2,0))))) -> ESCAVAÇÃO MANUAL PARA BLOCO DE COROAMENTO OU SAPATA (INCLUINDO ESCAVAÇÃO PARA COLOCAÇÃO DE FÔRMAS). AF_01/2024 | E93: =IF(A93="SERVIÇO",VLOOKUP(C93,SERVIÇOS!$A$6:$D$7697,3,0),IF(A93="INSUMO",VLOOKUP(C93,INSUMOS!$A$6:$D$4845,3,0),IF(A93="COTAÇÃO",VLOOKUP(C93,'014-22-cotação'!$A$9:$I$138,4,0),IF(A93="CCU",VLOOKUP(C93,'014-22-CCU''s'!$B$10:$H$450,4,0))))) -> M3 | F93: 7.5 | G93: =IF(A93="SERVIÇO",VLOOKUP(C93,SERVIÇOS!$A$6:$D$7697,4,0),IF(A93="INSUMO",VLOOKUP(C93,INSUMOS!$A$6:$D$4845,4,0),IF(A93="COTAÇÃO",VLOOKUP(C93,'014-22-cotação'!$A$9:$I$138,3,0),IF(A93="CCU",VLOOKUP(C93,'014-22-CCU''s'!$B$10:$H$450,7,0))))) -> 103.18 | H93: =$F$9 -> 0.1856 | I93: =(G93*(1+H93)) -> 122.33021 | J93: =I93*F93 -> 917.47656 | L93: =I93*F93 -> 917.47656 | M93: =L93-J93 -> 0
A94: SERVIÇO | B94: 03.01.100.2 | C94: 101616 | D94: =IF(A94="SERVIÇO",VLOOKUP(C94,SERVIÇOS!$A$6:$D$7697,2,0),IF(A94="INSUMO",VLOOKUP(C94,INSUMOS!$A$6:$D$4845,2,0),IF(A94="COTAÇÃO",VLOOKUP(C94,'014-22-cotação'!$A$9:$I$138,2,0),IF(A94="CCU",VLOOKUP(C94,'014-22-CCU''s'!$B$10:$H$450,2,0))))) -> PREPARO DE FUNDO DE VALA COM LARGURA MENOR QUE 1,5 M (ACERTO DO SOLO NATURAL). AF_08/2020 | E94: =IF(A94="SERVIÇO",VLOOKUP(C94,SERVIÇOS!$A$6:$D$7697,3,0),IF(A94="INSUMO",VLOOKUP(C94,INSUMOS!$A$6:$D$4845,3,0),IF(A94="COTAÇÃO",VLOOKUP(C94,'014-22-cotação'!$A$9:$I$138,4,0),IF(A94="CCU",VLOOKUP(C94,'014-22-CCU''s'!$B$10:$H$450,4,0))))) -> M2 | F94: 16.66 | G94: =IF(A94="SERVIÇO",VLOOKUP(C94,SERVIÇOS!$A$6:$D$7697,4,0),IF(A94="INSUMO",VLOOKUP(C94,INSUMOS!$A$6:$D$4845,4,0),IF(A94="COTAÇÃO",VLOOKUP(C94,'014-22-cotação'!$A$9:$I$138,3,0),IF(A94="CCU",VLOOKUP(C94,'014-22-CCU''s'!$B$10:$H$450,7,0))))) -> 6.96 | H94: =$F$9 -> 0.1856 | I94: =(G94*(1+H94)) -> 8.251776 | J94: =I94*F94 -> 137.47459 | L94: =I94*F94 -> 137.47459 | M94: =L94-J94 -> 0
A95: SERVIÇO | B95: 03.01.100.3 | C95: 93382 | D95: =IF(A95="SERVIÇO",VLOOKUP(C95,SERVIÇOS!$A$6:$D$7697,2,0),IF(A95="INSUMO",VLOOKUP(C95,INSUMOS!$A$6:$D$4845,2,0),IF(A95="COTAÇÃO",VLOOKUP(C95,'014-22-cotação'!$A$9:$I$138,2,0),IF(A95="CCU",VLOOKUP(C95,'014-22-CCU''s'!$B$10:$H$450,2,0))))) -> REATERRO MANUAL DE VALAS, COM COMPACTADOR DE SOLOS DE PERCUSSÃO. AF_08/2023 | E95: =IF(A95="SERVIÇO",VLOOKUP(C95,SERVIÇOS!$A$6:$D$7697,3,0),IF(A95="INSUMO",VLOOKUP(C95,INSUMOS!$A$6:$D$4845,3,0),IF(A95="COTAÇÃO",VLOOKUP(C95,'014-22-cotação'!$A$9:$I$138,4,0),IF(A95="CCU",VLOOKUP(C95,'014-22-CCU''s'!$B$10:$H$450,4,0))))) -> M3 | F95: 5.05 | G95: =IF(A95="SERVIÇO",VLOOKUP(C95,SERVIÇOS!$A$6:$D$7697,4,0),IF(A95="INSUMO",VLOOKUP(C95,INSUMOS!$A$6:$D$4845,4,0),IF(A95="COTAÇÃO",VLOOKUP(C95,'014-22-cotação'!$A$9:$I$138,3,0),IF(A95="CCU",VLOOKUP(C95,'014-22-CCU''s'!$B$10:$H$450,7,0))))) -> 26.75 | H95: =$F$9 -> 0.1856 | I95: =(G95*(1+H95)) -> 31.7148 | J95: =I95*F95 -> 160.15974 | L95: =I95*F95 -> 160.15974 | M95: =L95-J95 -> 0
L96: =I96*F96 -> 0 | M96: =L96-J96 -> 0
B97: 03.01.413 | D97: ESTACAS | L97: =I97*F97 -> 0 | M97: =L97-J97 -> 0
A98: CCU | B98: 03.01.413.1 | C98: CCU - 03.001 | D98: =IF(A98="SERVIÇO",VLOOKUP(C98,SERVIÇOS!$A$6:$D$7697,2,0),IF(A98="INSUMO",VLOOKUP(C98,INSUMOS!$A$6:$D$4845,2,0),IF(A98="COTAÇÃO",VLOOKUP(C98,'014-22-cotação'!$A$9:$I$138,2,0),IF(A98="CCU",VLOOKUP(C98,'014-22-CCU''s'!$B$10:$H$450,2,0))))) -> ESTACA BROCA DE CONCRETO, DIÂMETRO DE 40CM, ESCAVAÇÃO MANUAL COM TRADO CONCHA, (EXCLUSIVE ARMADURA). | E98: =IF(A98="SERVIÇO",VLOOKUP(C98,SERVIÇOS!$A$6:$D$7697,3,0),IF(A98="INSUMO",VLOOKUP(C98,INSUMOS!$A$6:$D$4845,3,0),IF(A98="COTAÇÃO",VLOOKUP(C98,'014-22-cotação'!$A$9:$I$138,4,0),IF(A98="CCU",VLOOKUP(C98,'014-22-CCU''s'!$B$10:$H$450,4,0))))) -> M | F98: 14 | G98: =IF(A98="SERVIÇO",VLOOKUP(C98,SERVIÇOS!$A$6:$D$7697,4,0),IF(A98="INSUMO",VLOOKUP(C98,INSUMOS!$A$6:$D$4845,4,0),IF(A98="COTAÇÃO",VLOOKUP(C98,'014-22-cotação'!$A$9:$I$138,3,0),IF(A98="CCU",VLOOKUP(C98,'014-22-CCU''s'!$B$10:$H$450,7,0))))) -> 150.25 | H98: =$F$9 -> 0.1856 | I98: =(G98*(1+H98)) -> 178.1364 | J98: =I98*F98 -> 2493.9096 | K98: =PI()*(0.15^2)*F98 -> 0.98960169 | L98: =I98*F98 -> 2493.9096 | M98: =L98-J98 -> 0
A99: CCU | B99: 03.01.413.2 | C99: CCU - 03.002 | D99: =IF(A99="SERVIÇO",VLOOKUP(C99,SERVIÇOS!$A$6:$D$7697,2,0),IF(A99="INSUMO",VLOOKUP(C99,INSUMOS!$A$6:$D$4845,2,0),IF(A99="COTAÇÃO",VLOOKUP(C99,'014-22-cotação'!$A$9:$I$138,2,0),IF(A99="CCU",VLOOKUP(C99,'014-22-CCU''s'!$B$10:$H$450,2,0))))) -> ESTACA BROCA DE CONCRETO, DIÂMETRO DE 25CM, ESCAVAÇÃO MANUAL COM TRADO CONCHA, (EXCLUSIVE ARMADURA). | E99: =IF(A99="SERVIÇO",VLOOKUP(C99,SERVIÇOS!$A$6:$D$7697,3,0),IF(A99="INSUMO",VLOOKUP(C99,INSUMOS!$A$6:$D$4845,3,0),IF(A99="COTAÇÃO",VLOOKUP(C99,'014-22-cotação'!$A$9:$I$138,4,0),IF(A99="CCU",VLOOKUP(C99,'014-22-CCU''s'!$B$10:$H$450,4,0))))) -> M | F99: 2 | G99: =IF(A99="SERVIÇO",VLOOKUP(C99,SERVIÇOS!$A$6:$D$7697,4,0),IF(A99="INSUMO",VLOOKUP(C99,INSUMOS!$A$6:$D$4845,4,0),IF(A99="COTAÇÃO",VLOOKUP(C99,'014-22-cotação'!$A$9:$I$138,3,0),IF(A99="CCU",VLOOKUP(C99,'014-22-CCU''s'!$B$10:$H$450,7,0))))) -> 82.15 | H99: =$F$9 -> 0.1856 | I99: =(G99*(1+H99)) -> 97.39704 | J99: =I99*F99 -> 194.79408 | K99: =PI()*(0.15^2)*F99 -> 0.14137167 | L99: =I99*F99 -> 194.79408 | M99: =L99-J99 -> 0
A100: CCU | B100: 03.01.413.3 | C100: CCU - 03.004 | D100: =IF(A100="SERVIÇO",VLOOKUP(C100,SERVIÇOS!$A$6:$D$7697,2,0),IF(A100="INSUMO",VLOOKUP(C100,INSUMOS!$A$6:$D$4845,2,0),IF(A100="COTAÇÃO",VLOOKUP(C100,'014-22-cotação'!$A$9:$I$138,2,0),IF(A100="CCU",VLOOKUP(C100,'014-22-CCU''s'!$B$10:$H$450,2,0))))) -> CHAPA DE AÇO E= PARA ANCORAGEM DOS CHUMBADORES - FORNECIMENTO E INSTALAÇÃO | E100: =IF(A100="SERVIÇO",VLOOKUP(C100,SERVIÇOS!$A$6:$D$7697,3,0),IF(A100="INSUMO",VLOOKUP(C100,INSUMOS!$A$6:$D$4845,3,0),IF(A100="COTAÇÃO",VLOOKUP(C100,'014-22-cotação'!$A$9:$I$138,4,0),IF(A100="CCU",VLOOKUP(C100,'014-22-CCU''s'!$B$10:$H$450,4,0))))) -> M2 | F100: =PI()*((0.3/2)^2)*14 -> 0.98960169 | G100: =IF(A100="SERVIÇO",VLOOKUP(C100,SERVIÇOS!$A$6:$D$7697,4,0),IF(A100="INSUMO",VLOOKUP(C100,INSUMOS!$A$6:$D$4845,4,0),IF(A100="COTAÇÃO",VLOOKUP(C100,'014-22-cotação'!$A$9:$I$138,3,0),IF(A100="CCU",VLOOKUP(C100,'014-22-CCU''s'!$B$10:$H$450,7,0))))) -> 285.82 | H100: =$F$9 -> 0.1856 | I100: =(G100*(1+H100)) -> 338.86819 | J100: =I100*F100 -> 335.34453 | L100: =I100*F100 -> 335.34453 | M100: 2.466
A101: CCU | B101: 03.01.413.4 | C101: CCU - 03.005 | D101: =IF(A101="SERVIÇO",VLOOKUP(C101,SERVIÇOS!$A$6:$D$7697,2,0),IF(A101="INSUMO",VLOOKUP(C101,INSUMOS!$A$6:$D$4845,2,0),IF(A101="COTAÇÃO",VLOOKUP(C101,'014-22-cotação'!$A$9:$I$138,2,0),IF(A101="CCU",VLOOKUP(C101,'014-22-CCU''s'!$B$10:$H$450,2,0))))) -> CHUMBADOR Ø3/4"- FORNECIMENTO E INSTALAÇÃO | E101: =IF(A101="SERVIÇO",VLOOKUP(C101,SERVIÇOS!$A$6:$D$7697,3,0),IF(A101="INSUMO",VLOOKUP(C101,INSUMOS!$A$6:$D$4845,3,0),IF(A101="COTAÇÃO",VLOOKUP(C101,'014-22-cotação'!$A$9:$I$138,4,0),IF(A101="CCU",VLOOKUP(C101,'014-22-CCU''s'!$B$10:$H$450,4,0))))) -> UN | F101: 56 | G101: =IF(A101="SERVIÇO",VLOOKUP(C101,SERVIÇOS!$A$6:$D$7697,4,0),IF(A101="INSUMO",VLOOKUP(C101,INSUMOS!$A$6:$D$4845,4,0),IF(A101="COTAÇÃO",VLOOKUP(C101,'014-22-cotação'!$A$9:$I$138,3,0),IF(A101="CCU",VLOOKUP(C101,'014-22-CCU''s'!$B$10:$H$450,7,0))))) -> 26.33 | H101: =$F$9 -> 0.1856 | I101: =(G101*(1+H101)) -> 31.216848 | J101: =I101*F101 -> 1748.1435 | L101: =I101*F101 -> 1748.1435 | M101: 2.466
L102: =I102*F102 -> 0 | M102: =L102-J102 -> 0
...

Sheet 014-22-CCU's
B2: GOVERNO DO DISTRITO FEDERAL
B3: SECRETARIA DE ESTADO DE INFRAESTRUTURA E SERVIÇOS PÚBLICOS
B4: COMPANHIA URBANIZADORA DA NOVA CAPITAL DO BRASIL
B5: PLANILHA DE COMPOSIÇÕES
B6: Nº ESTIMATIVA PRINCIPAL: | C6: 014/2022-SEORÇA-SDS-R02 | G6: DATA: | H6: ='014-22-CAPA'!E20 -> 45478
B7: TÍTULO: | C7: ORÇ. REVITALIZAÇÃO DA PRAÇA 21 DE ABRIL | G7: Nº PROJETO: | H7: ='014.01-22-ORÇAMENTO'!J7 -> PROJ-DE-034-20
B8: ENCARGOS TRABALHISTAS: | C8: ='014.01-22-ORÇAMENTO'!D9 -> horista=110,14% / mensalista=70,04% | D8: B.D.I. : | E8: 0,00% | G8: TAB. REF.: | H8: ='014.01-22-ORÇAMENTO'!J9 -> SINAPI MAIO 2024
B9: CÓDIGO | C9: DESCRIÇÃO | D9: TIPO | E9: UNID. | F9: COEFICIENTE | G9: CUSTO UNIT(R$) | H9: CUSTO TOTAL (R$)
B11: CCU - 02.001 | C11: LOCACAO DE CONTAINER 2,30 X 6,00 M, ALT. 2,50 M, PARA DEPÓSITO, SEM DIVISORIAS INTERNAS E SEM SANITARIO | D11: SER.CG | E11: UN | H11: =ROUND(SUM(H12:H12),2) -> 1093.75
A12: INSUMO | B12: 10776 | C12: =IF(A12="SERVIÇO",VLOOKUP(B12,SERVIÇOS!$A$6:$D$7697,2,0),IF(A12="INSUMO",VLOOKUP(B12,INSUMOS!$A$6:$D$4845,2,0),IF(A12="COTAÇÃO",VLOOKUP(B12,'014-22-cotação'!$A$9:$I$138,2,0),IF(A12="AUX",VLOOKUP('014-22-CCU''s'!B12,'014-22-CCU''s AUX'!$B$1:$H$130,2,0))))) -> LOCACAO DE CONTAINER 2,30 X 6,00 M, ALT. 2,50 M, PARA ESCRITORIO, SEM DIVISORIAS INTERNAS E SEM SANITARIO (NAO INCLUI MOBILIZACAO/DESMOBILIZACAO) | D12: =IF(A12="SERVIÇO",VLOOKUP(B12,SERVIÇOS!$A$6:$E$7697,5,0),IF(A12="INSUMO",VLOOKUP(B12,INSUMOS!$A$6:$E$4845,5,0),IF(A12="COTAÇÃO",VLOOKUP(B12,'014-22-cotação'!$A$9:$J$138,10,0),IF(A12="AUX",VLOOKUP('014-22-CCU''s'!B12,'014-22-CCU''s AUX'!$B$1:$H$130,3,0))))) -> EQUIP. | E12: =IF(A12="SERVIÇO",VLOOKUP(B12,SERVIÇOS!$A$6:$D$7697,3,0),IF(A12="INSUMO",VLOOKUP(B12,INSUMOS!$A$6:$D$4845,3,0),IF(A12="COTAÇÃO",VLOOKUP(B12,'014-22-cotação'!$A$9:$I$138,4,0),IF(A12="AUX",VLOOKUP('014-22-CCU''s'!B12,'014-22-CCU''s AUX'!$B$1:$H$130,4,0))))) -> MES | F12: 1 | G12: =IF(A12="SERVIÇO",VLOOKUP(B12,SERVIÇOS!$A$6:$D$7697,4,0),IF(A12="INSUMO",VLOOKUP(B12,INSUMOS!$A$6:$D$4845,4,0),IF(A12="COTAÇÃO",VLOOKUP(B12,'014-22-cotação'!$A$9:$I$138,3,0),IF(A12="AUX",VLOOKUP('014-22-CCU''s'!B12,'014-22-CCU''s AUX'!$B$1:$H$130,7,0))))) -> 1093.75 | H12: =TRUNC((F12*G12),2) -> 1093.75
B13: Observação: | C13: REF: 10776 SINAPI JANEIRO 2021
B15: CCU - 02.002 | C15: BAIAS EM TÁBUAS DE MADEIRA, COM 03 MÓDULOS 4,00 X 4,00M CADA, DESTINADAS AO ARMAZENAMENTO DE AGREGADOS | D15: SER.CG | E15: UN | H15: =ROUND(SUM(H16:H20),2) -> 369.61
A16: INSUMO | B16: 4491 | C16: =IF(A16="SERVIÇO",VLOOKUP(B16,SERVIÇOS!$A$6:$D$7697,2,0),IF(A16="INSUMO",VLOOKUP(B16,INSUMOS!$A$6:$D$4845,2,0),IF(A16="COTAÇÃO",VLOOKUP(B16,'014-22-cotação'!$A$9:$I$138,2,0),IF(A16="AUX",VLOOKUP('014-22-CCU''s'!B16,'014-22-CCU''s AUX'!$B$1:$H$130,2,0))))) -> PONTALETE *7,5 X 7,5* CM EM PINUS, MISTA OU EQUIVALENTE DA REGIAO - BRUTA | D16: =IF(A16="SERVIÇO",VLOOKUP(B16,SERVIÇOS!$A$6:$E$7697,5,0),IF(A16="INSUMO",VLOOKUP(B16,INSUMOS!$A$6:$E$4845,5,0),IF(A16="COTAÇÃO",VLOOKUP(B16,'014-22-cotação'!$A$9:$J$138,10,0),IF(A16="AUX",VLOOKUP('014-22-CCU''s'!B16,'014-22-CCU''s AUX'!$B$1:$H$130,3,0))))) -> MAT. | E16: =IF(A16="SERVIÇO",VLOOKUP(B16,SERVIÇOS!$A$6:$D$7697,3,0),IF(A16="INSUMO",VLOOKUP(B16,INSUMOS!$A$6:$D$4845,3,0),IF(A16="COTAÇÃO",VLOOKUP(B16,'014-22-cotação'!$A$9:$I$138,4,0),IF(A16="AUX",VLOOKUP('014-22-CCU''s'!B16,'014-22-CCU''s AUX'!$B$1:$H$130,4,0))))) -> M | F16: 21.45 | G16: =IF(A16="SERVIÇO",VLOOKUP(B16,SERVIÇOS!$A$6:$D$7697,4,0),IF(A16="INSUMO",VLOOKUP(B16,INSUMOS!$A$6:$D$4845,4,0),IF(A16="COTAÇÃO",VLOOKUP(B16,'014-22-cotação'!$A$9:$I$138,3,0),IF(A16="AUX",VLOOKUP('014-22-CCU''s'!B16,'014-22-CCU''s AUX'!$B$1:$H$130,7,0))))) -> 7.6 | H16: =TRUNC((F16*G16),2) -> 163.02
A17: SERVIÇO | B17: 88262 | C17: =IF(A17="SERVIÇO",VLOOKUP(B17,SERVIÇOS!$A$6:$D$7697,2,0),IF(A17="INSUMO",VLOOKUP(B17,INSUMOS!$A$6:$D$4845,2,0),IF(A17="COTAÇÃO",VLOOKUP(B17,'014-22-cotação'!$A$9:$I$138,2,0),IF(A17="AUX",VLOOKUP('014-22-CCU''s'!B17,'014-22-CCU''s AUX'!$B$1:$H$130,2,0))))) -> CARPINTEIRO DE FORMAS COM ENCARGOS COMPLEMENTARES | D17: =IF(A17="SERVIÇO",VLOOKUP(B17,SERVIÇOS!$A$6:$E$7697,5,0),IF(A17="INSUMO",VLOOKUP(B17,INSUMOS!$A$6:$E$4845,5,0),IF(A17="COTAÇÃO",VLOOKUP(B17,'014-22-cotação'!$A$9:$J$138,10,0),IF(A17="AUX",VLOOKUP('014-22-CCU''s'!B17,'014-22-CCU''s AUX'!$B$1:$H$130,3,0))))) -> M.O | E17: =IF(A17="SERVIÇO",VLOOKUP(B17,SERVIÇOS!$A$6:$D$7697,3,0),IF(A17="INSUMO",VLOOKUP(B17,INSUMOS!$A$6:$D$4845,3,0),IF(A17="COTAÇÃO",VLOOKUP(B17,'014-22-cotação'!$A$9:$I$138,4,0),IF(A17="AUX",VLOOKUP('014-22-CCU''s'!B17,'014-22-CCU''s AUX'!$B$1:$H$130,4,0))))) -> H | F17: 0.6 | G17: =IF(A17="SERVIÇO",VLOOKUP(B17,SERVIÇOS!$A$6:$D$7697,4,0),IF(A17="INSUMO",VLOOKUP(B17,INSUMOS!$A$6:$D$4845,4,0),IF(A17="COTAÇÃO",VLOOKUP(B17,'014-22-cotação'!$A$9:$I$138,3,0),IF(A17="AUX",VLOOKUP('014-22-CCU''s'!B17,'014-22-CCU''s AUX'!$B$1:$H$130,7,0))))) -> 30.71 | H17: =TRUNC((F17*G17),2) -> 18.42
A18: INSUMO | B18: 5067 | C18: =IF(A18="SERVIÇO",VLOOKUP(B18,SERVIÇOS!$A$6:$D$7697,2,0),IF(A18="INSUMO",VLOOKUP(B18,INSUMOS!$A$6:$D$4845,2,0),IF(A18="COTAÇÃO",VLOOKUP(B18,'014-22-cotação'!$A$9:$I$138,2,0),IF(A18="AUX",VLOOKUP('014-22-CCU''s'!B18,'014-22-CCU''s AUX'!$B$1:$H$130,2,0))))) -> PREGO DE ACO POLIDO COM CABECA 16 X 24 (2 1/4 X 12) | D18: =IF(A18="SERVIÇO",VLOOKUP(B18,SERVIÇOS!$A$6:$E$7697,5,0),IF(A18="INSUMO",VLOOKUP(B18,INSUMOS!$A$6:$E$4845,5,0),IF(A18="COTAÇÃO",VLOOKUP(B18,'014-22-cotação'!$A$9:$J$138,10,0),IF(A18="AUX",VLOOKUP('014-22-CCU''s'!B18,'014-22-CCU''s AUX'!$B$1:$H$130,3,0))))) -> MAT. | E18: =IF(A18="SERVIÇO",VLOOKUP(B18,SERVIÇOS!$A$6:$D$7697,3,0),IF(A18="INSUMO",VLOOKUP(B18,INSUMOS!$A$6:$D$4845,3,0),IF(A18="COTAÇÃO",VLOOKUP(B18,'014-22-cotação'!$A$9:$I$138,4,0),IF(A18="AUX",VLOOKUP('014-22-CCU''s'!B18,'014-22-CCU''s AUX'!$B$1:$H$130,4,0))))) -> KG | F18: 0.2 | G18: =IF(A18="SERVIÇO",VLOOKUP(B18,SERVIÇOS!$A$6:$D$7697,4,0),IF(A18="INSUMO",VLOOKUP(B18,INSUMOS!$A$6:$D$4845,4,0),IF(A18="COTAÇÃO",VLOOKUP(B18,'014-22-cotação'!$A$9:$I$138,3,0),IF(A18="AUX",VLOOKUP('014-22-CCU''s'!B18,'014-22-CCU''s AUX'!$B$1:$H$130,7,0))))) -> 20.16 | H18: =TRUNC((F18*G18),2) -> 4.03
A19: SERVIÇO | B19: 88316 | C19: =IF(A19="SERVIÇO",VLOOKUP(B19,SERVIÇOS!$A$6:$D$7697,2,0),IF(A19="INSUMO",VLOOKUP(B19,INSUMOS!$A$6:$D$4845,2,0),IF(A19="COTAÇÃO",VLOOKUP(B19,'014-22-cotação'!$A$9:$I$138,2,0),IF(A19="AUX",VLOOKUP('014-22-CCU''s'!B19,'014-22-CCU''s AUX'!$B$1:$H$130,2,0))))) -> SERVENTE COM ENCARGOS COMPLEMENTARES | D19: =IF(A19="SERVIÇO",VLOOKUP(B19,SERVIÇOS!$A$6:$E$7697,5,0),IF(A19="INSUMO",VLOOKUP(B19,INSUMOS!$A$6:$E$4845,5,0),IF(A19="COTAÇÃO",VLOOKUP(B19,'014-22-cotação'!$A$9:$J$138,10,0),IF(A19="AUX",VLOOKUP('014-22-CCU''s'!B19,'014-22-CCU''s AUX'!$B$1:$H$130,3,0))))) -> M.O | E19: =IF(A19="SERVIÇO",VLOOKUP(B19,SERVIÇOS!$A$6:$D$7697,3,0),IF(A19="INSUMO",VLOOKUP(B19,INSUMOS!$A$6:$D$4845,3,0),IF(A19="COTAÇÃO",VLOOKUP(B19,'014-22-cotação'!$A$9:$I$138,4,0),IF(A19="AUX",VLOOKUP('014-22-CCU''s'!B19,'014-22-CCU''s AUX'!$B$1:$H$130,4,0))))) -> H | F19: 0.6 | G19: =IF(A19="SERVIÇO",VLOOKUP(B19,SERVIÇOS!$A$6:$D$7697,4,0),IF(A19="INSUMO",VLOOKUP(B19,INSUMOS!$A$6:$D$4845,4,0),IF(A19="COTAÇÃO",VLOOKUP(B19,'014-22-cotação'!$A$9:$I$138,3,0),IF(A19="AUX",VLOOKUP('014-22-CCU''s'!B19,'014-22-CCU''s AUX'!$B$1:$H$130,7,0))))) -> 23.4 | H19: =TRUNC((F19*G19),2) -> 14.04
A20: INSUMO | B20: 6212 | C20: =IF(A20="SERVIÇO",VLOOKUP(B20,SERVIÇOS!$A$6:$D$7697,2,0),IF(A20="INSUMO",VLOOKUP(B20,INSUMOS!$A$6:$D$4845,2,0),IF(A20="COTAÇÃO",VLOOKUP(B20,'014-22-cotação'!$A$9:$I$138,2,0),IF(A20="AUX",VLOOKUP('014-22-CCU''s'!B20,'014-22-CCU''s AUX'!$B$1:$H$130,2,0))))) -> TABUA *2,5 X 30 CM EM PINUS, MISTA OU EQUIVALENTE DA REGIAO - BRUTA | D20: =IF(A20="SERVIÇO",VLOOKUP(B20,SERVIÇOS!$A$6:$E$7697,5,0),IF(A20="INSUMO",VLOOKUP(B20,INSUMOS!$A$6:$E$4845,5,0),IF(A20="COTAÇÃO",VLOOKUP(B20,'014-22-cotação'!$A$9:$J$138,10,0),IF(A20="AUX",VLOOKUP('014-22-CCU''s'!B20,'014-22-CCU''s AUX'!$B$1:$H$130,3,0))))) -> MAT. | E20: =IF(A20="SERVIÇO",VLOOKUP(B20,SERVIÇOS!$A$6:$D$7697,3,0),IF(A20="INSUMO",VLOOKUP(B20,INSUMOS!$A$6:$D$4845,3,0),IF(A20="COTAÇÃO",VLOOKUP(B20,'014-22-cotação'!$A$9:$I$138,4,0),IF(A20="AUX",VLOOKUP('014-22-CCU''s'!B20,'014-22-CCU''s AUX'!$B$1:$H$130,4,0))))) -> M | F20: 13.5 | G20: =IF(A20="SERVIÇO",VLOOKUP(B20,SERVIÇOS!$A$6:$D$7697,4,0),IF(A20="INSUMO",VLOOKUP(B20,INSUMOS!$A$6:$D$4845,4,0),IF(A20="COTAÇÃO",VLOOKUP(B20,'014-22-cotação'!$A$9:$I$138,3,0),IF(A20="AUX",VLOOKUP('014-22-CCU''s'!B20,'014-22-CCU''s AUX'!$B$1:$H$130,7,0))))) -> 12.6 | H20: =TRUNC((F20*G20),2) -> 170.1
B21: Observação: | C21: REF: 11033/ORSE JULHO 2021
B23: CCU - 02.003 | C23: FORNECIMENTO DE ENERGIA ELETRICA ATRAVÉS DE GERADOR A GASOLINA 13CV | D23: SER.CG | E23: MÊS | H23: =ROUND(SUM(H24:H25),2) -> 8285.44
A24: SERVIÇO | B24: 93415 | C24: =IF(A24="SERVIÇO",VLOOKUP(B24,SERVIÇOS!$A$6:$D$7697,2,0),IF(A24="INSUMO",VLOOKUP(B24,INSUMOS!$A$6:$D$4845,2,0),IF(A24="COTAÇÃO",VLOOKUP(B24,'014-22-cotação'!$A$9:$I$138,2,0),IF(A24="AUX",VLOOKUP('014-22-CCU''s'!B24,'014-22-CCU''s AUX'!$B$1:$H$130,2,0))))) -> GERADOR PORTÁTIL MONOFÁSICO, POTÊNCIA 5500 VA, MOTOR A GASOLINA, POTÊNCIA DO MOTOR 13 CV - CHP DIURNO. AF_03/2016 | D24: =IF(A24="SERVIÇO",VLOOKUP(B24,SERVIÇOS!$A$6:$E$7697,5,0),IF(A24="INSUMO",VLOOKUP(B24,INSUMOS!$A$6:$E$4845,5,0),IF(A24="COTAÇÃO",VLOOKUP(B24,'014-22-cotação'!$A$9:$J$138,10,0),IF(A24="AUX",VLOOKUP('014-22-CCU''s'!B24,'014-22-CCU''s AUX'!$B$1:$H$130,3,0))))) -> EQUIP. | E24: =IF(A24="SERVIÇO",VLOOKUP(B24,SERVIÇOS!$A$6:$D$7697,3,0),IF(A24="INSUMO",VLOOKUP(B24,INSUMOS!$A$6:$D$4845,3,0),IF(A24="COTAÇÃO",VLOOKUP(B24,'014-22-cotação'!$A$9:$I$138,4,0),IF(A24="AUX",VLOOKUP('014-22-CCU''s'!B24,'014-22-CCU''s AUX'!$B$1:$H$130,4,0))))) -> CHP | F24: =(22*20)+(8*12) -> 536 | G24: =IF(A24="SERVIÇO",VLOOKUP(B24,SERVIÇOS!$A$6:$D$7697,4,0),IF(A24="INSUMO",VLOOKUP(B24,INSUMOS!$A$6:$D$4845,4,0),IF(A24="COTAÇÃO",VLOOKUP(B24,'014-22-cotação'!$A$9:$I$138,3,0),IF(A24="AUX",VLOOKUP('014-22-CCU''s'!B24,'014-22-CCU''s AUX'!$B$1:$H$130,7,0))))) -> 15.3 | H24: =TRUNC((F24*G24),2) -> 8200.8 | J24: CONSIDEROU-SE O GERADOR EM ATIVIDADE DURANTE A JORNADA DE TRABALHO ENTRE 08:00 AS 12:00 HS E DAS 13;00 AS 17:,00 HS E DAS 18:00 AS 06:00:00 HS PARA VIGILÂNCIA EM DIAS ÚTEIS, OU SEJA, 20 HS POR DIA CONSIDEROU-SE O GERADOR EM ATIVIDADE DURANTE DAS 18:00 AS 06:00:00 HS PARA VIGILÂNCIA EM FINAIS DE SEMANA, 12 HS POR DIA
A25: SERVIÇO | B25: 93416 | C25: =IF(A25="SERVIÇO",VLOOKUP(B25,SERVIÇOS!$A$6:$D$7697,2,0),IF(A25="INSUMO",VLOOKUP(B25,INSUMOS!$A$6:$D$4845,2,0),IF(A25="COTAÇÃO",VLOOKUP(B25,'014-22-cotação'!$A$9:$I$138,2,0),IF(A25="AUX",VLOOKUP('014-22-CCU''s'!B25,'014-22-CCU''s AUX'!$B$1:$H$130,2,0))))) -> GERADOR PORTÁTIL MONOFÁSICO, POTÊNCIA 5500 VA, MOTOR A GASOLINA, POTÊNCIA DO MOTOR 13 CV - CHI DIURNO. AF_03/2016 | D25: =IF(A25="SERVIÇO",VLOOKUP(B25,SERVIÇOS!$A$6:$E$7697,5,0),IF(A25="INSUMO",VLOOKUP(B25,INSUMOS!$A$6:$E$4845,5,0),IF(A25="COTAÇÃO",VLOOKUP(B25,'014-22-cotação'!$A$9:$J$138,10,0),IF(A25="AUX",VLOOKUP('014-22-CCU''s'!B25,'014-22-CCU''s AUX'!$B$1:$H$130,3,0))))) -> EQUIP. | E25: =IF(A25="SERVIÇO",VLOOKUP(B25,SERVIÇOS!$A$6:$D$7697,3,0),IF(A25="INSUMO",VLOOKUP(B25,INSUMOS!$A$6:$D$4845,3,0),IF(A25="COTAÇÃO",VLOOKUP(B25,'014-22-cotação'!$A$9:$I$138,4,0),IF(A25="AUX",VLOOKUP('014-22-CCU''s'!B25,'014-22-CCU''s AUX'!$B$1:$H$130,4,0))))) -> CHI | F25: =(22*4)+(8*12) -> 184 | G25: =IF(A25="SERVIÇO",VLOOKUP(B25,SERVIÇOS!$A$6:$D$7697,4,0),IF(A25="INSUMO",VLOOKUP(B25,INSUMOS!$A$6:$D$4845,4,0),IF(A25="COTAÇÃO",VLOOKUP(B25,'014-22-cotação'!$A$9:$I$138,3,0),IF(A25="AUX",VLOOKUP('014-22-CCU''s'!B25,'014-22-CCU''s AUX'!$B$1:$H$130,7,0))))) -> 0.46 | H25: =TRUNC((F25*G25),2) -> 84.64
B26: Observação: | C26: REF: 41598 SINAPI DEZ 2019
B28: CCU - 02.004 | C28: FORNECIMENTO DE ÁGUA ATRAVÉS DE CAMINHÃO PIPA 10M3 | D28: SER.CG | E28: M3 | H28: =ROUND(SUM(H29:H30),2) -> 22.9
A29: INSUMO | B29: 44480 | C29: =IF(A29="SERVIÇO",VLOOKUP(B29,SERVIÇOS!$A$6:$D$7697,2,0),IF(A29="INSUMO",VLOOKUP(B29,INSUMOS!$A$6:$D$4845,2,0),IF(A29="COTAÇÃO",VLOOKUP(B29,'014-22-cotação'!$A$9:$I$138,2,0),IF(A29="AUX",VLOOKUP('014-22-CCU''s'!B29,'014-22-CCU''s AUX'!$B$1:$H$130,2,0))))) -> TARIFA "A" ENTRE 0 E 20M3 FORNECIMENTO D'AGUA | D29: =IF(A29="SERVIÇO",VLOOKUP(B29,SERVIÇOS!$A$6:$E$7697,5,0),IF(A29="INSUMO",VLOOKUP(B29,INSUMOS!$A$6:$E$4845,5,0),IF(A29="COTAÇÃO",VLOOKUP(B29,'014-22-cotação'!$A$9:$J$138,10,0),IF(A29="AUX",VLOOKUP('014-22-CCU''s'!B29,'014-22-CCU''s AUX'!$B$1:$H$130,3,0))))) -> MAT. | E29: =IF(A29="SERVIÇO",VLOOKUP(B29,SERVIÇOS!$A$6:$D$7697,3,0),IF(A29="INSUMO",VLOOKUP(B29,INSUMOS!$A$6:$D$4845,3,0),IF(A29="COTAÇÃO",VLOOKUP(B29,'014-22-cotação'!$A$9:$I$138,4,0),IF(A29="AUX",VLOOKUP('014-22-CCU''s'!B29,'014-22-CCU''s AUX'!$B$1:$H$130,4,0))))) -> M3 | F29: 1 | G29: =IF(A29="SERVIÇO",VLOOKUP(B29,SERVIÇOS!$A$6:$D$7697,4,0),IF(A29="INSUMO",VLOOKUP(B29,INSUMOS!$A$6:$D$4845,4,0),IF(A29="COTAÇÃO",VLOOKUP(B29,'014-22-cotação'!$A$9:$I$138,3,0),IF(A29="AUX",VLOOKUP('014-22-CCU''s'!B29,'014-22-CCU''s AUX'!$B$1:$H$130,7,0))))) -> 14.38 | H29: =TRUNC((F29*G29),2) -> 14.38
A30: SERVIÇO | B30: 100962 | C30: =IF(A30="SERVIÇO",VLOOKUP(B30,SERVIÇOS!$A$6:$D$7697,2,0),IF(A30="INSUMO",VLOOKUP(B30,INSUMOS!$A$6:$D$4845,2,0),IF(A30="COTAÇÃO",VLOOKUP(B30,'014-22-cotação'!$A$9:$I$138,2,0),IF(A30="AUX",VLOOKUP('014-22-CCU''s'!B30,'014-22-CCU''s AUX'!$B$1:$H$130,2,0))))) -> TRANSPORTE COM CAMINHÃO PIPA DE 10 M³, EM VIA URBANA PAVIMENTADA, DMT ATÉ 30KM (UNIDADE: M3XKM). AF_07/2020 | D30: =IF(A30="SERVIÇO",VLOOKUP(B30,SERVIÇOS!$A$6:$E$7697,5,0),IF(A30="INSUMO",VLOOKUP(B30,INSUMOS!$A$6:$E$4845,5,0),IF(A30="COTAÇÃO",VLOOKUP(B30,'014-22-cotação'!$A$9:$J$138,10,0),IF(A30="AUX",VLOOKUP('014-22-CCU''s'!B30,'014-22-CCU''s AUX'!$B$1:$H$130,3,0))))) -> SER.CG | E30: =IF(A30="SERVIÇO",VLOOKUP(B30,SERVIÇOS!$A$6:$D$7697,3,0),IF(A30="INSUMO",VLOOKUP(B30,INSUMOS!$A$6:$D$4845,3,0),IF(A30="COTAÇÃO",VLOOKUP(B30,'014-22-cotação'!$A$9:$I$138,4,0),IF(A30="AUX",VLOOKUP('014-22-CCU''s'!B30,'014-22-CCU''s AUX'!$B$1:$H$130,4,0))))) -> M3XKM | F30: =30/10 -> 3 | G30: =IF(A30="SERVIÇO",VLOOKUP(B30,SERVIÇOS!$A$6:$D$7697,4,0),IF(A30="INSUMO",VLOOKUP(B30,INSUMOS!$A$6:$D$4845,4,0),IF(A30="COTAÇÃO",VLOOKUP(B30,'014-22-cotação'!$A$9:$I$138,3,0),IF(A30="AUX",VLOOKUP('014-22-CCU''s'!B30,'014-22-CCU''s AUX'!$B$1:$H$130,7,0))))) -> 2.84 | H30: =TRUNC((F30*G30),2) -> 8.52
B32: CCU - 02.007 | C32: PLACA DE OBRA EM CHAPA DE ACO GALVANIZADO ADESIVADA - FORNECIMENTO E INSTALAÇÃO | D32: SER.CG | E32: M2 | H32: =ROUND(SUM(H33:H38),2) -> 368.59
A33: INSUMO | B33: 4491 | C33: =IF(A33="SERVIÇO",VLOOKUP(B33,SERVIÇOS!$A$6:$D$7697,2,0),IF(A33="INSUMO",VLOOKUP(B33,INSUMOS!$A$6:$D$4845,2,0),IF(A33="COTAÇÃO",VLOOKUP(B33,'014-22-cotação'!$A$9:$I$138,2,0),IF(A33="AUX",VLOOKUP('014-22-CCU''s'!B33,'014-22-CCU''s AUX'!$B$1:$H$130,2,0))))) -> PONTALETE *7,5 X 7,5* CM EM PINUS, MISTA OU EQUIVALENTE DA REGIAO - BRUTA | D33: =IF(A33="SERVIÇO",VLOOKUP(B33,SERVIÇOS!$A$6:$E$7697,5,0),IF(A33="INSUMO",VLOOKUP(B33,INSUMOS!$A$6:$E$4845,5,0),IF(A33="COTAÇÃO",VLOOKUP(B33,'014-22-cotação'!$A$9:$J$138,10,0),IF(A33="AUX",VLOOKUP('014-22-CCU''s'!B33,'014-22-CCU''s AUX'!$B$1:$H$130,3,0))))) -> MAT. | E33: =IF(A33="SERVIÇO",VLOOKUP(B33,SERVIÇOS!$A$6:$D$7697,3,0),IF(A33="INSUMO",VLOOKUP(B33,INSUMOS!$A$6:$D$4845,3,0),IF(A33="COTAÇÃO",VLOOKUP(B33,'014-22-cotação'!$A$9:$I$138,4,0),IF(A33="AUX",VLOOKUP('014-22-CCU''s'!B33,'014-22-CCU''s AUX'!$B$1:$H$130,4,0))))) -> M | F33: 4 | G33: =IF(A33="SERVIÇO",VLOOKUP(B33,SERVIÇOS!$A$6:$D$7697,4,0),IF(A33="INSUMO",VLOOKUP(B33,INSUMOS!$A$6:$D$4845,4,0),IF(A33="COTAÇÃO",VLOOKUP(B33,'014-22-cotação'!$A$9:$I$138,3,0),IF(A33="AUX",VLOOKUP('014-22-CCU''s'!B33,'014-22-CCU''s AUX'!$B$1:$H$130,7,0))))) -> 7.6 | H33: =TRUNC((F33*G33),2) -> 30.4
A34: INSUMO | B34: 4813 | C34: =IF(A34="SERVIÇO",VLOOKUP(B34,SERVIÇOS!$A$6:$D$7697,2,0),IF(A34="INSUMO",VLOOKUP(B34,INSUMOS!$A$6:$D$4845,2,0),IF(A34="COTAÇÃO",VLOOKUP(B34,'014-22-cotação'!$A$9:$I$138,2,0),IF(A34="AUX",VLOOKUP('014-22-CCU''s'!B34,'014-22-CCU''s AUX'!$B$1:$H$130,2,0))))) -> PLACA DE OBRA (PARA CONSTRUCAO CIVIL) EM CHAPA GALVANIZADA *N. 22*, ADESIVADA, DE *2,4 X 1,2* M (SEM POSTES PARA FIXACAO) | D34: =IF(A34="SERVIÇO",VLOOKUP(B34,SERVIÇOS!$A$6:$E$7697,5,0),IF(A34="INSUMO",VLOOKUP(B34,INSUMOS!$A$6:$E$4845,5,0),IF(A34="COTAÇÃO",VLOOKUP(B34,'014-22-cotação'!$A$9:$J$138,10,0),IF(A34="AUX",VLOOKUP('014-22-CCU''s'!B34,'014-22-CCU''s AUX'!$B$1:$H$130,3,0))))) -> MAT. | E34: =IF(A34="SERVIÇO",VLOOKUP(B34,SERVIÇOS!$A$6:$D$7697,3,0),IF(A34="INSUMO",VLOOKUP(B34,INSUMOS!$A$6:$D$4845,3,0),IF(A34="COTAÇÃO",VLOOKUP(B34,'014-22-cotação'!$A$9:$I$138,4,0),IF(A34="AUX",VLOOKUP('014-22-CCU''s'!B34,'014-22-CCU''s AUX'!$B$1:$H$130,4,0))))) -> M2 | F34: 1 | G34: =IF(A34="SERVIÇO",VLOOKUP(B34,SERVIÇOS!$A$6:$D$7697,4,0),IF(A34="INSUMO",VLOOKUP(B34,INSUMOS!$A$6:$D$4845,4,0),IF(A34="COTAÇÃO",VLOOKUP(B34,'014-22-cotação'!$A$9:$I$138,3,0),IF(A34="AUX",VLOOKUP('014-22-CCU''s'!B34,'014-22-CCU''s AUX'!$B$1:$H$130,7,0))))) -> 250 | H34: =TRUNC((F34*G34),2) -> 250
A35: INSUMO | B35: 4417 | C35: =IF(A35="SERVIÇO",VLOOKUP(B35,SERVIÇOS!$A$6:$D$7697,2,0),IF(A35="INSUMO",VLOOKUP(B35,INSUMOS!$A$6:$D$4845,2,0),IF(A35="COTAÇÃO",VLOOKUP(B35,'014-22-cotação'!$A$9:$I$138,2,0),IF(A35="AUX",VLOOKUP('014-22-CCU''s'!B35,'014-22-CCU''s AUX'!$B$1:$H$130,2,0))))) -> SARRAFO NAO APARELHADO *2,5 X 7* CM, EM MACARANDUBA/MASSARANDUBA, ANGELIM, PEROBA-ROSA OU EQUIVALENTE DA REGIAO - BRUTA | D35: =IF(A35="SERVIÇO",VLOOKUP(B35,SERVIÇOS!$A$6:$E$7697,5,0),IF(A35="INSUMO",VLOOKUP(B35,INSUMOS!$A$6:$E$4845,5,0),IF(A35="COTAÇÃO",VLOOKUP(B35,'014-22-cotação'!$A$9:$J$138,10,0),IF(A35="AUX",VLOOKUP('014-22-CCU''s'!B35,'014-22-CCU''s AUX'!$B$1:$H$130,3,0))))) -> MAT. | E35: =IF(A35="SERVIÇO",VLOOKUP(B35,SERVIÇOS!$A$6:$D$7697,3,0),IF(A35="INSUMO",VLOOKUP(B35,INSUMOS!$A$6:$D$4845,3,0),IF(A35="COTAÇÃO",VLOOKUP(B35,'014-22-cotação'!$A$9:$I$138,4,0),IF(A35="AUX",VLOOKUP('014-22-CCU''s'!B35,'014-22-CCU''s AUX'!$B$1:$H$130,4,0))))) -> M | F35: 1 | G35: =IF(A35="SERVIÇO",VLOOKUP(B35,SERVIÇOS!$A$6:$D$7697,4,0),IF(A35="INSUMO",VLOOKUP(B35,INSUMOS!$A$6:$D$4845,4,0),IF(A35="COTAÇÃO",VLOOKUP(B35,'014-22-cotação'!$A$9:$I$138,3,0),IF(A35="AUX",VLOOKUP('014-22-CCU''s'!B35,'014-22-CCU''s AUX'!$B$1:$H$130,7,0))))) -> 7.85 | H35: =TRUNC((F35*G35),2) -> 7.85
A36: SERVIÇO | B36: 88262 | C36: =IF(A36="SERVIÇO",VLOOKUP(B36,SERVIÇOS!$A$6:$D$7697,2,0),IF(A36="INSUMO",VLOOKUP(B36,INSUMOS!$A$6:$D$4845,2,0),IF(A36="COTAÇÃO",VLOOKUP(B36,'014-22-cotação'!$A$9:$I$138,2,0),IF(A36="AUX",VLOOKUP('014-22-CCU''s'!B36,'014-22-CCU''s AUX'!$B$1:$H$130,2,0))))) -> CARPINTEIRO DE FORMAS COM ENCARGOS COMPLEMENTARES | D36: =IF(A36="SERVIÇO",VLOOKUP(B36,SERVIÇOS!$A$6:$E$7697,5,0),IF(A36="INSUMO",VLOOKUP(B36,INSUMOS!$A$6:$E$4845,5,0),IF(A36="COTAÇÃO",VLOOKUP(B36,'014-22-cotação'!$A$9:$J$138,10,0),IF(A36="AUX",VLOOKUP('014-22-CCU''s'!B36,'014-22-CCU''s AUX'!$B$1:$H$130,3,0))))) -> M.O | E36: =IF(A36="SERVIÇO",VLOOKUP(B36,SERVIÇOS!$A$6:$D$7697,3,0),IF(A36="INSUMO",VLOOKUP(B36,INSUMOS!$A$6:$D$4845,3,0),IF(A36="COTAÇÃO",VLOOKUP(B36,'014-22-cotação'!$A$9:$I$138,4,0),IF(A36="AUX",VLOOKUP('014-22-CCU''s'!B36,'014-22-CCU''s AUX'!$B$1:$H$130,4,0))))) -> H | F36: 1 | G36: =IF(A36="SERVIÇO",VLOOKUP(B36,SERVIÇOS!$A$6:$D$7697,4,0),IF(A36="INSUMO",VLOOKUP(B36,INSUMOS!$A$6:$D$4845,4,0),IF(A36="COTAÇÃO",VLOOKUP(B36,'014-22-cotação'!$A$9:$I$138,3,0),IF(A36="AUX",VLOOKUP('014-22-CCU''s'!B36,'014-22-CCU''s AUX'!$B$1:$H$130,7,0))))) -> 30.71 | H36: =TRUNC((F36*G36),2) -> 30.71
A37: INSUMO | B37: 5075 | C37: =IF(A37="SERVIÇO",VLOOKUP(B37,SERVIÇOS!$A$6:$D$7697,2,0),IF(A37="INSUMO",VLOOKUP(B37,INSUMOS!$A$6:$D$4845,2,0),IF(A37="COTAÇÃO",VLOOKUP(B37,'014-22-cotação'!$A$9:$I$138,2,0),IF(A37="AUX",VLOOKUP('014-22-CCU''s'!B37,'014-22-CCU''s AUX'!$B$1:$H$130,2,0))))) -> PREGO DE ACO POLIDO COM CABECA 18 X 30 (2 3/4 X 10) | D37: =IF(A37="SERVIÇO",VLOOKUP(B37,SERVIÇOS!$A$6:$E$7697,5,0),IF(A37="INSUMO",VLOOKUP(B37,INSUMOS!$A$6:$E$4845,5,0),IF(A37="COTAÇÃO",VLOOKUP(B37,'014-22-cotação'!$A$9:$J$138,10,0),IF(A37="AUX",VLOOKUP('014-22-CCU''s'!B37,'014-22-CCU''s AUX'!$B$1:$H$130,3,0))))) -> MAT. | E37: =IF(A37="SERVIÇO",VLOOKUP(B37,SERVIÇOS!$A$6:$D$7697,3,0),IF(A37="INSUMO",VLOOKUP(B37,INSUMOS!$A$6:$D$4845,3,0),IF(A37="COTAÇÃO",VLOOKUP(B37,'014-22-cotação'!$A$9:$I$138,4,0),IF(A37="AUX",VLOOKUP('014-22-CCU''s'!B37,'014-22-CCU''s AUX'!$B$1:$H$130,4,0))))) -> KG | F37: 0.15 | G37: =IF(A37="SERVIÇO",VLOOKUP(B37,SERVIÇOS!$A$6:$D$7697,4,0),IF(A37="INSUMO",VLOOKUP(B37,INSUMOS!$A$6:$D$4845,4,0),IF(A37="COTAÇÃO",VLOOKUP(B37,'014-22-cotação'!$A$9:$I$138,3,0),IF(A37="AUX",VLOOKUP('014-22-CCU''s'!B37,'014-22-CCU''s AUX'!$B$1:$H$130,7,0))))) -> 18.92 | H37: =TRUNC((F37*G37),2) -> 2.83
A38: SERVIÇO | B38: 88316 | C38: =IF(A38="SERVIÇO",VLOOKUP(B38,SERVIÇOS!$A$6:$D$7697,2,0),IF(A38="INSUMO",VLOOKUP(B38,INSUMOS!$A$6:$D$4845,2,0),IF(A38="COTAÇÃO",VLOOKUP(B38,'014-22-cotação'!$A$9:$I$138,2,0),IF(A38="AUX",VLOOKUP('014-22-CCU''s'!B38,'014-22-CCU''s AUX'!$B$1:$H$130,2,0))))) -> SERVENTE COM ENCARGOS COMPLEMENTARES | D38: =IF(A38="SERVIÇO",VLOOKUP(B38,SERVIÇOS!$A$6:$E$7697,5,0),IF(A38="INSUMO",VLOOKUP(B38,INSUMOS!$A$6:$E$4845,5,0),IF(A38="COTAÇÃO",VLOOKUP(B38,'014-22-cotação'!$A$9:$J$138,10,0),IF(A38="AUX",VLOOKUP('014-22-CCU''s'!B38,'014-22-CCU''s AUX'!$B$1:$H$130,3,0))))) -> M.O | E38: =IF(A38="SERVIÇO",VLOOKUP(B38,SERVIÇOS!$A$6:$D$7697,3,0),IF(A38="INSUMO",VLOOKUP(B38,INSUMOS!$A$6:$D$4845,3,0),IF(A38="COTAÇÃO",VLOOKUP(B38,'014-22-cotação'!$A$9:$I$138,4,0),IF(A38="AUX",VLOOKUP('014-22-CCU''s'!B38,'014-22-CCU''s AUX'!$B$1:$H$130,4,0))))) -> H | F38: 2 | G38: =IF(A38="SERVIÇO",VLOOKUP(B38,SERVIÇOS!$A$6:$D$7697,4,0),IF(A38="INSUMO",VLOOKUP(B38,INSUMOS!$A$6:$D$4845,4,0),IF(A38="COTAÇÃO",VLOOKUP(B38,'014-22-cotação'!$A$9:$I$138,3,0),IF(A38="AUX",VLOOKUP('014-22-CCU''s'!B38,'014-22-CCU''s AUX'!$B$1:$H$130,7,0))))) -> 23.4 | H38: =TRUNC((F38*G38),2) -> 46.8
B39: Observação: | C39: REF: 00051/ORSE JULHO 2021
B41: CCU - 02.009 | C41: DEMOLIÇÃO DE PISOS/CALÇADAS, DE FORMA MECANIZADA COM MARTELETE, SEM REAPROVEITAMENTO | D41: SER.CG | E41: M3 | H41: =ROUND(SUM(H42:H45),2) -> 141.74
A42: SERVIÇO | B42: 5795 | C42: =IF(A42="SERVIÇO",VLOOKUP(B42,SERVIÇOS!$A$6:$D$7697,2,0),IF(A42="INSUMO",VLOOKUP(B42,INSUMOS!$A$6:$D$4845,2,0),IF(A42="COTAÇÃO",VLOOKUP(B42,'014-22-cotação'!$A$9:$I$138,2,0),IF(A42="AUX",VLOOKUP('014-22-CCU''s'!B42,'014-22-CCU''s AUX'!$B$1:$H$130,2,0))))) -> MARTELETE OU ROMPEDOR PNEUMÁTICO MANUAL, 28 KG, COM SILENCIADOR - CHP DIURNO. AF_07/2016 | D42: =IF(A42="SERVIÇO",VLOOKUP(B42,SERVIÇOS!$A$6:$E$7697,5,0),IF(A42="INSUMO",VLOOKUP(B42,INSUMOS!$A$6:$E$4845,5,0),IF(A42="COTAÇÃO",VLOOKUP(B42,'014-22-cotação'!$A$9:$J$138,10,0),IF(A42="AUX",VLOOKUP('014-22-CCU''s'!B42,'014-22-CCU''s AUX'!$B$1:$H$130,3,0))))) -> EQUIP. | E42: =IF(A42="SERVIÇO",VLOOKUP(B42,SERVIÇOS!$A$6:$D$7697,3,0),IF(A42="INSUMO",VLOOKUP(B42,INSUMOS!$A$6:$D$4845,3,0),IF(A42="COTAÇÃO",VLOOKUP(B42,'014-22-cotação'!$A$9:$I$138,4,0),IF(A42="AUX",VLOOKUP('014-22-CCU''s'!B42,'014-22-CCU''s AUX'!$B$1:$H$130,4,0))))) -> CHP | F42: 1.5562 | G42: =IF(A42="SERVIÇO",VLOOKUP(B42,SERVIÇOS!$A$6:$D$7697,4,0),IF(A42="INSUMO",VLOOKUP(B42,INSUMOS!$A$6:$D$4845,4,0),IF(A42="COTAÇÃO",VLOOKUP(B42,'014-22-cotação'!$A$9:$I$138,3,0),IF(A42="AUX",VLOOKUP('014-22-CCU''s'!B42,'014-22-CCU''s AUX'!$B$1:$H$130,7,0))))) -> 29.73 | H42: =TRUNC((F42*G42),2) -> 46.26
A43: SERVIÇO | B43: 5952 | C43: =IF(A43="SERVIÇO",VLOOKUP(B43,SERVIÇOS!$A$6:$D$7697,2,0),IF(A43="INSUMO",VLOOKUP(B43,INSUMOS!$A$6:$D$4845,2,0),IF(A43="COTAÇÃO",VLOOKUP(B43,'014-22-cotação'!$A$9:$I$138,2,0),IF(A43="AUX",VLOOKUP('014-22-CCU''s'!B43,'014-22-CCU''s AUX'!$B$1:$H$130,2,0))))) -> MARTELETE OU ROMPEDOR PNEUMÁTICO MANUAL, 28 KG, COM SILENCIADOR - CHI DIURNO. AF_07/2016 | D43: =IF(A43="SERVIÇO",VLOOKUP(B43,SERVIÇOS!$A$6:$E$7697,5,0),IF(A43="INSUMO",VLOOKUP(B43,INSUMOS!$A$6:$E$4845,5,0),IF(A43="COTAÇÃO",VLOOKUP(B43,'014-22-cotação'!$A$9:$J$138,10,0),IF(A43="AUX",VLOOKUP('014-22-CCU''s'!B43,'014-22-CCU''s AUX'!$B$1:$H$130,3,0))))) -> EQUIP. | E43: =IF(A43="SERVIÇO",VLOOKUP(B43,SERVIÇOS!$A$6:$D$7697,3,0),IF(A43="INSUMO",VLOOKUP(B43,INSUMOS!$A$6:$D$4845,3,0),IF(A43="COTAÇÃO",VLOOKUP(B43,'014-22-cotação'!$A$9:$I$138,4,0),IF(A43="AUX",VLOOKUP('014-22-CCU''s'!B43,'014-22-CCU''s AUX'!$B$1:$H$130,4,0))))) -> CHI | F43: 0.4411 | G43: =IF(A43="SERVIÇO",VLOOKUP(B43,SERVIÇOS!$A$6:$D$7697,4,0),IF(A43="INSUMO",VLOOKUP(B43,INSUMOS!$A$6:$D$4845,4,0),IF(A43="COTAÇÃO",VLOOKUP(B43,'014-22-cotação'!$A$9:$I$138,3,0),IF(A43="AUX",VLOOKUP('014-22-CCU''s'!B43,'014-22-CCU''s AUX'!$B$1:$H$130,7,0))))) -> 27.71 | H43: =TRUNC((F43*G43),2) -> 12.22
A44: SERVIÇO | B44: 88309 | C44: =IF(A44="SERVIÇO",VLOOKUP(B44,SERVIÇOS!$A$6:$D$7697,2,0),IF(A44="INSUMO",VLOOKUP(B44,INSUMOS!$A$6:$D$4845,2,0),IF(A44="COTAÇÃO",VLOOKUP(B44,'014-22-cotação'!$A$9:$I$138,2,0),IF(A44="AUX",VLOOKUP('014-22-CCU''s'!B44,'014-22-CCU''s AUX'!$B$1:$H$130,2,0))))) -> PEDREIRO COM ENCARGOS COMPLEMENTARES | D44: =IF(A44="SERVIÇO",VLOOKUP(B44,SERVIÇOS!$A$6:$E$7697,5,0),IF(A44="INSUMO",VLOOKUP(B44,INSUMOS!$A$6:$E$4845,5,0),IF(A44="COTAÇÃO",VLOOKUP(B44,'014-22-cotação'!$A$9:$J$138,10,0),IF(A44="AUX",VLOOKUP('014-22-CCU''s'!B44,'014-22-CCU''s AUX'!$B$1:$H$130,3,0))))) -> M.O | E44: =IF(A44="SERVIÇO",VLOOKUP(B44,SERVIÇOS!$A$6:$D$7697,3,0),IF(A44="INSUMO",VLOOKUP(B44,INSUMOS!$A$6:$D$4845,3,0),IF(A44="COTAÇÃO",VLOOKUP(B44,'014-22-cotação'!$A$9:$I$138,4,0),IF(A44="AUX",VLOOKUP('014-22-CCU''s'!B44,'014-22-CCU''s AUX'!$B$1:$H$130,4,0))))) -> H | F44: 0.3051 | G44: =IF(A44="SERVIÇO",VLOOKUP(B44,SERVIÇOS!$A$6:$D$7697,4,0),IF(A44="INSUMO",VLOOKUP(B44,INSUMOS!$A$6:$D$4845,4,0),IF(A44="COTAÇÃO",VLOOKUP(B44,'014-22-cotação'!$A$9:$I$138,3,0),IF(A44="AUX",VLOOKUP('014-22-CCU''s'!B44,'014-22-CCU''s AUX'!$B$1:$H$130,7,0))))) -> 31.1 | H44: =TRUNC((F44*G44),2) -> 9.48
A45: SERVIÇO | B45: 88316 | C45: =IF(A45="SERVIÇO",VLOOKUP(B45,SERVIÇOS!$A$6:$D$7697,2,0),IF(A45="INSUMO",VLOOKUP(B45,INSUMOS!$A$6:$D$4845,2,0),IF(A45="COTAÇÃO",VLOOKUP(B45,'014-22-cotação'!$A$9:$I$138,2,0),IF(A45="AUX",VLOOKUP('014-22-CCU''s'!B45,'014-22-CCU''s AUX'!$B$1:$H$130,2,0))))) -> SERVENTE COM ENCARGOS COMPLEMENTARES | D45: =IF(A45="SERVIÇO",VLOOKUP(B45,SERVIÇOS!$A$6:$E$7697,5,0),IF(A45="INSUMO",VLOOKUP(B45,INSUMOS!$A$6:$E$4845,5,0),IF(A45="COTAÇÃO",VLOOKUP(B45,'014-22-cotação'!$A$9:$J$138,10,0),IF(A45="AUX",VLOOKUP('014-22-CCU''s'!B45,'014-22-CCU''s AUX'!$B$1:$H$130,3,0))))) -> M.O | E45: =IF(A45="SERVIÇO",VLOOKUP(B45,SERVIÇOS!$A$6:$D$7697,3,0),IF(A45="INSUMO",VLOOKUP(B45,INSUMOS!$A$6:$D$4845,3,0),IF(A45="COTAÇÃO",VLOOKUP(B45,'014-22-cotação'!$A$9:$I$138,4,0),IF(A45="AUX",VLOOKUP('014-22-CCU''s'!B45,'014-22-CCU''s AUX'!$B$1:$H$130,4,0))))) -> H | F45: 3.153 | G45: =IF(A45="SERVIÇO",VLOOKUP(B45,SERVIÇOS!$A$6:$D$7697,4,0),IF(A45="INSUMO",VLOOKUP(B45,INSUMOS!$A$6:$D$4845,4,0),IF(A45="COTAÇÃO",VLOOKUP(B45,'014-22-cotação'!$A$9:$I$138,3,0),IF(A45="AUX",VLOOKUP('014-22-CCU''s'!B45,'014-22-CCU''s AUX'!$B$1:$H$130,7,0))))) -> 23.4 | H45: =TRUNC((F45*G45),2) -> 73.78
B46: Observação: | C46: REF: 97629 SINAPI JAN 2022
B48: CCU - 02.010 | C48: DEMOLIÇÃO DE BANCOS E CONCRETO, DE FORMA MECANIZADA COM MARTELETE, SEM REAPROVEITAMENTO | D48: SER.CG | E48: M3 | H48: =ROUND(SUM(H49:H52),2) -> 141.74
A49: SERVIÇO | B49: 5795 | C49: =IF(A49="SERVIÇO",VLOOKUP(B49,SERVIÇOS!$A$6:$D$7697,2,0),IF(A49="INSUMO",VLOOKUP(B49,INSUMOS!$A$6:$D$4845,2,0),IF(A49="COTAÇÃO",VLOOKUP(B49,'014-22-cotação'!$A$9:$I$138,2,0),IF(A49="AUX",VLOOKUP('014-22-CCU''s'!B49,'014-22-CCU''s AUX'!$B$1:$H$130,2,0))))) -> MARTELETE OU ROMPEDOR PNEUMÁTICO MANUAL, 28 KG, COM SILENCIADOR - CHP DIURNO. AF_07/2016 | D49: =IF(A49="SERVIÇO",VLOOKUP(B49,SERVIÇOS!$A$6:$E$7697,5,0),IF(A49="INSUMO",VLOOKUP(B49,INSUMOS!$A$6:$E$4845,5,0),IF(A49="COTAÇÃO",VLOOKUP(B49,'014-22-cotação'!$A$9:$J$138,10,0),IF(A49="AUX",VLOOKUP('014-22-CCU''s'!B49,'014-22-CCU''s AUX'!$B$1:$H$130,3,0))))) -> EQUIP. | E49: =IF(A49="SERVIÇO",VLOOKUP(B49,SERVIÇOS!$A$6:$D$7697,3,0),IF(A49="INSUMO",VLOOKUP(B49,INSUMOS!$A$6:$D$4845,3,0),IF(A49="COTAÇÃO",VLOOKUP(B49,'014-22-cotação'!$A$9:$I$138,4,0),IF(A49="AUX",VLOOKUP('014-22-CCU''s'!B49,'014-22-CCU''s AUX'!$B$1:$H$130,4,0))))) -> CHP | F49: 1.5562 | G49: =IF(A49="SERVIÇO",VLOOKUP(B49,SERVIÇOS!$A$6:$D$7697,4,0),IF(A49="INSUMO",VLOOKUP(B49,INSUMOS!$A$6:$D$4845,4,0),IF(A49="COTAÇÃO",VLOOKUP(B49,'014-22-cotação'!$A$9:$I$138,3,0),IF(A49="AUX",VLOOKUP('014-22-CCU''s'!B49,'014-22-CCU''s AUX'!$B$1:$H$130,7,0))))) -> 29.73 | H49: =TRUNC((F49*G49),2) -> 46.26
A50: SERVIÇO | B50: 5952 | C50: =IF(A50="SERVIÇO",VLOOKUP(B50,SERVIÇOS!$A$6:$D$7697,2,0),IF(A50="INSUMO",VLOOKUP(B50,INSUMOS!$A$6:$D$4845,2,0),IF(A50="COTAÇÃO",VLOOKUP(B50,'014-22-cotação'!$A$9:$I$138,2,0),IF(A50="AUX",VLOOKUP('014-22-CCU''s'!B50,'014-22-CCU''s AUX'!$B$1:$H$130,2,0))))) -> MARTELETE OU ROMPEDOR PNEUMÁTICO MANUAL, 28 KG, COM SILENCIADOR - CHI DIURNO. AF_07/2016 | D50: =IF(A50="SERVIÇO",VLOOKUP(B50,SERVIÇOS!$A$6:$E$7697,5,0),IF(A50="INSUMO",VLOOKUP(B50,INSUMOS!$A$6:$E$4845,5,0),IF(A50="COTAÇÃO",VLOOKUP(B50,'014-22-cotação'!$A$9:$J$138,10,0),IF(A50="AUX",VLOOKUP('014-22-CCU''s'!B50,'014-22-CCU''s AUX'!$B$1:$H$130,3,0))))) -> EQUIP. | E50: =IF(A50="SERVIÇO",VLOOKUP(B50,SERVIÇOS!$A$6:$D$7697,3,0),IF(A50="INSUMO",VLOOKUP(B50,INSUMOS!$A$6:$D$4845,3,0),IF(A50="COTAÇÃO",VLOOKUP(B50,'014-22-cotação'!$A$9:$I$138,4,0),IF(A50="AUX",VLOOKUP('014-22-CCU''s'!B50,'014-22-CCU''s AUX'!$B$1:$H$130,4,0))))) -> CHI | F50: 0.4411 | G50: =IF(A50="SERVIÇO",VLOOKUP(B50,SERVIÇOS!$A$6:$D$7697,4,0),IF(A50="INSUMO",VLOOKUP(B50,INSUMOS!$A$6:$D$4845,4,0),IF(A50="COTAÇÃO",VLOOKUP(B50,'014-22-cotação'!$A$9:$I$138,3,0),IF(A50="AUX",VLOOKUP('014-22-CCU''s'!B50,'014-22-CCU''s AUX'!$B$1:$H$130,7,0))))) -> 27.71 | H50: =TRUNC((F50*G50),2) -> 12.22
A51: SERVIÇO | B51: 88309 | C51: =IF(A51="SERVIÇO",VLOOKUP(B51,SERVIÇOS!$A$6:$D$7697,2,0),IF(A51="INSUMO",VLOOKUP(B51,INSUMOS!$A$6:$D$4845,2,0),IF(A51="COTAÇÃO",VLOOKUP(B51,'014-22-cotação'!$A$9:$I$138,2,0),IF(A51="AUX",VLOOKUP('014-22-CCU''s'!B51,'014-22-CCU''s AUX'!$B$1:$H$130,2,0))))) -> PEDREIRO COM ENCARGOS COMPLEMENTARES | D51: =IF(A51="SERVIÇO",VLOOKUP(B51,SERVIÇOS!$A$6:$E$7697,5,0),IF(A51="INSUMO",VLOOKUP(B51,INSUMOS!$A$6:$E$4845,5,0),IF(A51="COTAÇÃO",VLOOKUP(B51,'014-22-cotação'!$A$9:$J$138,10,0),IF(A51="AUX",VLOOKUP('014-22-CCU''s'!B51,'014-22-CCU''s AUX'!$B$1:$H$130,3,0))))) -> M.O | E51: =IF(A51="SERVIÇO",VLOOKUP(B51,SERVIÇOS!$A$6:$D$7697,3,0),IF(A51="INSUMO",VLOOKUP(B51,INSUMOS!$A$6:$D$4845,3,0),IF(A51="COTAÇÃO",VLOOKUP(B51,'014-22-cotação'!$A$9:$I$138,4,0),IF(A51="AUX",VLOOKUP('014-22-CCU''s'!B51,'014-22-CCU''s AUX'!$B$1:$H$130,4,0))))) -> H | F51: 0.3051 | G51: =IF(A51="SERVIÇO",VLOOKUP(B51,SERVIÇOS!$A$6:$D$7697,4,0),IF(A51="INSUMO",VLOOKUP(B51,INSUMOS!$A$6:$D$4845,4,0),IF(A51="COTAÇÃO",VLOOKUP(B51,'014-22-cotação'!$A$9:$I$138,3,0),IF(A51="AUX",VLOOKUP('014-22-CCU''s'!B51,'014-22-CCU''s AUX'!$B$1:$H$130,7,0))))) -> 31.1 | H51: =TRUNC((F51*G51),2) -> 9.48
A52: SERVIÇO | B52: 88316 | C52: =IF(A52="SERVIÇO",VLOOKUP(B52,SERVIÇOS!$A$6:$D$7697,2,0),IF(A52="INSUMO",VLOOKUP(B52,INSUMOS!$A$6:$D$4845,2,0),IF(A52="COTAÇÃO",VLOOKUP(B52,'014-22-cotação'!$A$9:$I$138,2,0),IF(A52="AUX",VLOOKUP('014-22-CCU''s'!B52,'014-22-CCU''s AUX'!$B$1:$H$130,2,0))))) -> SERVENTE COM ENCARGOS COMPLEMENTARES | D52: =IF(A52="SERVIÇO",VLOOKUP(B52,SERVIÇOS!$A$6:$E$7697,5,0),IF(A52="INSUMO",VLOOKUP(B52,INSUMOS!$A$6:$E$4845,5,0),IF(A52="COTAÇÃO",VLOOKUP(B52,'014-22-cotação'!$A$9:$J$138,10,0),IF(A52="AUX",VLOOKUP('014-22-CCU''s'!B52,'014-22-CCU''s AUX'!$B$1:$H$130,3,0))))) -> M.O | E52: =IF(A52="SERVIÇO",VLOOKUP(B52,SERVIÇOS!$A$6:$D$7697,3,0),IF(A52="INSUMO",VLOOKUP(B52,INSUMOS!$A$6:$D$4845,3,0),IF(A52="COTAÇÃO",VLOOKUP(B52,'014-22-cotação'!$A$9:$I$138,4,0),IF(A52="AUX",VLOOKUP('014-22-CCU''s'!B52,'014-22-CCU''s AUX'!$B$1:$H$130,4,0))))) -> H | F52: 3.153 | G52: =IF(A52="SERVIÇO",VLOOKUP(B52,SERVIÇOS!$A$6:$D$7697,4,0),IF(A52="INSUMO",VLOOKUP(B52,INSUMOS!$A$6:$D$4845,4,0),IF(A52="COTAÇÃO",VLOOKUP(B52,'014-22-cotação'!$A$9:$I$138,3,0),IF(A52="AUX",VLOOKUP('014-22-CCU''s'!B52,'014-22-CCU''s AUX'!$B$1:$H$130,7,0))))) -> 23.4 | H52: =TRUNC((F52*G52),2) -> 73.78
B53: Observação: | C53: REF: 97629 SINAPI JAN 2022
B55: CCU - 02.011 | C55: REMOÇÃO DE LIXEIRAS | D55: SER.CG | E55: UN | H55: =ROUND(SUM(H56:H56),2) -> 23.4
A56: SERVIÇO | B56: 88316 | C56: =IF(A56="SERVIÇO",VLOOKUP(B56,SERVIÇOS!$A$6:$D$7697,2,0),IF(A56="INSUMO",VLOOKUP(B56,INSUMOS!$A$6:$D$4845,2,0),IF(A56="COTAÇÃO",VLOOKUP(B56,'014-22-cotação'!$A$9:$I$138,2,0),IF(A56="AUX",VLOOKUP('014-22-CCU''s'!B56,'014-22-CCU''s AUX'!$B$1:$H$130,2,0))))) -> SERVENTE COM ENCARGOS COMPLEMENTARES | D56: =IF(A56="SERVIÇO",VLOOKUP(B56,SERVIÇOS!$A$6:$E$7697,5,0),IF(A56="INSUMO",VLOOKUP(B56,INSUMOS!$A$6:$E$4845,5,0),IF(A56="COTAÇÃO",VLOOKUP(B56,'014-22-cotação'!$A$9:$J$138,10,0),IF(A56="AUX",VLOOKUP('014-22-CCU''s'!B56,'014-22-CCU''s AUX'!$B$1:$H$130,3,0))))) -> M.O | E56: =IF(A56="SERVIÇO",VLOOKUP(B56,SERVIÇOS!$A$6:$D$7697,3,0),IF(A56="INSUMO",VLOOKUP(B56,INSUMOS!$A$6:$D$4845,3,0),IF(A56="COTAÇÃO",VLOOKUP(B56,'014-22-cotação'!$A$9:$I$138,4,0),IF(A56="AUX",VLOOKUP('014-22-CCU''s'!B56,'014-22-CCU''s AUX'!$B$1:$H$130,4,0))))) -> H | F56: 1 | G56: =IF(A56="SERVIÇO",VLOOKUP(B56,SERVIÇOS!$A$6:$D$7697,4,0),IF(A56="INSUMO",VLOOKUP(B56,INSUMOS!$A$6:$D$4845,4,0),IF(A56="COTAÇÃO",VLOOKUP(B56,'014-22-cotação'!$A$9:$I$138,3,0),IF(A56="AUX",VLOOKUP('014-22-CCU''s'!B56,'014-22-CCU''s AUX'!$B$1:$H$130,7,0))))) -> 23.4 | H56: =TRUNC((F56*G56),2) -> 23.4
B57: Observação: | C57: REF: TEMPO ESTIMADO
B59: CCU - 02.012 | C59: REMOÇÃO DE TUBO GALVANIZADO, BITOLAS DIVERSAS | D59: SER.CG | E59: M | H59: =ROUND(SUM(H60:H60),2) -> 8.47
A60: SERVIÇO | B60: 88251 | C60: =IF(A60="SERVIÇO",VLOOKUP(B60,SERVIÇOS!$A$6:$D$7697,2,0),IF(A60="INSUMO",VLOOKUP(B60,INSUMOS!$A$6:$D$4845,2,0),IF(A60="COTAÇÃO",VLOOKUP(B60,'014-22-cotação'!$A$9:$I$138,2,0),IF(A60="AUX",VLOOKUP('014-22-CCU''s'!B60,'014-22-CCU''s AUX'!$B$1:$H$130,2,0))))) -> AUXILIAR DE SERRALHEIRO COM ENCARGOS COMPLEMENTARES | D60: =IF(A60="SERVIÇO",VLOOKUP(B60,SERVIÇOS!$A$6:$E$7697,5,0),IF(A60="INSUMO",VLOOKUP(B60,INSUMOS!$A$6:$E$4845,5,0),IF(A60="COTAÇÃO",VLOOKUP(B60,'014-22-cotação'!$A$9:$J$138,10,0),IF(A60="AUX",VLOOKUP('014-22-CCU''s'!B60,'014-22-CCU''s AUX'!$B$1:$H$130,3,0))))) -> M.O | E60: =IF(A60="SERVIÇO",VLOOKUP(B60,SERVIÇOS!$A$6:$D$7697,3,0),IF(A60="INSUMO",VLOOKUP(B60,INSUMOS!$A$6:$D$4845,3,0),IF(A60="COTAÇÃO",VLOOKUP(B60,'014-22-cotação'!$A$9:$I$138,4,0),IF(A60="AUX",VLOOKUP('014-22-CCU''s'!B60,'014-22-CCU''s AUX'!$B$1:$H$130,4,0))))) -> H | F60: 0.35 | G60: =IF(A60="SERVIÇO",VLOOKUP(B60,SERVIÇOS!$A$6:$D$7697,4,0),IF(A60="INSUMO",VLOOKUP(B60,INSUMOS!$A$6:$D$4845,4,0),IF(A60="COTAÇÃO",VLOOKUP(B60,'014-22-cotação'!$A$9:$I$138,3,0),IF(A60="AUX",VLOOKUP('014-22-CCU''s'!B60,'014-22-CCU''s AUX'!$B$1:$H$130,7,0))))) -> 24.21 | H60: =TRUNC((F60*G60),2) -> 8.47
B61: Observação: | C61: REF: 12947/ORSE JAN 2022
B63: CCU - 02.013 | C63: DEMOLIÇÃO MANUAL DE CONSTRUÇÕES PROVISÓRIAS DE MADEIRA - SEM REAPROVEITAMENTO | D63: SER.CG | E63: M2 | H63: =ROUND(SUM(H64:H66),2) -> 15.54
A64: SERVIÇO | B64: 88262 | C64: =IF(A64="SERVIÇO",VLOOKUP(B64,SERVIÇOS!$A$6:$D$7697,2,0),IF(A64="INSUMO",VLOOKUP(B64,INSUMOS!$A$6:$D$4845,2,0),IF(A64="COTAÇÃO",VLOOKUP(B64,'014-22-cotação'!$A$9:$I$138,2,0),IF(A64="AUX",VLOOKUP('014-22-CCU''s'!B64,'014-22-CCU''s AUX'!$B$1:$H$130,2,0))))) -> CARPINTEIRO DE FORMAS COM ENCARGOS COMPLEMENTARES | D64: =IF(A64="SERVIÇO",VLOOKUP(B64,SERVIÇOS!$A$6:$E$7697,5,0),IF(A64="INSUMO",VLOOKUP(B64,INSUMOS!$A$6:$E$4845,5,0),IF(A64="COTAÇÃO",VLOOKUP(B64,'014-22-cotação'!$A$9:$J$138,10,0),IF(A64="AUX",VLOOKUP('014-22-CCU''s'!B64,'014-22-CCU''s AUX'!$B$1:$H$130,3,0))))) -> M.O | E64: =IF(A64="SERVIÇO",VLOOKUP(B64,SERVIÇOS!$A$6:$D$7697,3,0),IF(A64="INSUMO",VLOOKUP(B64,INSUMOS!$A$6:$D$4845,3,0),IF(A64="COTAÇÃO",VLOOKUP(B64,'014-22-cotação'!$A$9:$I$138,4,0),IF(A64="AUX",VLOOKUP('014-22-CCU''s'!B64,'014-22-CCU''s AUX'!$B$1:$H$130,4,0))))) -> H | F64: =1/10 -> 0.1 | G64: =IF(A64="SERVIÇO",VLOOKUP(B64,SERVIÇOS!$A$6:$D$7697,4,0),IF(A64="INSUMO",VLOOKUP(B64,INSUMOS!$A$6:$D$4845,4,0),IF(A64="COTAÇÃO",VLOOKUP(B64,'014-22-cotação'!$A$9:$I$138,3,0),IF(A64="AUX",VLOOKUP('014-22-CCU''s'!B64,'014-22-CCU''s AUX'!$B$1:$H$130,7,0))))) -> 30.71 | H64: =TRUNC((F64*G64),2) -> 3.07
A65: SERVIÇO | B65: 88309 | C65: =IF(A65="SERVIÇO",VLOOKUP(B65,SERVIÇOS!$A$6:$D$7697,2,0),IF(A65="INSUMO",VLOOKUP(B65,INSUMOS!$A$6:$D$4845,2,0),IF(A65="COTAÇÃO",VLOOKUP(B65,'014-22-cotação'!$A$9:$I$138,2,0),IF(A65="AUX",VLOOKUP('014-22-CCU''s'!B65,'014-22-CCU''s AUX'!$B$1:$H$130,2,0))))) -> PEDREIRO COM ENCARGOS COMPLEMENTARES | D65: =IF(A65="SERVIÇO",VLOOKUP(B65,SERVIÇOS!$A$6:$E$7697,5,0),IF(A65="INSUMO",VLOOKUP(B65,INSUMOS!$A$6:$E$4845,5,0),IF(A65="COTAÇÃO",VLOOKUP(B65,'014-22-cotação'!$A$9:$J$138,10,0),IF(A65="AUX",VLOOKUP('014-22-CCU''s'!B65,'014-22-CCU''s AUX'!$B$1:$H$130,3,0))))) -> M.O | E65: =IF(A65="SERVIÇO",VLOOKUP(B65,SERVIÇOS!$A$6:$D$7697,3,0),IF(A65="INSUMO",VLOOKUP(B65,INSUMOS!$A$6:$D$4845,3,0),IF(A65="COTAÇÃO",VLOOKUP(B65,'014-22-cotação'!$A$9:$I$138,4,0),IF(A65="AUX",VLOOKUP('014-22-CCU''s'!B65,'014-22-CCU''s AUX'!$B$1:$H$130,4,0))))) -> H | F65: =1/10 -> 0.1 | G65: =IF(A65="SERVIÇO",VLOOKUP(B65,SERVIÇOS!$A$6:$D$7697,4,0),IF(A65="INSUMO",VLOOKUP(B65,INSUMOS!$A$6:$D$4845,4,0),IF(A65="COTAÇÃO",VLOOKUP(B65,'014-22-cotação'!$A$9:$I$138,3,0),IF(A65="AUX",VLOOKUP('014-22-CCU''s'!B65,'014-22-CCU''s AUX'!$B$1:$H$130,7,0))))) -> 31.1 | H65: =TRUNC((F65*G65),2) -> 3.11
A66: SERVIÇO | B66: 88316 | C66: =IF(A66="SERVIÇO",VLOOKUP(B66,SERVIÇOS!$A$6:$D$7697,2,0),IF(A66="INSUMO",VLOOKUP(B66,INSUMOS!$A$6:$D$4845,2,0),IF(A66="COTAÇÃO",VLOOKUP(B66,'014-22-cotação'!$A$9:$I$138,2,0),IF(A66="AUX",VLOOKUP('014-22-CCU''s'!B66,'014-22-CCU''s AUX'!$B$1:$H$130,2,0))))) -> SERVENTE COM ENCARGOS COMPLEMENTARES | D66: =IF(A66="SERVIÇO",VLOOKUP(B66,SERVIÇOS!$A$6:$E$7697,5,0),IF(A66="INSUMO",VLOOKUP(B66,INSUMOS!$A$6:$E$4845,5,0),IF(A66="COTAÇÃO",VLOOKUP(B66,'014-22-cotação'!$A$9:$J$138,10,0),IF(A66="AUX",VLOOKUP('014-22-CCU''s'!B66,'014-22-CCU''s AUX'!$B$1:$H$130,3,0))))) -> M.O | E66: =IF(A66="SERVIÇO",VLOOKUP(B66,SERVIÇOS!$A$6:$D$7697,3,0),IF(A66="INSUMO",VLOOKUP(B66,INSUMOS!$A$6:$D$4845,3,0),IF(A66="COTAÇÃO",VLOOKUP(B66,'014-22-cotação'!$A$9:$I$138,4,0),IF(A66="AUX",VLOOKUP('014-22-CCU''s'!B66,'014-22-CCU''s AUX'!$B$1:$H$130,4,0))))) -> H | F66: =4/10 -> 0.4 | G66: =IF(A66="SERVIÇO",VLOOKUP(B66,SERVIÇOS!$A$6:$D$7697,4,0),IF(A66="INSUMO",VLOOKUP(B66,INSUMOS!$A$6:$D$4845,4,0),IF(A66="COTAÇÃO",VLOOKUP(B66,'014-22-cotação'!$A$9:$I$138,3,0),IF(A66="AUX",VLOOKUP('014-22-CCU''s'!B66,'014-22-CCU''s AUX'!$B$1:$H$130,7,0))))) -> 23.4 | H66: =TRUNC((F66*G66),2) -> 9.36
B67: Observação: | C67: REF: 1600895 SICRO ABRIL 2021
B69: CCU - 02.014 | C69: EXECUÇÃO DE DEPÓSITO EM CANTEIRO DE OBRA EM CHAPA DE MADEIRA COMPENSADA, NÃO INCLUSO MOBILIÁRIO. AF_04/2016 | D69: SER.CG | E69: M2 | H69: =ROUND(SUM(H70:H93),2) -> 735.49 | I69: ok
A70: INSUMO | B70: 11455 | C70: =IF(A70="SERVIÇO",VLOOKUP(B70,SERVIÇOS!$A$6:$D$7697,2,0),IF(A70="INSUMO",VLOOKUP(B70,INSUMOS!$A$6:$D$4845,2,0),IF(A70="COTAÇÃO",VLOOKUP(B70,'014-22-cotação'!$A$9:$I$138,2,0),IF(A70="AUX",VLOOKUP('014-22-CCU''s'!B70,'014-22-CCU''s AUX'!$B$1:$H$130,2,0))))) -> FERROLHO COM FECHO / TRINCO REDONDO, EM ACO GALVANIZADO / ZINCADO, DE SOBREPOR, COM COMPRIMENTO DE 8" E ESPESSURA MINIMA DA CHAPA DE 1,50 MM | D70: =IF(A70="SERVIÇO",VLOOKUP(B70,SERVIÇOS!$A$6:$E$7697,5,0),IF(A70="INSUMO",VLOOKUP(B70,INSUMOS!$A$6:$E$4845,5,0),IF(A70="COTAÇÃO",VLOOKUP(B70,'014-22-cotação'!$A$9:$J$138,10,0),IF(A70="AUX",VLOOKUP('014-22-CCU''s'!B70,'014-22-CCU''s AUX'!$B$1:$H$130,3,0))))) -> MAT. | E70: =IF(A70="SERVIÇO",VLOOKUP(B70,SERVIÇOS!$A$6:$D$7697,3,0),IF(A70="INSUMO",VLOOKUP(B70,INSUMOS!$A$6:$D$4845,3,0),IF(A70="COTAÇÃO",VLOOKUP(B70,'014-22-cotação'!$A$9:$I$138,4,0),IF(A70="AUX",VLOOKUP('014-22-CCU''s'!B70,'014-22-CCU''s AUX'!$B$1:$H$130,4,0))))) -> UN | F70: 0.0662 | G70: =IF(A70="SERVIÇO",VLOOKUP(B70,SERVIÇOS!$A$6:$D$7697,4,0),IF(A70="INSUMO",VLOOKUP(B70,INSUMOS!$A$6:$D$4845,4,0),IF(A70="COTAÇÃO",VLOOKUP(B70,'014-22-cotação'!$A$9:$I$138,3,0),IF(A70="AUX",VLOOKUP('014-22-CCU''s'!B70,'014-22-CCU''s AUX'!$B$1:$H$130,7,0))))) -> 15.49 | H70: =TRUNC((F70*G70),2) -> 1.02 | I70: 11455 | J70: 3080
A71: SERVIÇO | B71: 88489 | C71: =IF(A71="SERVIÇO",VLOOKUP(B71,SERVIÇOS!$A$6:$D$7697,2,0),IF(A71="INSUMO",VLOOKUP(B71,INSUMOS!$A$6:$D$4845,2,0),IF(A71="COTAÇÃO",VLOOKUP(B71,'014-22-cotação'!$A$9:$I$138,2,0),IF(A71="AUX",VLOOKUP('014-22-CCU''s'!B71,'014-22-CCU''s AUX'!$B$1:$H$130,2,0))))) -> PINTURA LÁTEX ACRÍLICA PREMIUM, APLICAÇÃO MANUAL EM PAREDES, DUAS DEMÃOS. AF_04/2023 | D71: =IF(A71="SERVIÇO",VLOOKUP(B71,SERVIÇOS!$A$6:$E$7697,5,0),IF(A71="INSUMO",VLOOKUP(B71,INSUMOS!$A$6:$E$4845,5,0),IF(A71="COTAÇÃO",VLOOKUP(B71,'014-22-cotação'!$A$9:$J$138,10,0),IF(A71="AUX",VLOOKUP('014-22-CCU''s'!B71,'014-22-CCU''s AUX'!$B$1:$H$130,3,0))))) -> SER.CG | E71: =IF(A71="SERVIÇO",VLOOKUP(B71,SERVIÇOS!$A$6:$D$7697,3,0),IF(A71="INSUMO",VLOOKUP(B71,INSUMOS!$A$6:$D$4845,3,0),IF(A71="COTAÇÃO",VLOOKUP(B71,'014-22-cotação'!$A$9:$I$138,4,0),IF(A71="AUX",VLOOKUP('014-22-CCU''s'!B71,'014-22-CCU''s AUX'!$B$1:$H$130,4,0))))) -> M2 | F71: 5.0649 | G71: =IF(A71="SERVIÇO",VLOOKUP(B71,SERVIÇOS!$A$6:$D$7697,4,0),IF(A71="INSUMO",VLOOKUP(B71,INSUMOS!$A$6:$D$4845,4,0),IF(A71="COTAÇÃO",VLOOKUP(B71,'014-22-cotação'!$A$9:$I$138,3,0),IF(A71="AUX",VLOOKUP('014-22-CCU''s'!B71,'014-22-CCU''s AUX'!$B$1:$H$130,7,0))))) -> 14.06 | H71: =TRUNC((F71*G71),2) -> 71.21 | I71: 88489 | J71: 88489
A72: SERVIÇO | B72: 91170 | C72: =IF(A72="SERVIÇO",VLOOKUP(B72,SERVIÇOS!$A$6:$D$7697,2,0),IF(A72="INSUMO",VLOOKUP(B72,INSUMOS!$A$6:$D$4845,2,0),IF(A72="COTAÇÃO",VLOOKUP(B72,'014-22-cotação'!$A$9:$I$138,2,0),IF(A72="AUX",VLOOKUP('014-22-CCU''s'!B72,'014-22-CCU''s AUX'!$B$1:$H$130,2,0))))) -> FIXAÇÃO DE TUBOS HORIZONTAIS DE PVC ÁGUA, PVC ESGOTO, PVC ÁGUA PLUVIAL, CPVC, PPR, COBRE OU AÇO, DIÂMETROS MENORES OU IGUAIS A 40 MM, COM ABRAÇADEIRA METÁLICA RÍGIDA TIPO U PERFIL 1 1/4", FIXADA EM PERFILADO EM LAJE. AF_09/2023_PS | D72: =IF(A72="SERVIÇO",VLOOKUP(B72,SERVIÇOS!$A$6:$E$7697,5,0),IF(A72="INSUMO",VLOOKUP(B72,INSUMOS!$A$6:$E$4845,5,0),IF(A72="COTAÇÃO",VLOOKUP(B72,'014-22-cotação'!$A$9:$J$138,10,0),IF(A72="AUX",VLOOKUP('014-22-CCU''s'!B72,'014-22-CCU''s AUX'!$B$1:$H$130,3,0))))) -> SER.CG | E72: =IF(A72="SERVIÇO",VLOOKUP(B72,SERVIÇOS!$A$6:$D$7697,3,0),IF(A72="INSUMO",VLOOKUP(B72,INSUMOS!$A$6:$D$4845,3,0),IF(A72="COTAÇÃO",VLOOKUP(B72,'014-22-cotação'!$A$9:$I$138,4,0),IF(A72="AUX",VLOOKUP('014-22-CCU''s'!B72,'014-22-CCU''s AUX'!$B$1:$H$130,4,0))))) -> M | F72: 0.1325 | G72: =IF(A72="SERVIÇO",VLOOKUP(B72,SERVIÇOS!$A$6:$D$7697,4,0),IF(A72="INSUMO",VLOOKUP(B72,INSUMOS!$A$6:$D$4845,4,0),IF(A72="COTAÇÃO",VLOOKUP(B72,'014-22-cotação'!$A$9:$I$138,3,0),IF(A72="AUX",VLOOKUP('014-22-CCU''s'!B72,'014-22-CCU''s AUX'!$B$1:$H$130,7,0))))) -> 10.73 | H72: =TRUNC((F72*G72),2) -> 1.42 | I72: 91170 | J72: 90822
A73: SERVIÇO | B73: 91173 | C73: =IF(A73="SERVIÇO",VLOOKUP(B73,SERVIÇOS!$A$6:$D$7697,2,0),IF(A73="INSUMO",VLOOKUP(B73,INSUMOS!$A$6:$D$4845,2,0),IF(A73="COTAÇÃO",VLOOKUP(B73,'014-22-cotação'!$A$9:$I$138,2,0),IF(A73="AUX",VLOOKUP('014-22-CCU''s'!B73,'014-22-CCU''s AUX'!$B$1:$H$130,2,0))))) -> FIXAÇÃO DE TUBOS VERTICAIS DE PVC ÁGUA, PVC ESGOTO, PVC ÁGUA PLUVIAL, CPVC, PPR, COBRE OU AÇO, DIÂMETROS MENORES OU IGUAIS A 40 MM, COM ABRAÇADEIRA METÁLICA RÍGIDA TIPO U PERFIL 1 1/4", FIXADA EM PERFILADO EM PAREDE. AF_09/2023_PS | D73: =IF(A73="SERVIÇO",VLOOKUP(B73,SERVIÇOS!$A$6:$E$7697,5,0),IF(A73="INSUMO",VLOOKUP(B73,INSUMOS!$A$6:$E$4845,5,0),IF(A73="COTAÇÃO",VLOOKUP(B73,'014-22-cotação'!$A$9:$J$138,10,0),IF(A73="AUX",VLOOKUP('014-22-CCU''s'!B73,'014-22-CCU''s AUX'!$B$1:$H$130,3,0))))) -> SER.CG | E73: =IF(A73="SERVIÇO",VLOOKUP(B73,SERVIÇOS!$A$6:$D$7697,3,0),IF(A73="INSUMO",VLOOKUP(B73,INSUMOS!$A$6:$D$4845,3,0),IF(A73="COTAÇÃO",VLOOKUP(B73,'014-22-cotação'!$A$9:$I$138,4,0),IF(A73="AUX",VLOOKUP('014-22-CCU''s'!B73,'014-22-CCU''s AUX'!$B$1:$H$130,4,0))))) -> M | F73: 0.1722 | G73: =IF(A73="SERVIÇO",VLOOKUP(B73,SERVIÇOS!$A$6:$D$7697,4,0),IF(A73="INSUMO",VLOOKUP(B73,INSUMOS!$A$6:$D$4845,4,0),IF(A73="COTAÇÃO",VLOOKUP(B73,'014-22-cotação'!$A$9:$I$138,3,0),IF(A73="AUX",VLOOKUP('014-22-CCU''s'!B73,'014-22-CCU''s AUX'!$B$1:$H$130,7,0))))) -> 4 | H73: =TRUNC((F73*G73),2) -> 0.68 | I73: 91173 | J73: 91170
A74: SERVIÇO | B74: 91341 | C74: =IF(A74="SERVIÇO",VLOOKUP(B74,SERVIÇOS!$A$6:$D$7697,2,0),IF(A74="INSUMO",VLOOKUP(B74,INSUMOS!$A$6:$D$4845,2,0),IF(A74="COTAÇÃO",VLOOKUP(B74,'014-22-cotação'!$A$9:$I$138,2,0),IF(A74="AUX",VLOOKUP('014-22-CCU''s'!B74,'014-22-CCU''s AUX'!$B$1:$H$130,2,0))))) -> PORTA EM ALUMÍNIO DE ABRIR TIPO VENEZIANA COM GUARNIÇÃO, FIXAÇÃO COM PARAFUSOS - FORNECIMENTO E INSTALAÇÃO. AF_12/2019 | D74: =IF(A74="SERVIÇO",VLOOKUP(B74,SERVIÇOS!$A$6:$E$7697,5,0),IF(A74="INSUMO",VLOOKUP(B74,INSUMOS!$A$6:$E$4845,5,0),IF(A74="COTAÇÃO",VLOOKUP(B74,'014-22-cotação'!$A$9:$J$138,10,0),IF(A74="AUX",VLOOKUP('014-22-CCU''s'!B74,'014-22-CCU''s AUX'!$B$1:$H$130,3,0))))) -> SER.CG | E74: =IF(A74="SERVIÇO",VLOOKUP(B74,SERVIÇOS!$A$6:$D$7697,3,0),IF(A74="INSUMO",VLOOKUP(B74,INSUMOS!$A$6:$D$4845,3,0),IF(A74="COTAÇÃO",VLOOKUP(B74,'014-22-cotação'!$A$9:$I$138,4,0),IF(A74="AUX",VLOOKUP('014-22-CCU''s'!B74,'014-22-CCU''s AUX'!$B$1:$H$130,4,0))))) -> M2 | F74: 0.153 | G74: =IF(A74="SERVIÇO",VLOOKUP(B74,SERVIÇOS!$A$6:$D$7697,4,0),IF(A74="INSUMO",VLOOKUP(B74,INSUMOS!$A$6:$D$4845,4,0),IF(A74="COTAÇÃO",VLOOKUP(B74,'014-22-cotação'!$A$9:$I$138,3,0),IF(A74="AUX",VLOOKUP('014-22-CCU''s'!B74,'014-22-CCU''s AUX'!$B$1:$H$130,7,0))))) -> 584.64 | H74: =TRUNC((F74*G74),2) -> 89.44 | I74: 91341 | J74: 91173
A75: SERVIÇO | B75: 91852 | C75: =IF(A75="SERVIÇO",VLOOKUP(B75,SERVIÇOS!$A$6:$D$7697,2,0),IF(A75="INSUMO",VLOOKUP(B75,INSUMOS!$A$6:$D$4845,2,0),IF(A75="COTAÇÃO",VLOOKUP(B75,'014-22-cotação'!$A$9:$I$138,2,0),IF(A75="AUX",VLOOKUP('014-22-CCU''s'!B75,'014-22-CCU''s AUX'!$B$1:$H$130,2,0))))) -> ELETRODUTO FLEXÍVEL CORRUGADO, PVC, DN 20 MM (1/2"), PARA CIRCUITOS TERMINAIS, INSTALADO EM PAREDE - FORNECIMENTO E INSTALAÇÃO. AF_03/2023 | D75: =IF(A75="SERVIÇO",VLOOKUP(B75,SERVIÇOS!$A$6:$E$7697,5,0),IF(A75="INSUMO",VLOOKUP(B75,INSUMOS!$A$6:$E$4845,5,0),IF(A75="COTAÇÃO",VLOOKUP(B75,'014-22-cotação'!$A$9:$J$138,10,0),IF(A75="AUX",VLOOKUP('014-22-CCU''s'!B75,'014-22-CCU''s AUX'!$B$1:$H$130,3,0))))) -> SER.CG | E75: =IF(A75="SERVIÇO",VLOOKUP(B75,SERVIÇOS!$A$6:$D$7697,3,0),IF(A75="INSUMO",VLOOKUP(B75,INSUMOS!$A$6:$D$4845,3,0),IF(A75="COTAÇÃO",VLOOKUP(B75,'014-22-cotação'!$A$9:$I$138,4,0),IF(A75="AUX",VLOOKUP('014-22-CCU''s'!B75,'014-22-CCU''s AUX'!$B$1:$H$130,4,0))))) -> M | F75: 0.0662 | G75: =IF(A75="SERVIÇO",VLOOKUP(B75,SERVIÇOS!$A$6:$D$7697,4,0),IF(A75="INSUMO",VLOOKUP(B75,INSUMOS!$A$6:$D$4845,4,0),IF(A75="COTAÇÃO",VLOOKUP(B75,'014-22-cotação'!$A$9:$I$138,3,0),IF(A75="AUX",VLOOKUP('014-22-CCU''s'!B75,'014-22-CCU''s AUX'!$B$1:$H$130,7,0))))) -> 9.9 | H75: =TRUNC((F75*G75),2) -> 0.65 | I75: 91852 | J75: 91852
A76: SERVIÇO | B76: 91862 | C76: =IF(A76="SERVIÇO",VLOOKUP(B76,SERVIÇOS!$A$6:$D$7697,2,0),IF(A76="INSUMO",VLOOKUP(B76,INSUMOS!$A$6:$D$4845,2,0),IF(A76="COTAÇÃO",VLOOKUP(B76,'014-22-cotação'!$A$9:$I$138,2,0),IF(A76="AUX",VLOOKUP('014-22-CCU''s'!B76,'014-22-CCU''s AUX'!$B$1:$H$130,2,0))))) -> ELETRODUTO RÍGIDO ROSCÁVEL, PVC, DN 20 MM (1/2"), PARA CIRCUITOS TERMINAIS, INSTALADO EM FORRO - FORNECIMENTO E INSTALAÇÃO. AF_03/2023 | D76: =IF(A76="SERVIÇO",VLOOKUP(B76,SERVIÇOS!$A$6:$E$7697,5,0),IF(A76="INSUMO",VLOOKUP(B76,INSUMOS!$A$6:$E$4845,5,0),IF(A76="COTAÇÃO",VLOOKUP(B76,'014-22-cotação'!$A$9:$J$138,10,0),IF(A76="AUX",VLOOKUP('014-22-CCU''s'!B76,'014-22-CCU''s AUX'!$B$1:$H$130,3,0))))) -> SER.CG | E76: =IF(A76="SERVIÇO",VLOOKUP(B76,SERVIÇOS!$A$6:$D$7697,3,0),IF(A76="INSUMO",VLOOKUP(B76,INSUMOS!$A$6:$D$4845,3,0),IF(A76="COTAÇÃO",VLOOKUP(B76,'014-22-cotação'!$A$9:$I$138,4,0),IF(A76="AUX",VLOOKUP('014-22-CCU''s'!B76,'014-22-CCU''s AUX'!$B$1:$H$130,4,0))))) -> M | F76: 0.1325 | G76: =IF(A76="SERVIÇO",VLOOKUP(B76,SERVIÇOS!$A$6:$D$7697,4,0),IF(A76="INSUMO",VLOOKUP(B76,INSUMOS!$A$6:$D$4845,4,0),IF(A76="COTAÇÃO",VLOOKUP(B76,'014-22-cotação'!$A$9:$I$138,3,0),IF(A76="AUX",VLOOKUP('014-22-CCU''s'!B76,'014-22-CCU''s AUX'!$B$1:$H$130,7,0))))) -> 10.78 | H76: =TRUNC((F76*G76),2) -> 1.42 | I76: 91862 | J76: 91862
A77: SERVIÇO | B77: 91870 | C77: =IF(A77="SERVIÇO",VLOOKUP(B77,SERVIÇOS!$A$6:$D$7697,2,0),IF(A77="INSUMO",VLOOKUP(B77,INSUMOS!$A$6:$D$4845,2,0),IF(A77="COTAÇÃO",VLOOKUP(B77,'014-22-cotação'!$A$9:$I$138,2,0),IF(A77="AUX",VLOOKUP('014-22-CCU''s'!B77,'014-22-CCU''s AUX'!$B$1:$H$130,2,0))))) -> ELETRODUTO RÍGIDO ROSCÁVEL, PVC, DN 20 MM (1/2"), PARA CIRCUITOS TERMINAIS, INSTALADO EM PAREDE - FORNECIMENTO E INSTALAÇÃO. AF_03/2023 | D77: =IF(A77="SERVIÇO",VLOOKUP(B77,SERVIÇOS!$A$6:$E$7697,5,0),IF(A77="INSUMO",VLOOKUP(B77,INSUMOS!$A$6:$E$4845,5,0),IF(A77="COTAÇÃO",VLOOKUP(B77,'014-22-cotação'!$A$9:$J$138,10,0),IF(A77="AUX",VLOOKUP('014-22-CCU''s'!B77,'014-22-CCU''s AUX'!$B$1:$H$130,3,0))))) -> SER.CG | E77: =IF(A77="SERVIÇO",VLOOKUP(B77,SERVIÇOS!$A$6:$D$7697,3,0),IF(A77="INSUMO",VLOOKUP(B77,INSUMOS!$A$6:$D$4845,3,0),IF(A77="COTAÇÃO",VLOOKUP(B77,'014-22-cotação'!$A$9:$I$138,4,0),IF(A77="AUX",VLOOKUP('014-22-CCU''s'!B77,'014-22-CCU''s AUX'!$B$1:$H$130,4,0))))) -> M | F77: 0.1722 | G77: =IF(A77="SERVIÇO",VLOOKUP(B77,SERVIÇOS!$A$6:$D$7697,4,0),IF(A77="INSUMO",VLOOKUP(B77,INSUMOS!$A$6:$D$4845,4,0),IF(A77="COTAÇÃO",VLOOKUP(B77,'014-22-cotação'!$A$9:$I$138,3,0),IF(A77="AUX",VLOOKUP('014-22-CCU''s'!B77,'014-22-CCU''s AUX'!$B$1:$H$130,7,0))))) -> 14.04 | H77: =TRUNC((F77*G77),2) -> 2.41 | I77: 91870 | J77: 91870
A78: SERVIÇO | B78: 91924 | C78: =IF(A78="SERVIÇO",VLOOKUP(B78,SERVIÇOS!$A$6:$D$7697,2,0),IF(A78="INSUMO",VLOOKUP(B78,INSUMOS!$A$6:$D$4845,2,0),IF(A78="COTAÇÃO",VLOOKUP(B78,'014-22-cotação'!$A$9:$I$138,2,0),IF(A78="AUX",VLOOKUP('014-22-CCU''s'!B78,'014-22-CCU''s AUX'!$B$1:$H$130,2,0))))) -> CABO DE COBRE FLEXÍVEL ISOLADO, 1,5 MM², ANTI-CHAMA 450/750 V, PARA CIRCUITOS TERMINAIS - FORNECIMENTO E INSTALAÇÃO. AF_03/2023 | D78: =IF(A78="SERVIÇO",VLOOKUP(B78,SERVIÇOS!$A$6:$E$7697,5,0),IF(A78="INSUMO",VLOOKUP(B78,INSUMOS!$A$6:$E$4845,5,0),IF(A78="COTAÇÃO",VLOOKUP(B78,'014-22-cotação'!$A$9:$J$138,10,0),IF(A78="AUX",VLOOKUP('014-22-CCU''s'!B78,'014-22-CCU''s AUX'!$B$1:$H$130,3,0))))) -> SER.CG | E78: =IF(A78="SERVIÇO",VLOOKUP(B78,SERVIÇOS!$A$6:$D$7697,3,0),IF(A78="INSUMO",VLOOKUP(B78,INSUMOS!$A$6:$D$4845,3,0),IF(A78="COTAÇÃO",VLOOKUP(B78,'014-22-cotação'!$A$9:$I$138,4,0),IF(A78="AUX",VLOOKUP('014-22-CCU''s'!B78,'014-22-CCU''s AUX'!$B$1:$H$130,4,0))))) -> M | F78: 0.6755 | G78: =IF(A78="SERVIÇO",VLOOKUP(B78,SERVIÇOS!$A$6:$D$7697,4,0),IF(A78="INSUMO",VLOOKUP(B78,INSUMOS!$A$6:$D$4845,4,0),IF(A78="COTAÇÃO",VLOOKUP(B78,'014-22-cotação'!$A$9:$I$138,3,0),IF(A78="AUX",VLOOKUP('014-22-CCU''s'!B78,'014-22-CCU''s AUX'!$B$1:$H$130,7,0))))) -> 3.18 | H78: =TRUNC((F78*G78),2) -> 2.14 | I78: 91924 | J78: 91926
A79: SERVIÇO | B79: 92023 | C79: =IF(A79="SERVIÇO",VLOOKUP(B79,SERVIÇOS!$A$6:$D$7697,2,0),IF(A79="INSUMO",VLOOKUP(B79,INSUMOS!$A$6:$D$4845,2,0),IF(A79="COTAÇÃO",VLOOKUP(B79,'014-22-cotação'!$A$9:$I$138,2,0),IF(A79="AUX",VLOOKUP('014-22-CCU''s'!B79,'014-22-CCU''s AUX'!$B$1:$H$130,2,0))))) -> INTERRUPTOR SIMPLES (1 MÓDULO) COM 1 TOMADA DE EMBUTIR 2P+T 10 A, INCLUINDO SUPORTE E PLACA - FORNECIMENTO E INSTALAÇÃO. AF_03/2023 | D79: =IF(A79="SERVIÇO",VLOOKUP(B79,SERVIÇOS!$A$6:$E$7697,5,0),IF(A79="INSUMO",VLOOKUP(B79,INSUMOS!$A$6:$E$4845,5,0),IF(A79="COTAÇÃO",VLOOKUP(B79,'014-22-cotação'!$A$9:$J$138,10,0),IF(A79="AUX",VLOOKUP('014-22-CCU''s'!B79,'014-22-CCU''s AUX'!$B$1:$H$130,3,0))))) -> SER.CG | E79: =IF(A79="SERVIÇO",VLOOKUP(B79,SERVIÇOS!$A$6:$D$7697,3,0),IF(A79="INSUMO",VLOOKUP(B79,INSUMOS!$A$6:$D$4845,3,0),IF(A79="COTAÇÃO",VLOOKUP(B79,'014-22-cotação'!$A$9:$I$138,4,0),IF(A79="AUX",VLOOKUP('014-22-CCU''s'!B79,'014-22-CCU''s AUX'!$B$1:$H$130,4,0))))) -> UN | F79: 0.0662 | G79: =IF(A79="SERVIÇO",VLOOKUP(B79,SERVIÇOS!$A$6:$D$7697,4,0),IF(A79="INSUMO",VLOOKUP(B79,INSUMOS!$A$6:$D$4845,4,0),IF(A79="COTAÇÃO",VLOOKUP(B79,'014-22-cotação'!$A$9:$I$138,3,0),IF(A79="AUX",VLOOKUP('014-22-CCU''s'!B79,'014-22-CCU''s AUX'!$B$1:$H$130,7,0))))) -> 59.21 | H79: =TRUNC((F79*G79),2) -> 3.91 | I79: 92023 | J79: 92027
A80: SERVIÇO | B80: 92543 | C80: =IF(A80="SERVIÇO",VLOOKUP(B80,SERVIÇOS!$A$6:$D$7697,2,0),IF(A80="INSUMO",VLOOKUP(B80,INSUMOS!$A$6:$D$4845,2,0),IF(A80="COTAÇÃO",VLOOKUP(B80,'014-22-cotação'!$A$9:$I$138,2,0),IF(A80="AUX",VLOOKUP('014-22-CCU''s'!B80,'014-22-CCU''s AUX'!$B$1:$H$130,2,0))))) -> TRAMA DE MADEIRA COMPOSTA POR TERÇAS PARA TELHADOS DE ATÉ 2 ÁGUAS PARA TELHA ONDULADA DE FIBROCIMENTO, METÁLICA, PLÁSTICA OU TERMOACÚSTICA, INCLUSO TRANSPORTE VERTICAL. AF_07/2019 | D80: =IF(A80="SERVIÇO",VLOOKUP(B80,SERVIÇOS!$A$6:$E$7697,5,0),IF(A80="INSUMO",VLOOKUP(B80,INSUMOS!$A$6:$E$4845,5,0),IF(A80="COTAÇÃO",VLOOKUP(B80,'014-22-cotação'!$A$9:$J$138,10,0),IF(A80="AUX",VLOOKUP('014-22-CCU''s'!B80,'014-22-CCU''s AUX'!$B$1:$H$130,3,0))))) -> SER.CG | E80: =IF(A80="SERVIÇO",VLOOKUP(B80,SERVIÇOS!$A$6:$D$7697,3,0),IF(A80="INSUMO",VLOOKUP(B80,INSUMOS!$A$6:$D$4845,3,0),IF(A80="COTAÇÃO",VLOOKUP(B80,'014-22-cotação'!$A$9:$I$138,4,0),IF(A80="AUX",VLOOKUP('014-22-CCU''s'!B80,'014-22-CCU''s AUX'!$B$1:$H$130,4,0))))) -> M2 | F80: 1.7192 | G80: =IF(A80="SERVIÇO",VLOOKUP(B80,SERVIÇOS!$A$6:$D$7697,4,0),IF(A80="INSUMO",VLOOKUP(B80,INSUMOS!$A$6:$D$4845,4,0),IF(A80="COTAÇÃO",VLOOKUP(B80,'014-22-cotação'!$A$9:$I$138,3,0),IF(A80="AUX",VLOOKUP('014-22-CCU''s'!B80,'014-22-CCU''s AUX'!$B$1:$H$130,7,0))))) -> 25.39 | H80: =TRUNC((F80*G80),2) -> 43.65 | I80: 92543 | J80: 92543
A81: SERVIÇO | B81: 93358 | C81: =IF(A81="SERVIÇO",VLOOKUP(B81,SERVIÇOS!$A$6:$D$7697,2,0),IF(A81="INSUMO",VLOOKUP(B81,INSUMOS!$A$6:$D$4845,2,0),IF(A81="COTAÇÃO",VLOOKUP(B81,'014-22-cotação'!$A$9:$I$138,2,0),IF(A81="AUX",VLOOKUP('014-22-CCU''s'!B81,'014-22-CCU''s AUX'!$B$1:$H$130,2,0))))) -> ESCAVAÇÃO MANUAL DE VALA COM PROFUNDIDADE MENOR OU IGUAL A 1,30 M. AF_02/2021 | D81: =IF(A81="SERVIÇO",VLOOKUP(B81,SERVIÇOS!$A$6:$E$7697,5,0),IF(A81="INSUMO",VLOOKUP(B81,INSUMOS!$A$6:$E$4845,5,0),IF(A81="COTAÇÃO",VLOOKUP(B81,'014-22-cotação'!$A$9:$J$138,10,0),IF(A81="AUX",VLOOKUP('014-22-CCU''s'!B81,'014-22-CCU''s AUX'!$B$1:$H$130,3,0))))) -> SER.CG | E81: =IF(A81="SERVIÇO",VLOOKUP(B81,SERVIÇOS!$A$6:$D$7697,3,0),IF(A81="INSUMO",VLOOKUP(B81,INSUMOS!$A$6:$D$4845,3,0),IF(A81="COTAÇÃO",VLOOKUP(B81,'014-22-cotação'!$A$9:$I$138,4,0),IF(A81="AUX",VLOOKUP('014-22-CCU''s'!B81,'014-22-CCU''s AUX'!$B$1:$H$130,4,0))))) -> M3 | F81: 0.0404 | G81: =IF(A81="SERVIÇO",VLOOKUP(B81,SERVIÇOS!$A$6:$D$7697,4,0),IF(A81="INSUMO",VLOOKUP(B81,INSUMOS!$A$6:$D$4845,4,0),IF(A81="COTAÇÃO",VLOOKUP(B81,'014-22-cotação'!$A$9:$I$138,3,0),IF(A81="AUX",VLOOKUP('014-22-CCU''s'!B81,'014-22-CCU''s AUX'!$B$1:$H$130,7,0))))) -> 92.57 | H81: =TRUNC((F81*G81),2) -> 3.73 | I81: 93358 | J81: 94210
... A93: SERVIÇO | B93: 101165 | C93: =IF(A93="SERVIÇO",VLOOKUP(B93,SERVIÇOS!$A$6:$D$7697,2,0),IF(A93="INSUMO",VLOOKUP(B93,INSUMOS!$A$6:$D$4845,2,0),IF(A93="COTAÇÃO",VLOOKUP(B93,'014-22-cotação'!$A$9:$I$138,2,0),IF(A93="AUX",VLOOKUP('014-22-CCU''s'!B93,'014-22-CCU''s AUX'!$B$1:$H$130,2,0))))) -> ALVENARIA DE EMBASAMENTO COM BLOCO ESTRUTURAL DE CONCRETO, DE 14X19X29CM E ARGAMASSA DE ASSENTAMENTO COM PREPARO EM BETONEIRA. AF_05/2020 | D93: =IF(A93="SERVIÇO",VLOOKUP(B93,SERVIÇOS!$A$6:$E$7697,5,0),IF(A93="INSUMO",VLOOKUP(B93,INSUMOS!$A$6:$E$4845,5,0),IF(A93="COTAÇÃO",VLOOKUP(B93,'014-22-cotação'!$A$9:$J$138,10,0),IF(A93="AUX",VLOOKUP('014-22-CCU''s'!B93,'014-22-CCU''s AUX'!$B$1:$H$130,3,0))))) -> SER.CG | E93: =IF(A93="SERVIÇO",VLOOKUP(B93,SERVIÇOS!$A$6:$D$7697,3,0),IF(A93="INSUMO",VLOOKUP(B93,INSUMOS!$A$6:$D$4845,3,0),IF(A93="COTAÇÃO",VLOOKUP(B93,'014-22-cotação'!$A$9:$I$138,4,0),IF(A93="AUX",VLOOKUP('014-22-CCU''s'!B93,'014-22-CCU''s AUX'!$B$1:$H$130,4,0))))) -> M3 | F93: 0.0417 | G93: =IF(A93="SERVIÇO",VLOOKUP(B93,SERVIÇOS!$A$6:$D$7697,4,0),IF(A93="INSUMO",VLOOKUP(B93,INSUMOS!$A$6:$D$4845,4,0),IF(A93="COTAÇÃO",VLOOKUP(B93,'014-22-cotação'!$A$9:$I$138,3,0),IF(A93="AUX",VLOOKUP('014-22-CCU''s'!B93,'014-22-CCU''s AUX'!$B$1:$H$130,7,0))))) -> 1070.65 | H93: =TRUNC((F93*G93),2) -> 44.64 | I93: 101165 | J93: 101165
B94: Observação: | C94: REF: 93585 SINAPI DEZ 2023
B96: CCU - 02.015 | C96: EXECUÇÃO DE REFEITÓRIO EM CANTEIRO DE OBRA EM CHAPA DE MADEIRA COMPENSADA, NÃO INCLUSO MOBILIÁRIO E EQUIPAMENTOS. AF_02/2016 | D96: SER.CG | E96: M2 | H96: =ROUND(SUM(H97:H139),2) -> 577.2
A97: INSUMO | B97: 3080 | C97: =IF(A97="SERVIÇO",VLOOKUP(B97,SERVIÇOS!$A$6:$D$7697,2,0),IF(A97="INSUMO",VLOOKUP(B97,INSUMOS!$A$6:$D$4845,2,0),IF(A97="COTAÇÃO",VLOOKUP(B97,'014-22-cotação'!$A$9:$I$138,2,0),IF(A97="AUX",VLOOKUP('014-22-CCU''s'!B97,'014-22-CCU''s AUX'!$B$1:$H$130,2,0))))) -> FECHADURA ESPELHO PARA PORTA EXTERNA, EM ACO INOX (MAQUINA, TESTA E CONTRA-TESTA) E EM ZAMAC (MACANETA, LINGUETA E TRINCOS) COM ACABAMENTO CROMADO, MAQUINA DE 40 MM, INCLUINDO CHAVE TIPO CILINDRO | D97: =IF(A97="SERVIÇO",VLOOKUP(B97,SERVIÇOS!$A$6:$E$7697,5,0),IF(A97="INSUMO",VLOOKUP(B97,INSUMOS!$A$6:$E$4845,5,0),IF(A97="COTAÇÃO",VLOOKUP(B97,'014-22-cotação'!$A$9:$J$138,10,0),IF(A97="AUX",VLOOKUP('014-22-CCU''s'!B97,'014-22-CCU''s AUX'!$B$1:$H$130,3,0))))) -> MAT. | E97: =IF(A97="SERVIÇO",VLOOKUP(B97,SERVIÇOS!$A$6:$D$7697,3,0),IF(A97="INSUMO",VLOOKUP(B97,INSUMOS!$A$6:$D$4845,3,0),IF(A97="COTAÇÃO",VLOOKUP(B97,'014-22-cotação'!$A$9:$I$138,4,0),IF(A97="AUX",VLOOKUP('014-22-CCU''s'!B97,'014-22-CCU''s AUX'!$B$1:$H$130,4,0))))) -> CJ | F97: 0.0268 | G97: =IF(A97="SERVIÇO",VLOOKUP(B97,SERVIÇOS!$A$6:$D$7697,4,0),IF(A97="INSUMO",VLOOKUP(B97,INSUMOS!$A$6:$D$4845,4,0),IF(A97="COTAÇÃO",VLOOKUP(B97,'014-22-cotação'!$A$9:$I$138,3,0),IF(A97="AUX",VLOOKUP('014-22-CCU''s'!B97,'014-22-CCU''s AUX'!$B$1:$H$130,7,0))))) -> 74.05 | H97: =TRUNC((F97*G97),2) -> 1.98 | I97: 3080
A98: INSUMO | B98: 10886 | C98: =IF(A98="SERVIÇO",VLOOKUP(B98,SERVIÇOS!$A$6:$D$7697,2,0),IF(A98="INSUMO",VLOOKUP(B98,INSUMOS!$A$6:$D$4845,2,0),IF(A98="COTAÇÃO",VLOOKUP(B98,'014-22-cotação'!$A$9:$I$138,2,0),IF(A98="AUX",VLOOKUP('014-22-CCU''s'!B98,'014-22-CCU''s AUX'!$B$1:$H$130,2,0))))) -> EXTINTOR DE INCENDIO PORTATIL COM CARGA DE AGUA PRESSURIZADA DE 10 L, CLASSE A | D98: =IF(A98="SERVIÇO",VLOOKUP(B98,SERVIÇOS!$A$6:$E$7697,5,0),IF(A98="INSUMO",VLOOKUP(B98,INSUMOS!$A$6:$E$4845,5,0),IF(A98="COTAÇÃO",VLOOKUP(B98,'014-22-cotação'!$A$9:$J$138,10,0),IF(A98="AUX",VLOOKUP('014-22-CCU''s'!B98,'014-22-CCU''s AUX'!$B$1:$H$130,3,0))))) -> MAT. | E98: =IF(A98="SERVIÇO",VLOOKUP(B98,SERVIÇOS!$A$6:$D$7697,3,0),IF(A98="INSUMO",VLOOKUP(B98,INSUMOS!$A$6:$D$4845,3,0),IF(A98="COTAÇÃO",VLOOKUP(B98,'014-22-cotação'!$A$9:$I$138,4,0),IF(A98="AUX",VLOOKUP('014-22-CCU''s'!B98,'014-22-CCU''s AUX'!$B$1:$H$130,4,0))))) -> UN | F98: 0.0268 | G98: =IF(A98="SERVIÇO",VLOOKUP(B98,SERVIÇOS!$A$6:$D$7697,4,0),IF(A98="INSUMO",VLOOKUP(B98,INSUMOS!$A$6:$D$4845,4,0),IF(A98="COTAÇÃO",VLOOKUP(B98,'014-22-cotação'!$A$9:$I$138,3,0),IF(A98="AUX",VLOOKUP('014-22-CCU''s'!B98,'014-22-CCU''s AUX'!$B$1:$H$130,7,0))))) -> 196.87 | H98: =TRUNC((F98*G98),2) -> 5.27 | I98: 10886
A99: INSUMO | B99: 10891 | C99: =IF(A99="SERVIÇO",VLOOKUP(B99,SERVIÇOS!$A$6:$D$7697,2,0),IF(A99="INSUMO",VLOOKUP(B99,INSUMOS!$A$6:$D$4845,2,0),IF(A99="COTAÇÃO",VLOOKUP(B99,'014-22-cotação'!$A$9:$I$138,2,0),IF(A99="AUX",VLOOKUP('014-22-CCU''s'!B99,'014-22-CCU''s AUX'!$B$1:$H$130,2,0))))) -> EXTINTOR DE INCENDIO PORTATIL COM CARGA DE PO QUIMICO SECO (PQS) DE 4 KG, CLASSE BC | D99: =IF(A99="SERVIÇO",VLOOKUP(B99,SERVIÇOS!$A$6:$E$7697,5,0),IF(A99="INSUMO",VLOOKUP(B99,INSUMOS!$A$6:$E$4845,5,0),IF(A99="COTAÇÃO",VLOOKUP(B99,'014-22-cotação'!$A$9:$J$138,10,0),IF(A99="AUX",VLOOKUP('014-22-CCU''s'!B99,'014-22-CCU''s AUX'!$B$1:$H$130,3,0))))) -> MAT. | E99: =IF(A99="SERVIÇO",VLOOKUP(B99,SERVIÇOS!$A$6:$D$7697,3,0),IF(A99="INSUMO",VLOOKUP(B99,INSUMOS!$A$6:$D$4845,3,0),IF(A99="COTAÇÃO",VLOOKUP(B99,'014-22-cotação'!$A$9:$I$138,4,0),IF(A99="AUX",VLOOKUP('014-22-CCU''s'!B99,'014-22-CCU''s AUX'!$B$1:$H$130,4,0))))) -> UN | F99: 0.0268 | G99: =IF(A99="SERVIÇO",VLOOKUP(B99,SERVIÇOS!$A$6:$D$7697,4,0),IF(A99="INSUMO",VLOOKUP(B99,INSUMOS!$A$6:$D$4845,4,0),IF(A99="COTAÇÃO",VLOOKUP(B99,'014-22-cotação'!$A$9:$I$138,3,0),IF(A99="AUX",VLOOKUP('014-22-CCU''s'!B99,'014-22-CCU''s AUX'!$B$1:$H$130,7,0))))) -> 190.38 | H99: =TRUNC((F99*G99),2) -> 5.1 | I99: 10891
A100: INSUMO | B100: 11587 | C100: =IF(A100="SERVIÇO",VLOOKUP(B100,SERVIÇOS!$A$6:$D$7697,2,0),IF(A100="INSUMO",VLOOKUP(B100,INSUMOS!$A$6:$D$4845,2,0),IF(A100="COTAÇÃO",VLOOKUP(B100,'014-22-cotação'!$A$9:$I$138,2,0),IF(A100="AUX",VLOOKUP('014-22-CCU''s'!B100,'014-22-CCU''s AUX'!$B$1:$H$130,2,0))))) -> FORRO DE PVC LISO, BRANCO, REGUA DE 10 CM, ESPESSURA DE 8 MM A 10 MM (COM COLOCACAO / SEM ESTRUTURA METALICA) | D100: =IF(A100="SERVIÇO",VLOOKUP(B100,SERVIÇOS!$A$6:$E$7697,5,0),IF(A100="INSUMO",VLOOKUP(B100,INSUMOS!$A$6:$E$4845,5,0),IF(A100="COTAÇÃO",VLOOKUP(B100,'014-22-cotação'!$A$9:$J$138,10,0),IF(A100="AUX",VLOOKUP('014-22-CCU''s'!B100,'014-22-CCU''s AUX'!$B$1:$H$130,3,0))))) -> MAT. | E100: =IF(A100="SERVIÇO",VLOOKUP(B100,SERVIÇOS!$A$6:$D$7697,3,0),IF(A100="INSUMO",VLOOKUP(B100,INSUMOS!$A$6:$D$4845,3,0),IF(A100="COTAÇÃO",VLOOKUP(B100,'014-22-cotação'!$A$9:$I$138,4,0),IF(A100="AUX",VLOOKUP('014-22-CCU''s'!B100,'014-22-CCU''s AUX'!$B$1:$H$130,4,0))))) -> M2 | F100: 1 | G100: =IF(A100="SERVIÇO",VLOOKUP(B100,SERVIÇOS!$A$6:$D$7697,4,0),IF(A100="INSUMO",VLOOKUP(B100,INSUMOS!$A$6:$D$4845,4,0),IF(A100="COTAÇÃO",VLOOKUP(B100,'014-22-cotação'!$A$9:$I$138,3,0),IF(A100="AUX",VLOOKUP('014-22-CCU''s'!B100,'014-22-CCU''s AUX'!$B$1:$H$130,7,0))))) -> 60.31 | H100: =TRUNC((F100*G100),2) -> 60.31 | I100: 11587
A101: INSUMO | B101: 37525 | C101: =IF(A101="SERVIÇO",VLOOKUP(B101,SERVIÇOS!$A$6:$D$7697,2,0),IF(A101="INSUMO",VLOOKUP(B101,INSUMOS!$A$6:$D$4845,2,0),IF(A101="COTAÇÃO",VLOOKUP(B101,'014-22-cotação'!$A$9:$I$138,2,0),IF(A101="AUX",VLOOKUP('014-22-CCU''s'!B101,'014-22-CCU''s AUX'!$B$1:$H$130,2,0))))) -> TELA PLASTICA TECIDA LISTRADA BRANCA E LARANJA, TIPO GUARDA CORPO, EM POLIETILENO MONOFILADO, ROLO 1,20 X 50 M (L X C) | D101: =IF(A101="SERVIÇO",VLOOKUP(B101,SERVIÇOS!$A$6:$E$7697,5,0),IF(A101="INSUMO",VLOOKUP(B101,INSUMOS!$A$6:$E$4845,5,0),IF(A101="COTAÇÃO",VLOOKUP(B101,'014-22-cotação'!$A$9:$J$138,10,0),IF(A101="AUX",VLOOKUP('014-22-CCU''s'!B101,'014-22-CCU''s AUX'!$B$1:$H$130,3,0))))) -> MAT. | E101: =IF(A101="SERVIÇO",VLOOKUP(B101,SERVIÇOS!$A$6:$D$7697,3,0),IF(A101="INSUMO",VLOOKUP(B101,INSUMOS!$A$6:$D$4845,3,0),IF(A101="COTAÇÃO",VLOOKUP(B101,'014-22-cotação'!$A$9:$I$138,4,0),IF(A101="AUX",VLOOKUP('014-22-CCU''s'!B101,'014-22-CCU''s AUX'!$B$1:$H$130,4,0))))) -> M | F101: 1.2782 | G101: =IF(A101="SERVIÇO",VLOOKUP(B101,SERVIÇOS!$A$6:$D$7697,4,0),IF(A101="INSUMO",VLOOKUP(B101,INSUMOS!$A$6:$D$4845,4,0),IF(A101="COTAÇÃO",VLOOKUP(B101,'014-22-cotação'!$A$9:$I$138,3,0),IF(A101="AUX",VLOOKUP('014-22-CCU''s'!B101,'014-22-CCU''s AUX'!$B$1:$H$130,7,0))))) -> 3.5 | H101: =TRUNC((F101*G101),2) -> 4.47 | I101: 37525
A102: SERVIÇO | B102: 86934 | C102: =IF(A102="SERVIÇO",VLOOKUP(B102,SERVIÇOS!$A$6:$D$7697,2,0),IF(A102="INSUMO",VLOOKUP(B102,INSUMOS!$A$6:$D$4845,2,0),IF(A102="COTAÇÃO",VLOOKUP(B102,'014-22-cotação'!$A$9:$I$138,2,0),IF(A102="AUX",VLOOKUP('014-22-CCU''s'!B102,'014-22-CCU''s AUX'!$B$1:$H$130,2,0))))) -> BANCADA DE MÁRMORE SINTÉTICO 120 X 60CM, COM CUBA INTEGRADA, INCLUSO SIFÃO TIPO FLEXÍVEL EM PVC, VÁLVULA EM PLÁSTICO CROMADO TIPO AMERICANA E TORNEIRA CROMADA LONGA, DE PAREDE, PADRÃO POPULAR - FORNECIMENTO E INSTALAÇÃO. AF_01/2020 | D102: =IF(A102="SERVIÇO",VLOOKUP(B102,SERVIÇOS!$A$6:$E$7697,5,0),IF(A102="INSUMO",VLOOKUP(B102,INSUMOS!$A$6:$E$4845,5,0),IF(A102="COTAÇÃO",VLOOKUP(B102,'014-22-cotação'!$A$9:$J$138,10,0),IF(A102="AUX",VLOOKUP('014-22-CCU''s'!B102,'014-22-CCU''s AUX'!$B$1:$H$130,3,0))))) -> SER.CG | E102: =IF(A102="SERVIÇO",VLOOKUP(B102,SERVIÇOS!$A$6:$D$7697,3,0),IF(A102="INSUMO",VLOOKUP(B102,INSUMOS!$A$6:$D$4845,3,0),IF(A102="COTAÇÃO",VLOOKUP(B102,'014-22-cotação'!$A$9:$I$138,4,0),IF(A102="AUX",VLOOKUP('014-22-CCU''s'!B102,'014-22-CCU''s AUX'!$B$1:$H$130,4,0))))) -> UN | F102: 0.0268 | G102: =IF(A102="SERVIÇO",VLOOKUP(B102,SERVIÇOS!$A$6:$D$7697,4,0),IF(A102="INSUMO",VLOOKUP(B102,INSUMOS!$A$6:$D$4845,4,0),IF(A102="COTAÇÃO",VLOOKUP(B102,'014-22-cotação'!$A$9:$I$138,3,0),IF(A102="AUX",VLOOKUP('014-22-CCU''s'!B102,'014-22-CCU''s AUX'!$B$1:$H$130,7,0))))) -> 444.42 | H102: =TRUNC((F102*G102),2) -> 11.91 | I102: 86934
A103: SERVIÇO | B103: 86943 | C103: =IF(A103="SERVIÇO",VLOOKUP(B103,SERVIÇOS!$A$6:$D$7697,2,0),IF(A103="INSUMO",VLOOKUP(B103,INSUMOS!$A$6:$D$4845,2,0),IF(A103="COTAÇÃO",VLOOKUP(B103,'014-22-cotação'!$A$9:$I$138,2,0),IF(A103="AUX",VLOOKUP('014-22-CCU''s'!B103,'014-22-CCU''s AUX'!$B$1:$H$130,2,0))))) -> LAVATÓRIO LOUÇA BRANCA SUSPENSO, 29,5 X 39CM OU EQUIVALENTE, PADRÃO POPULAR, INCLUSO SIFÃO FLEXÍVEL EM PVC, VÁLVULA E ENGATE FLEXÍVEL 30CM EM PLÁSTICO E TORNEIRA CROMADA DE MESA, PADRÃO POPULAR - FORNECIMENTO E INSTALAÇÃO. AF_01/2020 | D103: =IF(A103="SERVIÇO",VLOOKUP(B103,SERVIÇOS!$A$6:$E$7697,5,0),IF(A103="INSUMO",VLOOKUP(B103,INSUMOS!$A$6:$E$4845,5,0),IF(A103="COTAÇÃO",VLOOKUP(B103,'014-22-cotação'!$A$9:$J$138,10,0),IF(A103="AUX",VLOOKUP('014-22-CCU''s'!B103,'014-22-CCU''s AUX'!$B$1:$H$130,3,0))))) -> SER.CG | E103: =IF(A103="SERVIÇO",VLOOKUP(B103,SERVIÇOS!$A$6:$D$7697,3,0),IF(A103="INSUMO",VLOOKUP(B103,INSUMOS!$A$6:$D$4845,3,0),IF(A103="COTAÇÃO",VLOOKUP(B103,'014-22-cotação'!$A$9:$I$138,4,0),IF(A103="AUX",VLOOKUP('014-22-CCU''s'!B103,'014-22-CCU''s AUX'!$B$1:$H$130,4,0))))) -> UN | F103: 0.0268 | G103: =IF(A103="SERVIÇO",VLOOKUP(B103,SERVIÇOS!$A$6:$D$7697,4,0),IF(A103="INSUMO",VLOOKUP(B103,INSUMOS!$A$6:$D$4845,4,0),IF(A103="COTAÇÃO",VLOOKUP(B103,'014-22-cotação'!$A$9:$I$138,3,0),IF(A103="AUX",VLOOKUP('014-22-CCU''s'!B103,'014-22-CCU''s AUX'!$B$1:$H$130,7,0))))) -> 250.58 | H103: =TRUNC((F103*G103),2) -> 6.71 | I103: 86943
A104: SERVIÇO | B104: 88262 | C104: =IF(A104="SERVIÇO",VLOOKUP(B104,SERVIÇOS!$A$6:$D$7697,2,0),IF(A104="INSUMO",VLOOKUP(B104,INSUMOS!$A$6:$D$4845,2,0),IF(A104="COTAÇÃO",VLOOKUP(B104,'014-22-cotação'!$A$9:$I$138,2,0),IF(A104="AUX",VLOOKUP('014-22-CCU''s'!B104,'014-22-CCU''s AUX'!$B$1:$H$130,2,0))))) -> CARPINTEIRO DE FORMAS COM ENCARGOS COMPLEMENTARES | D104: =IF(A104="SERVIÇO",VLOOKUP(B104,SERVIÇOS!$A$6:$E$7697,5,0),IF(A104="INSUMO",VLOOKUP(B104,INSUMOS!$A$6:$E$4845,5,0),IF(A104="COTAÇÃO",VLOOKUP(B104,'014-22-cotação'!$A$9:$J$138,10,0),IF(A104="AUX",VLOOKUP('014-22-CCU''s'!B104,'014-22-CCU''s AUX'!$B$1:$H$130,3,0))))) -> M.O | E104: =IF(A104="SERVIÇO",VLOOKUP(B104,SERVIÇOS!$A$6:$D$7697,3,0),IF(A104="INSUMO",VLOOKUP(B104,INSUMOS!$A$6:$D$4845,3,0),IF(A104="COTAÇÃO",VLOOKUP(B104,'014-22-cotação'!$A$9:$I$138,4,0),IF(A104="AUX",VLOOKUP('014-22-CCU''s'!B104,'014-22-CCU''s AUX'!$B$1:$H$130,4,0))))) -> H | F104: 1.1155 | G104: =IF(A104="SERVIÇO",VLOOKUP(B104,SERVIÇOS!$A$6:$D$7697,4,0),IF(A104="INSUMO",VLOOKUP(B104,INSUMOS!$A$6:$D$4845,4,0),IF(A104="COTAÇÃO",VLOOKUP(B104,'014-22-cotação'!$A$9:$I$138,3,0),IF(A104="AUX",VLOOKUP('014-22-CCU''s'!B104,'014-22-CCU''s AUX'!$B$1:$H$130,7,0))))) -> 30.71 | H104: =TRUNC((F104*G104),2) -> 34.25 | I104: 88262
A105: SERVIÇO | B105: 88489 | C105: =IF(A105="SERVIÇO",VLOOKUP(B105,SERVIÇOS!$A$6:$D$7697,2,0),IF(A105="INSUMO",VLOOKUP(B105,INSUMOS!$A$6:$D$4845,2,0),IF(A105="COTAÇÃO",VLOOKUP(B105,'014-22-cotação'!$A$9:$I$138,2,0),IF(A105="AUX",VLOOKUP('014-22-CCU''s'!B105,'014-22-CCU''s AUX'!$B$1:$H$130,2,0))))) -> PINTURA LÁTEX ACRÍLICA PREMIUM, APLICAÇÃO MANUAL EM PAREDES, DUAS DEMÃOS. AF_04/2023 | D105: =IF(A105="SERVIÇO",VLOOKUP(B105,SERVIÇOS!$A$6:$E$7697,5,0),IF(A105="INSUMO",VLOOKUP(B105,INSUMOS!$A$6:$E$4845,5,0),IF(A105="COTAÇÃO",VLOOKUP(B105,'014-22-cotação'!$A$9:$J$138,10,0),IF(A105="AUX",VLOOKUP('014-22-CCU''s'!B105,'014-22-CCU''s AUX'!$B$1:$H$130,3,0))))) -> SER.CG | E105: =IF(A105="SERVIÇO",VLOOKUP(B105,SERVIÇOS!$A$6:$D$7697,3,0),IF(A105="INSUMO",VLOOKUP(B105,INSUMOS!$A$6:$D$4845,3,0),IF(A105="COTAÇÃO",VLOOKUP(B105,'014-22-cotação'!$A$9:$I$138,4,0),IF(A105="AUX",VLOOKUP('014-22-CCU''s'!B105,'014-22-CCU''s AUX'!$B$1:$H$130,4,0))))) -> M2 | F105: 1.4293 | G105: =IF(A105="SERVIÇO",VLOOKUP(B105,SERVIÇOS!$A$6:$D$7697,4,0),IF(A105="INSUMO",VLOOKUP(B105,INSUMOS!$A$6:$D$4845,4,0),IF(A105="COTAÇÃO",VLOOKUP(B105,'014-22-cotação'!$A$9:$I$138,3,0),IF(A105="AUX",VLOOKUP('014-22-CCU''s'!B105,'014-22-CCU''s AUX'!$B$1:$H$130,7,0))))) -> 14.06 | H105: =TRUNC((F105*G105),2) -> 20.09 | I105: 88489
A106: SERVIÇO | B106: 89711 | C106: =IF(A106="SERVIÇO",VLOOKUP(B106,SERVIÇOS!$A$6:$D$7697,2,0),IF(A106="INSUMO",VLOOKUP(B106,INSUMOS!$A$6:$D$4845,2,0),IF(A106="COTAÇÃO",VLOOKUP(B106,'014-22-cotação'!$A$9:$I$138,2,0),IF(A106="AUX",VLOOKUP('014-22-CCU''s'!B106,'014-22-CCU''s AUX'!$B$1:$H$130,2,0))))) -> TUBO PVC, SERIE NORMAL, ESGOTO PREDIAL, DN 40 MM, FORNECIDO E INSTALADO EM RAMAL DE DESCARGA OU RAMAL DE ESGOTO SANITÁRIO. AF_08/2022 | D106: =IF(A106="SERVIÇO",VLOOKUP(B106,SERVIÇOS!$A$6:$E$7697,5,0),IF(A106="INSUMO",VLOOKUP(B106,INSUMOS!$A$6:$E$4845,5,0),IF(A106="COTAÇÃO",VLOOKUP(B106,'014-22-cotação'!$A$9:$J$138,10,0),IF(A106="AUX",VLOOKUP('014-22-CCU''s'!B106,'014-22-CCU''s AUX'!$B$1:$H$130,3,0))))) -> SER.CG | E106: =IF(A106="SERVIÇO",VLOOKUP(B106,SERVIÇOS!$A$6:$D$7697,3,0),IF(A106="INSUMO",VLOOKUP(B106,INSUMOS!$A$6:$D$4845,3,0),IF(A106="COTAÇÃO",VLOOKUP(B106,'014-22-cotação'!$A$9:$I$138,4,0),IF(A106="AUX",VLOOKUP('014-22-CCU''s'!B106,'014-22-CCU''s AUX'!$B$1:$H$130,4,0))))) -> M | F106: 0.0886 | G106: =IF(A106="SERVIÇO",VLOOKUP(B106,SERVIÇOS!$A$6:$D$7697,4,0),IF(A106="INSUMO",VLOOKUP(B106,INSUMOS!$A$6:$D$4845,4,0),IF(A106="COTAÇÃO",VLOOKUP(B106,'014-22-cotação'!$A$9:$I$138,3,0),IF(A106="AUX",VLOOKUP('014-22-CCU''s'!B106,'014-22-CCU''s AUX'!$B$1:$H$130,7,0))))) -> 21.57 | H106: =TRUNC((F106*G106),2) -> 1.91 | I106: 89711
A107: SERVIÇO | B107: 89714 | C107: =IF(A107="SERVIÇO",VLOOKUP(B107,SERVIÇOS!$A$6:$D$7697,2,0),IF(A107="INSUMO",VLOOKUP(B107,INSUMOS!$A$6:$D$4845,2,0),IF(A107="COTAÇÃO",VLOOKUP(B107,'014-22-cotação'!$A$9:$I$138,2,0),IF(A107="AUX",VLOOKUP('014-22-CCU''s'!B107,'014-22-CCU''s AUX'!$B$1:$H$130,2,0))))) -> TUBO PVC, SERIE NORMAL, ESGOTO PREDIAL, DN 100 MM, FORNECIDO E INSTALADO EM RAMAL DE DESCARGA OU RAMAL DE ESGOTO SANITÁRIO. AF_08/2022 | D107: =IF(A107="SERVIÇO",VLOOKUP(B107,SERVIÇOS!$A$6:$E$7697,5,0),IF(A107="INSUMO",VLOOKUP(B107,INSUMOS!$A$6:$E$4845,5,0),IF(A107="COTAÇÃO",VLOOKUP(B107,'014-22-cotação'!$A$9:$J$138,10,0),IF(A107="AUX",VLOOKUP('014-22-CCU''s'!B107,'014-22-CCU''s AUX'!$B$1:$H$130,3,0))))) -> SER.CG | E107: =IF(A107="SERVIÇO",VLOOKUP(B107,SERVIÇOS!$A$6:$D$7697,3,0),IF(A107="INSUMO",VLOOKUP(B107,INSUMOS!$A$6:$D$4845,3,0),IF(A107="COTAÇÃO",VLOOKUP(B107,'014-22-cotação'!$A$9:$I$138,4,0),IF(A107="AUX",VLOOKUP('014-22-CCU''s'!B107,'014-22-CCU''s AUX'!$B$1:$H$130,4,0))))) -> M | F107: 0.1423 | G107: =IF(A107="SERVIÇO",VLOOKUP(B107,SERVIÇOS!$A$6:$D$7697,4,0),IF(A107="INSUMO",VLOOKUP(B107,INSUMOS!$A$6:$D$4845,4,0),IF(A107="COTAÇÃO",VLOOKUP(B107,'014-22-cotação'!$A$9:$I$138,3,0),IF(A107="AUX",VLOOKUP('014-22-CCU''s'!B107,'014-22-CCU''s AUX'!$B$1:$H$130,7,0))))) -> 37.19 | H107: =TRUNC((F107*G107),2) -> 5.29 | I107: 89714
A108: SERVIÇO | B108: 89724 | C108: =IF(A108="SERVIÇO",VLOOKUP(B108,SERVIÇOS!$A$6:$D$7697,2,0),IF(A108="INSUMO",VLOOKUP(B108,INSUMOS!$A$6:$D$4845,2,0),IF(A108="COTAÇÃO",VLOOKUP(B108,'014-22-cotação'!$A$9:$I$138,2,0),IF(A108="AUX",VLOOKUP('014-22-CCU''s'!B108,'014-22-CCU''s AUX'!$B$1:$H$130,2,0))))) -> JOELHO 90 GRAUS, PVC, SERIE NORMAL, ESGOTO PREDIAL, DN 40 MM, JUNTA SOLDÁVEL, FORNECIDO E INSTALADO EM RAMAL DE DESCARGA OU RAMAL DE ESGOTO SANITÁRIO. AF_08/2022 | D108: =IF(A108="SERVIÇO",VLOOKUP(B108,SERVIÇOS!$A$6:$E$7697,5,0),IF(A108="INSUMO",VLOOKUP(B108,INSUMOS!$A$6:$E$4845,5,0),IF(A108="COTAÇÃO",VLOOKUP(B108,'014-22-cotação'!$A$9:$J$138,10,0),IF(A108="AUX",VLOOKUP('014-22-CCU''s'!B108,'014-22-CCU''s AUX'!$B$1:$H$130,3,0))))) -> SER.CG | E108: =IF(A108="SERVIÇO",VLOOKUP(B108,SERVIÇOS!$A$6:$D$7697,3,0),IF(A108="INSUMO",VLOOKUP(B108,INSUMOS!$A$6:$D$4845,3,0),IF(A108="COTAÇÃO",VLOOKUP(B108,'014-22-cotação'!$A$9:$I$138,4,0),IF(A108="AUX",VLOOKUP('014-22-CCU''s'!B108,'014-22-CCU''s AUX'!$B$1:$H$130,4,0))))) -> UN | F108: 0.0537 | G108: =IF(A108="SERVIÇO",VLOOKUP(B108,SERVIÇOS!$A$6:$D$7697,4,0),IF(A108="INSUMO",VLOOKUP(B108,INSUMOS!$A$6:$D$4845,4,0),IF(A108="COTAÇÃO",VLOOKUP(B108,'014-22-cotação'!$A$9:$I$138,3,0),IF(A108="AUX",VLOOKUP('014-22-CCU''s'!B108,'014-22-CCU''s AUX'!$B$1:$H$130,7,0))))) -> 10.48 | H108: =TRUNC((F108*G108),2) -> 0.56 | I108: 89724
... A139: SERVIÇO | B139: 101891 | C139: =IF(A139="SERVIÇO",VLOOKUP(B139,SERVIÇOS!$A$6:$D$7697,2,0),IF(A139="INSUMO",VLOOKUP(B139,INSUMOS!$A$6:$D$4845,2,0),IF(A139="COTAÇÃO",VLOOKUP(B139,'014-22-cotação'!$A$9:$I$138,2,0),IF(A139="AUX",VLOOKUP('014-22-CCU''s'!B139,'014-22-CCU''s AUX'!$B$1:$H$130,2,0))))) -> DISJUNTOR MONOPOLAR TIPO NEMA, CORRENTE NOMINAL DE 35 ATÉ 50A - FORNECIMENTO E INSTALAÇÃO. AF_10/2020 | D139: =IF(A139="SERVIÇO",VLOOKUP(B139,SERVIÇOS!$A$6:$E$7697,5,0),IF(A139="INSUMO",VLOOKUP(B139,INSUMOS!$A$6:$E$4845,5,0),IF(A139="COTAÇÃO",VLOOKUP(B139,'014-22-cotação'!$A$9:$J$138,10,0),IF(A139="AUX",VLOOKUP('014-22-CCU''s'!B139,'014-22-CCU''s AUX'!$B$1:$H$130,3,0))))) -> SER.CG | E139: =IF(A139="SERVIÇO",VLOOKUP(B139,SERVIÇOS!$A$6:$D$7697,3,0),IF(A139="INSUMO",VLOOKUP(B139,INSUMOS!$A$6:$D$4845,3,0),IF(A139="COTAÇÃO",VLOOKUP(B139,'014-22-cotação'!$A$9:$I$138,4,0),IF(A139="AUX",VLOOKUP('014-22-CCU''s'!B139,'014-22-CCU''s AUX'!$B$1:$H$130,4,0))))) -> UN | F139: 0.1074 | G139: =IF(A139="SERVIÇO",VLOOKUP(B139,SERVIÇOS!$A$6:$D$7697,4,0),IF(A139="INSUMO",VLOOKUP(B139,INSUMOS!$A$6:$D$4845,4,0),IF(A139="COTAÇÃO",VLOOKUP(B139,'014-22-cotação'!$A$9:$I$138,3,0),IF(A139="AUX",VLOOKUP('014-22-CCU''s'!B139,'014-22-CCU''s AUX'!$B$1:$H$130,7,0))))) -> 36.15 | H139: =TRUNC((F139*G139),2) -> 3.88 | I139: 101891
B140: Observação: | C140: REF: 93210 SINAPI DEZ 2023
B142: CCU - 02.016 | C142: EXECUÇÃO DE RESERVATÓRIO ELEVADO DE ÁGUA (1000 LITROS) EM CANTEIRO DE OBRA, APOIADO EM ESTRUTURA DE MADEIRA. AF_02/2016_PA | D142: SER.CG | E142: UN | H142: =ROUND(SUM(H143:H150),2) -> 6435.22
A143: INSUMO | B143: 34636 | C143: =IF(A143="SERVIÇO",VLOOKUP(B143,SERVIÇOS!$A$6:$D$7697,2,0),IF(A143="INSUMO",VLOOKUP(B143,INSUMOS!$A$6:$D$4845,2,0),IF(A143="COTAÇÃO",VLOOKUP(B143,'014-22-cotação'!$A$9:$I$138,2,0),IF(A143="AUX",VLOOKUP('014-22-CCU''s'!B143,'014-22-CCU''s AUX'!$B$1:$H$130,2,0))))) -> CAIXA D'AGUA / RESERVATORIO EM POLIETILENO, 1000 LITROS, COM TAMPA | D143: =IF(A143="SERVIÇO",VLOOKUP(B143,SERVIÇOS!$A$6:$E$7697,5,0),IF(A143="INSUMO",VLOOKUP(B143,INSUMOS!$A$6:$E$4845,5,0),IF(A143="COTAÇÃO",VLOOKUP(B143,'014-22-cotação'!$A$9:$J$138,10,0),IF(A143="AUX",VLOOKUP('014-22-CCU''s'!B143,'014-22-CCU''s AUX'!$B$1:$H$130,3,0))))) -> MAT. | E143: =IF(A143="SERVIÇO",VLOOKUP(B143,SERVIÇOS!$A$6:$D$7697,3,0),IF(A143="INSUMO",VLOOKUP(B143,INSUMOS!$A$6:$D$4845,3,0),IF(A143="COTAÇÃO",VLOOKUP(B143,'014-22-cotação'!$A$9:$I$138,4,0),IF(A143="AUX",VLOOKUP('014-22-CCU''s'!B143,'014-22-CCU''s AUX'!$B$1:$H$130,4,0))))) -> UN | F143: 1 | G143: =IF(A143="SERVIÇO",VLOOKUP(B143,SERVIÇOS!$A$6:$D$7697,4,0),IF(A143="INSUMO",VLOOKUP(B143,INSUMOS!$A$6:$D$4845,4,0),IF(A143="COTAÇÃO",VLOOKUP(B143,'014-22-cotação'!$A$9:$I$138,3,0),IF(A143="AUX",VLOOKUP('014-22-CCU''s'!B143,'014-22-CCU''s AUX'!$B$1:$H$130,7,0))))) -> 454.43 | H143: =TRUNC((F143*G143),2) -> 454.43
A144: SERVIÇO | B144: 89408 | C144: =IF(A144="SERVIÇO",VLOOKUP(B144,SERVIÇOS!$A$6:$D$7697,2,0),IF(A144="INSUMO",VLOOKUP(B144,INSUMOS!$A$6:$D$4845,2,0),IF(A144="COTAÇÃO",VLOOKUP(B144,'014-22-cotação'!$A$9:$I$138,2,0),IF(A144="AUX",VLOOKUP('014-22-CCU''s'!B144,'014-22-CCU''s AUX'!$B$1:$H$130,2,0))))) -> JOELHO 90 GRAUS, PVC, SOLDÁVEL, DN 25MM, INSTALADO EM RAMAL DE DISTRIBUIÇÃO DE ÁGUA - FORNECIMENTO E INSTALAÇÃO. AF_06/2022 | D144: =IF(A144="SERVIÇO",VLOOKUP(B144,SERVIÇOS!$A$6:$E$7697,5,0),IF(A144="INSUMO",VLOOKUP(B144,INSUMOS!$A$6:$E$4845,5,0),IF(A144="COTAÇÃO",VLOOKUP(B144,'014-22-cotação'!$A$9:$J$138,10,0),IF(A144="AUX",VLOOKUP('014-22-CCU''s'!B144,'014-22-CCU''s AUX'!$B$1:$H$130,3,0))))) -> SER.CG | E144: =IF(A144="SERVIÇO",VLOOKUP(B144,SERVIÇOS!$A$6:$D$7697,3,0),IF(A144="INSUMO",VLOOKUP(B144,INSUMOS!$A$6:$D$4845,3,0),IF(A144="COTAÇÃO",VLOOKUP(B144,'014-22-cotação'!$A$9:$I$138,4,0),IF(A144="AUX",VLOOKUP('014-22-CCU''s'!B144,'014-22-CCU''s AUX'!$B$1:$H$130,4,0))))) -> UN | F144: 3 | G144: =IF(A144="SERVIÇO",VLOOKUP(B144,SERVIÇOS!$A$6:$D$7697,4,0),IF(A144="INSUMO",VLOOKUP(B144,INSUMOS!$A$6:$D$4845,4,0),IF(A144="COTAÇÃO",VLOOKUP(B144,'014-22-cotação'!$A$9:$I$138,3,0),IF(A144="AUX",VLOOKUP('014-22-CCU''s'!B144,'014-22-CCU''s AUX'!$B$1:$H$130,7,0))))) -> 9.21 | H144: =TRUNC((F144*G144),2) -> 27.63
A145: SERVIÇO | B145: 89353 | C145: =IF(A145="SERVIÇO",VLOOKUP(B145,SERVIÇOS!$A$6:$D$7697,2,0),IF(A145="INSUMO",VLOOKUP(B145,INSUMOS!$A$6:$D$4845,2,0),IF(A145="COTAÇÃO",VLOOKUP(B145,'014-22-cotação'!$A$9:$I$138,2,0),IF(A145="AUX",VLOOKUP('014-22-CCU''s'!B145,'014-22-CCU''s AUX'!$B$1:$H$130,2,0))))) -> REGISTRO DE GAVETA BRUTO, LATÃO, ROSCÁVEL, 3/4" - FORNECIMENTO E INSTALAÇÃO. AF_08/2021 | D145: =IF(A145="SERVIÇO",VLOOKUP(B145,SERVIÇOS!$A$6:$E$7697,5,0),IF(A145="INSUMO",VLOOKUP(B145,INSUMOS!$A$6:$E$4845,5,0),IF(A145="COTAÇÃO",VLOOKUP(B145,'014-22-cotação'!$A$9:$J$138,10,0),IF(A145="AUX",VLOOKUP('014-22-CCU''s'!B145,'014-22-CCU''s AUX'!$B$1:$H$130,3,0))))) -> SER.CG | E145: =IF(A145="SERVIÇO",VLOOKUP(B145,SERVIÇOS!$A$6:$D$7697,3,0),IF(A145="INSUMO",VLOOKUP(B145,INSUMOS!$A$6:$D$4845,3,0),IF(A145="COTAÇÃO",VLOOKUP(B145,'014-22-cotação'!$A$9:$I$138,4,0),IF(A145="AUX",VLOOKUP('014-22-CCU''s'!B145,'014-22-CCU''s AUX'!$B$1:$H$130,4,0))))) -> UN | F145: 1 | G145: =IF(A145="SERVIÇO",VLOOKUP(B145,SERVIÇOS!$A$6:$D$7697,4,0),IF(A145="INSUMO",VLOOKUP(B145,INSUMOS!$A$6:$D$4845,4,0),IF(A145="COTAÇÃO",VLOOKUP(B145,'014-22-cotação'!$A$9:$I$138,3,0),IF(A145="AUX",VLOOKUP('014-22-CCU''s'!B145,'014-22-CCU''s AUX'!$B$1:$H$130,7,0))))) -> 44.99 | H145: =TRUNC((F145*G145),2) -> 44.99
A146: SERVIÇO | B146: 94648 | C146: =IF(A146="SERVIÇO",VLOOKUP(B146,SERVIÇOS!$A$6:$D$7697,2,0),IF(A146="INSUMO",VLOOKUP(B146,INSUMOS!$A$6:$D$4845,2,0),IF(A146="COTAÇÃO",VLOOKUP(B146,'014-22-cotação'!$A$9:$I$138,2,0),IF(A146="AUX",VLOOKUP('014-22-CCU''s'!B146,'014-22-CCU''s AUX'!$B$1:$H$130,2,0))))) -> TUBO, PVC, SOLDÁVEL, DN 25 MM, INSTALADO EM RESERVAÇÃO PREDIAL DE ÁGUA - FORNECIMENTO E INSTALAÇÃO. AF_04/2024 | D146: =IF(A146="SERVIÇO",VLOOKUP(B146,SERVIÇOS!$A$6:$E$7697,5,0),IF(A146="INSUMO",VLOOKUP(B146,INSUMOS!$A$6:$E$4845,5,0),IF(A146="COTAÇÃO",VLOOKUP(B146,'014-22-cotação'!$A$9:$J$138,10,0),IF(A146="AUX",VLOOKUP('014-22-CCU''s'!B146,'014-22-CCU''s AUX'!$B$1:$H$130,3,0))))) -> SER.CG | E146: =IF(A146="SERVIÇO",VLOOKUP(B146,SERVIÇOS!$A$6:$D$7697,3,0),IF(A146="INSUMO",VLOOKUP(B146,INSUMOS!$A$6:$D$4845,3,0),IF(A146="COTAÇÃO",VLOOKUP(B146,'014-22-cotação'!$A$9:$I$138,4,0),IF(A146="AUX",VLOOKUP('014-22-CCU''s'!B146,'014-22-CCU''s AUX'!$B$1:$H$130,4,0))))) -> M | F146: 19 | G146: =IF(A146="SERVIÇO",VLOOKUP(B146,SERVIÇOS!$A$6:$D$7697,4,0),IF(A146="INSUMO",VLOOKUP(B146,INSUMOS!$A$6:$D$4845,4,0),IF(A146="COTAÇÃO",VLOOKUP(B146,'014-22-cotação'!$A$9:$I$138,3,0),IF(A146="AUX",VLOOKUP('014-22-CCU''s'!B146,'014-22-CCU''s AUX'!$B$1:$H$130,7,0))))) -> 6.78 | H146: =TRUNC((F146*G146),2) -> 128.82
A147: SERVIÇO | B147: 94688 | C147: =IF(A147="SERVIÇO",VLOOKUP(B147,SERVIÇOS!$A$6:$D$7697,2,0),IF(A147="INSUMO",VLOOKUP(B147,INSUMOS!$A$6:$D$4845,2,0),IF(A147="COTAÇÃO",VLOOKUP(B147,'014-22-cotação'!$A$9:$I$138,2,0),IF(A147="AUX",VLOOKUP('014-22-CCU''s'!B147,'014-22-CCU''s AUX'!$B$1:$H$130,2,0))))) -> TÊ, PVC, SOLDÁVEL, DN 25 MM INSTALADO EM RESERVAÇÃO PREDIAL DE ÁGUA - FORNECIMENTO E INSTALAÇÃO. AF_04/2024 | D147: =IF(A147="SERVIÇO",VLOOKUP(B147,SERVIÇOS!$A$6:$E$7697,5,0),IF(A147="INSUMO",VLOOKUP(B147,INSUMOS!$A$6:$E$4845,5,0),IF(A147="COTAÇÃO",VLOOKUP(B147,'014-22-cotação'!$A$9:$J$138,10,0),IF(A147="AUX",VLOOKUP('014-22-CCU''s'!B147,'014-22-CCU''s AUX'!$B$1:$H$130,3,0))))) -> SER.CG | E147: =IF(A147="SERVIÇO",VLOOKUP(B147,SERVIÇOS!$A$6:$D$7697,3,0),IF(A147="INSUMO",VLOOKUP(B147,INSUMOS!$A$6:$D$4845,3,0),IF(A147="COTAÇÃO",VLOOKUP(B147,'014-22-cotação'!$A$9:$I$138,4,0),IF(A147="AUX",VLOOKUP('014-22-CCU''s'!B147,'014-22-CCU''s AUX'!$B$1:$H$130,4,0))))) -> UN | F147: 2 | G147: =IF(A147="SERVIÇO",VLOOKUP(B147,SERVIÇOS!$A$6:$D$7697,4,0),IF(A147="INSUMO",VLOOKUP(B147,INSUMOS!$A$6:$D$4845,4,0),IF(A147="COTAÇÃO",VLOOKUP(B147,'014-22-cotação'!$A$9:$I$138,3,0),IF(A147="AUX",VLOOKUP('014-22-CCU''s'!B147,'014-22-CCU''s AUX'!$B$1:$H$130,7,0))))) -> 6.99 | H147: =TRUNC((F147*G147),2) -> 13.98
A148: SERVIÇO | B148: 94703 | C148: =IF(A148="SERVIÇO",VLOOKUP(B148,SERVIÇOS!$A$6:$D$7697,2,0),IF(A148="INSUMO",VLOOKUP(B148,INSUMOS!$A$6:$D$4845,2,0),IF(A148="COTAÇÃO",VLOOKUP(B148,'014-22-cotação'!$A$9:$I$138,2,0),IF(A148="AUX",VLOOKUP('014-22-CCU''s'!B148,'014-22-CCU''s AUX'!$B$1:$H$130,2,0))))) -> ADAPTADOR COM FLANGE E ANEL DE VEDAÇÃO, PVC, SOLDÁVEL, DN 25 MM X 3/4", INSTALADO EM RESERVAÇÃO PREDIAL DE ÁGUA - FORNECIMENTO E INSTALAÇÃO. AF_04/2024 | D148: =IF(A148="SERVIÇO",VLOOKUP(B148,SERVIÇOS!$A$6:$E$7697,5,0),IF(A148="INSUMO",VLOOKUP(B148,INSUMOS!$A$6:$E$4845,5,0),IF(A148="COTAÇÃO",VLOOKUP(B148,'014-22-cotação'!$A$9:$J$138,10,0),IF(A148="AUX",VLOOKUP('014-22-CCU''s'!B148,'014-22-CCU''s AUX'!$B$1:$H$130,3,0))))) -> SER.CG | E148: =IF(A148="SERVIÇO",VLOOKUP(B148,SERVIÇOS!$A$6:$D$7697,3,0),IF(A148="INSUMO",VLOOKUP(B148,INSUMOS!$A$6:$D$4845,3,0),IF(A148="COTAÇÃO",VLOOKUP(B148,'014-22-cotação'!$A$9:$I$138,4,0),IF(A148="AUX",VLOOKUP('014-22-CCU''s'!B148,'014-22-CCU''s AUX'!$B$1:$H$130,4,0))))) -> UN | F148: 1 | G148: =IF(A148="SERVIÇO",VLOOKUP(B148,SERVIÇOS!$A$6:$D$7697,4,0),IF(A148="INSUMO",VLOOKUP(B148,INSUMOS!$A$6:$D$4845,4,0),IF(A148="COTAÇÃO",VLOOKUP(B148,'014-22-cotação'!$A$9:$I$138,3,0),IF(A148="AUX",VLOOKUP('014-22-CCU''s'!B148,'014-22-CCU''s AUX'!$B$1:$H$130,7,0))))) -> 19.86 | H148: =TRUNC((F148*G148),2) -> 19.86
A149: SERVIÇO | B149: 94796 | C149: =IF(A149="SERVIÇO",VLOOKUP(B149,SERVIÇOS!$A$6:$D$7697,2,0),IF(A149="INSUMO",VLOOKUP(B149,INSUMOS!$A$6:$D$4845,2,0),IF(A149="COTAÇÃO",VLOOKUP(B149,'014-22-cotação'!$A$9:$I$138,2,0),IF(A149="AUX",VLOOKUP('014-22-CCU''s'!B149,'014-22-CCU''s AUX'!$B$1:$H$130,2,0))))) -> TORNEIRA DE BOIA PARA CAIXA D'ÁGUA, ROSCÁVEL, 3/4" - FORNECIMENTO E INSTALAÇÃO. AF_08/2021 | D149: =IF(A149="SERVIÇO",VLOOKUP(B149,SERVIÇOS!$A$6:$E$7697,5,0),IF(A149="INSUMO",VLOOKUP(B149,INSUMOS!$A$6:$E$4845,5,0),IF(A149="COTAÇÃO",VLOOKUP(B149,'014-22-cotação'!$A$9:$J$138,10,0),IF(A149="AUX",VLOOKUP('014-22-CCU''s'!B149,'014-22-CCU''s AUX'!$B$1:$H$130,3,0))))) -> SER.CG | E149: =IF(A149="SERVIÇO",VLOOKUP(B149,SERVIÇOS!$A$6:$D$7697,3,0),IF(A149="INSUMO",VLOOKUP(B149,INSUMOS!$A$6:$D$4845,3,0),IF(A149="COTAÇÃO",VLOOKUP(B149,'014-22-cotação'!$A$9:$I$138,4,0),IF(A149="AUX",VLOOKUP('014-22-CCU''s'!B149,'014-22-CCU''s AUX'!$B$1:$H$130,4,0))))) -> UN | F149: 1 | G149: =IF(A149="SERVIÇO",VLOOKUP(B149,SERVIÇOS!$A$6:$D$7697,4,0),IF(A149="INSUMO",VLOOKUP(B149,INSUMOS!$A$6:$D$4845,4,0),IF(A149="COTAÇÃO",VLOOKUP(B149,'014-22-cotação'!$A$9:$I$138,3,0),IF(A149="AUX",VLOOKUP('014-22-CCU''s'!B149,'014-22-CCU''s AUX'!$B$1:$H$130,7,0))))) -> 70.64 | H149: =TRUNC((F149*G149),2) -> 70.64
A150: SERVIÇO | B150: 98461 | C150: =IF(A150="SERVIÇO",VLOOKUP(B150,SERVIÇOS!$A$6:$D$7697,2,0),IF(A150="INSUMO",VLOOKUP(B150,INSUMOS!$A$6:$D$4845,2,0),IF(A150="COTAÇÃO",VLOOKUP(B150,'014-22-cotação'!$A$9:$I$138,2,0),IF(A150="AUX",VLOOKUP('014-22-CCU''s'!B150,'014-22-CCU''s AUX'!$B$1:$H$130,2,0))))) -> ESTRUTURA DE MADEIRA PROVISÓRIA PARA SUPORTE DE CAIXA DÁGUA ELEVADA DE 1000 LITROS. AF_03/2024_PS | D150: =IF(A150="SERVIÇO",VLOOKUP(B150,SERVIÇOS!$A$6:$E$7697,5,0),IF(A150="INSUMO",VLOOKUP(B150,INSUMOS!$A$6:$E$4845,5,0),IF(A150="COTAÇÃO",VLOOKUP(B150,'014-22-cotação'!$A$9:$J$138,10,0),IF(A150="AUX",VLOOKUP('014-22-CCU''s'!B150,'014-22-CCU''s AUX'!$B$1:$H$130,3,0))))) -> SER.CG | E150: =IF(A150="SERVIÇO",VLOOKUP(B150,SERVIÇOS!$A$6:$D$7697,3,0),IF(A150="INSUMO",VLOOKUP(B150,INSUMOS!$A$6:$D$4845,3,0),IF(A150="COTAÇÃO",VLOOKUP(B150,'014-22-cotação'!$A$9:$I$138,4,0),IF(A150="AUX",VLOOKUP('014-22-CCU''s'!B150,'014-22-CCU''s AUX'!$B$1:$H$130,4,0))))) -> UN | F150: 1 | G150: =IF(A150="SERVIÇO",VLOOKUP(B150,SERVIÇOS!$A$6:$D$7697,4,0),IF(A150="INSUMO",VLOOKUP(B150,INSUMOS!$A$6:$D$4845,4,0),IF(A150="COTAÇÃO",VLOOKUP(B150,'014-22-cotação'!$A$9:$I$138,3,0),IF(A150="AUX",VLOOKUP('014-22-CCU''s'!B150,'014-22-CCU''s AUX'!$B$1:$H$130,7,0))))) -> 5674.87 | H150: =TRUNC((F150*G150),2) -> 5674.87
B151: Observação: | C151: REF: 93214 SINAPI DEZ 2023
B153: CCU - 02.017 | C153: LOCAÇÃO DE PONTO PARA REFERÊNCIA TOPOGRÁFICA. AF_10/2018 | D153: SER.CG | E153: UN | H153: =ROUND(SUM(H154:H157),2) -> 8.1
A154: INSUMO | B154: 32 | C154: =IF(A154="SERVIÇO",VLOOKUP(B154,SERVIÇOS!$A$6:$D$7697,2,0),IF(A154="INSUMO",VLOOKUP(B154,INSUMOS!$A$6:$D$4845,2,0),IF(A154="COTAÇÃO",VLOOKUP(B154,'014-22-cotação'!$A$9:$I$138,2,0),IF(A154="AUX",VLOOKUP('014-22-CCU''s'!B154,'014-22-CCU''s AUX'!$B$1:$H$130,2,0))))) -> ACO CA-50, 6,3 MM, VERGALHAO | D154: =IF(A154="SERVIÇO",VLOOKUP(B154,SERVIÇOS!$A$6:$E$7697,5,0),IF(A154="INSUMO",VLOOKUP(B154,INSUMOS!$A$6:$E$4845,5,0),IF(A154="COTAÇÃO",VLOOKUP(B154,'014-22-cotação'!$A$9:$J$138,10,0),IF(A154="AUX",VLOOKUP('014-22-CCU''s'!B154,'014-22-CCU''s AUX'!$B$1:$H$130,3,0))))) -> MAT. | E154: =IF(A154="SERVIÇO",VLOOKUP(B154,SERVIÇOS!$A$6:$D$7697,3,0),IF(A154="INSUMO",VLOOKUP(B154,INSUMOS!$A$6:$D$4845,3,0),IF(A154="COTAÇÃO",VLOOKUP(B154,'014-22-cotação'!$A$9:$I$138,4,0),IF(A154="AUX",VLOOKUP('014-22-CCU''s'!B154,'014-22-CCU''s AUX'!$B$1:$H$130,4,0))))) -> KG | F154: 0.0735 | G154: =IF(A154="SERVIÇO",VLOOKUP(B154,SERVIÇOS!$A$6:$D$7697,4,0),IF(A154="INSUMO",VLOOKUP(B154,INSUMOS!$A$6:$D$4845,4,0),IF(A154="COTAÇÃO",VLOOKUP(B154,'014-22-cotação'!$A$9:$I$138,3,0),IF(A154="AUX",VLOOKUP('014-22-CCU''s'!B154,'014-22-CCU''s AUX'!$B$1:$H$130,7,0))))) -> 8.33 | H154: =TRUNC((F154*G154),2) -> 0.61
A155: INSUMO | B155: 7247 | C155: =IF(A155="SERVIÇO",VLOOKUP(B155,SERVIÇOS!$A$6:$D$7697,2,0),IF(A155="INSUMO",VLOOKUP(B155,INSUMOS!$A$6:$D$4845,2,0),IF(A155="COTAÇÃO",VLOOKUP(B155,'014-22-cotação'!$A$9:$I$138,2,0),IF(A155="AUX",VLOOKUP('014-22-CCU''s'!B155,'014-22-CCU''s AUX'!$B$1:$H$130,2,0))))) -> LOCACAO DE TEODOLITO ELETRONICO, PRECISAO ANGULAR DE 5 A 7 SEGUNDOS, INCLUINDO TRIPE | D155: =IF(A155="SERVIÇO",VLOOKUP(B155,SERVIÇOS!$A$6:$E$7697,5,0),IF(A155="INSUMO",VLOOKUP(B155,INSUMOS!$A$6:$E$4845,5,0),IF(A155="COTAÇÃO",VLOOKUP(B155,'014-22-cotação'!$A$9:$J$138,10,0),IF(A155="AUX",VLOOKUP('014-22-CCU''s'!B155,'014-22-CCU''s AUX'!$B$1:$H$130,3,0))))) -> EQUIP. | E155: =IF(A155="SERVIÇO",VLOOKUP(B155,SERVIÇOS!$A$6:$D$7697,3,0),IF(A155="INSUMO",VLOOKUP(B155,INSUMOS!$A$6:$D$4845,3,0),IF(A155="COTAÇÃO",VLOOKUP(B155,'014-22-cotação'!$A$9:$I$138,4,0),IF(A155="AUX",VLOOKUP('014-22-CCU''s'!B155,'014-22-CCU''s AUX'!$B$1:$H$130,4,0))))) -> H | F155: 0.1759 | G155: =IF(A155="SERVIÇO",VLOOKUP(B155,SERVIÇOS!$A$6:$D$7697,4,0),IF(A155="INSUMO",VLOOKUP(B155,INSUMOS!$A$6:$D$4845,4,0),IF(A155="COTAÇÃO",VLOOKUP(B155,'014-22-cotação'!$A$9:$I$138,3,0),IF(A155="AUX",VLOOKUP('014-22-CCU''s'!B155,'014-22-CCU''s AUX'!$B$1:$H$130,7,0))))) -> 2.34 | H155: =TRUNC((F155*G155),2) -> 0.41
A156: SERVIÇO | B156: 88253 | C156: =IF(A156="SERVIÇO",VLOOKUP(B156,SERVIÇOS!$A$6:$D$7697,2,0),IF(A156="INSUMO",VLOOKUP(B156,INSUMOS!$A$6:$D$4845,2,0),IF(A156="COTAÇÃO",VLOOKUP(B156,'014-22-cotação'!$A$9:$I$138,2,0),IF(A156="AUX",VLOOKUP('014-22-CCU''s'!B156,'014-22-CCU''s AUX'!$B$1:$H$130,2,0))))) -> AUXILIAR DE TOPÓGRAFO COM ENCARGOS COMPLEMENTARES | D156: =IF(A156="SERVIÇO",VLOOKUP(B156,SERVIÇOS!$A$6:$E$7697,5,0),IF(A156="INSUMO",VLOOKUP(B156,INSUMOS!$A$6:$E$4845,5,0),IF(A156="COTAÇÃO",VLOOKUP(B156,'014-22-cotação'!$A$9:$J$138,10,0),IF(A156="AUX",VLOOKUP('014-22-CCU''s'!B156,'014-22-CCU''s AUX'!$B$1:$H$130,3,0))))) -> M.O | E156: =IF(A156="SERVIÇO",VLOOKUP(B156,SERVIÇOS!$A$6:$D$7697,3,0),IF(A156="INSUMO",VLOOKUP(B156,INSUMOS!$A$6:$D$4845,3,0),IF(A156="COTAÇÃO",VLOOKUP(B156,'014-22-cotação'!$A$9:$I$138,4,0),IF(A156="AUX",VLOOKUP('014-22-CCU''s'!B156,'014-22-CCU''s AUX'!$B$1:$H$130,4,0))))) -> H | F156: 0.1172 | G156: =IF(A156="SERVIÇO",VLOOKUP(B156,SERVIÇOS!$A$6:$D$7697,4,0),IF(A156="INSUMO",VLOOKUP(B156,INSUMOS!$A$6:$D$4845,4,0),IF(A156="COTAÇÃO",VLOOKUP(B156,'014-22-cotação'!$A$9:$I$138,3,0),IF(A156="AUX",VLOOKUP('014-22-CCU''s'!B156,'014-22-CCU''s AUX'!$B$1:$H$130,7,0))))) -> 12.06 | H156: =TRUNC((F156*G156),2) -> 1.41
...

Sheet 014-22-CCU's AUX
B2: GOVERNO DO DISTRITO FEDERAL
B3: SECRETARIA DE ESTADO DE INFRAESTRUTURA E SERVIÇOS PÚBLICOS
B4: COMPANHIA URBANIZADORA DA NOVA CAPITAL DO BRASIL
B5: PLANILHA DE COMPOSIÇÕES AUXILIARES
B6: Nº ESTIMATIVA PRINCIPAL: | C6: 014/2022-SEORÇA-SDS-R02 | G6: DATA: | H6: ='014-22-CAPA'!E20 -> 45478
B7: TÍTULO: | C7: ORÇ. REVITALIZAÇÃO DA PRAÇA 21 DE ABRIL | G7: Nº PROJETO: | H7: ='014.01-22-ORÇAMENTO'!J7 -> PROJ-DE-034-20
B8: ENCARGOS TRABALHISTAS: | C8: ='014-22-CCU''s'!C8 -> horista=110,14% / mensalista=70,04% | D8: B.D.I. : | E8: 0,00% | G8: TAB. REF.: | H8: ='014.01-22-ORÇAMENTO'!J9 -> SINAPI MAIO 2024
B9: CÓDIGO | C9: DESCRIÇÃO | D9: TIPO | E9: UNID. | F9: COEFICIENTE | G9: CUSTO UNIT(R$) | H9: CUSTO TOTAL (R$)
B11: CCU - 04.001 AUX | C11: CONCRETO PIGMENTADO NA COR GRAFITE FCK = 20MPA, TRAÇO 1:2,7:3 (EM MASSA SECA DE CIMENTO/ AREIA MÉDIA/ BRITA 1) - PREPARO MECÂNICO COM BETONEIRA 600 L | D11: SER.CG | E11: M3 | H11: =SUM(H12:H19) -> 1069.98
A12: INSUMO | B12: 370 | C12: =IF(A12="SERVIÇO",VLOOKUP(B12,SERVIÇOS!$A$6:$D$7697,2,0),IF(A12="INSUMO",VLOOKUP(B12,INSUMOS!$A$6:$D$4845,2,0),IF(A12="COTAÇÃO",VLOOKUP(B12,'014-22-cotação'!$A$9:$I$138,2,0)))) -> AREIA MEDIA - POSTO JAZIDA/FORNECEDOR (RETIRADO NA JAZIDA, SEM TRANSPORTE) | D12: =IF(A12="SERVIÇO",VLOOKUP(B12,SERVIÇOS!$A$6:$E$7697,5,0),IF(A12="INSUMO",VLOOKUP(B12,INSUMOS!$A$6:$E$4845,5,0),IF(A12="COTAÇÃO",VLOOKUP(B12,'014-22-cotação'!$A$9:$J$138,10,0)))) -> MAT. | E12: =IF(A12="SERVIÇO",VLOOKUP(B12,SERVIÇOS!$A$6:$D$7697,3,0),IF(A12="INSUMO",VLOOKUP(B12,INSUMOS!$A$6:$D$4845,3,0),IF(A12="COTAÇÃO",VLOOKUP(B12,'014-22-cotação'!$A$9:$I$138,4,0)))) -> M3 | F12: 0.7609 | G12: =IF(A12="SERVIÇO",VLOOKUP(B12,SERVIÇOS!$A$6:$D$7697,4,0),IF(A12="INSUMO",VLOOKUP(B12,INSUMOS!$A$6:$D$4845,4,0),IF(A12="COTAÇÃO",VLOOKUP(B12,'014-22-cotação'!$A$9:$I$138,3,0)))) -> 200 | H12: =TRUNC((F12*G12),2) -> 152.18
A13: INSUMO | B13: 1379 | C13: =IF(A13="SERVIÇO",VLOOKUP(B13,SERVIÇOS!$A$6:$D$7697,2,0),IF(A13="INSUMO",VLOOKUP(B13,INSUMOS!$A$6:$D$4845,2,0),IF(A13="COTAÇÃO",VLOOKUP(B13,'014-22-cotação'!$A$9:$I$138,2,0)))) -> CIMENTO PORTLAND COMPOSTO CP II-32 | D13: =IF(A13="SERVIÇO",VLOOKUP(B13,SERVIÇOS!$A$6:$E$7697,5,0),IF(A13="INSUMO",VLOOKUP(B13,INSUMOS!$A$6:$E$4845,5,0),IF(A13="COTAÇÃO",VLOOKUP(B13,'014-22-cotação'!$A$9:$J$138,10,0)))) -> MAT. | E13: =IF(A13="SERVIÇO",VLOOKUP(B13,SERVIÇOS!$A$6:$D$7697,3,0),IF(A13="INSUMO",VLOOKUP(B13,INSUMOS!$A$6:$D$4845,3,0),IF(A13="COTAÇÃO",VLOOKUP(B13,'014-22-cotação'!$A$9:$I$138,4,0)))) -> KG | F13: 325.1589 | G13: =IF(A13="SERVIÇO",VLOOKUP(B13,SERVIÇOS!$A$6:$D$7697,4,0),IF(A13="INSUMO",VLOOKUP(B13,INSUMOS!$A$6:$D$4845,4,0),IF(A13="COTAÇÃO",VLOOKUP(B13,'014-22-cotação'!$A$9:$I$138,3,0)))) -> 0.64 | H13: =TRUNC((F13*G13),2) -> 208.1
A14: INSUMO | B14: 4721 | C14: =IF(A14="SERVIÇO",VLOOKUP(B14,SERVIÇOS!$A$6:$D$7697,2,0),IF(A14="INSUMO",VLOOKUP(B14,INSUMOS!$A$6:$D$4845,2,0),IF(A14="COTAÇÃO",VLOOKUP(B14,'014-22-cotação'!$A$9:$I$138,2,0)))) -> PEDRA BRITADA N. 1 (9,5 A 19 MM) POSTO PEDREIRA/FORNECEDOR, SEM FRETE | D14: =IF(A14="SERVIÇO",VLOOKUP(B14,SERVIÇOS!$A$6:$E$7697,5,0),IF(A14="INSUMO",VLOOKUP(B14,INSUMOS!$A$6:$E$4845,5,0),IF(A14="COTAÇÃO",VLOOKUP(B14,'014-22-cotação'!$A$9:$J$138,10,0)))) -> MAT. | E14: =IF(A14="SERVIÇO",VLOOKUP(B14,SERVIÇOS!$A$6:$D$7697,3,0),IF(A14="INSUMO",VLOOKUP(B14,INSUMOS!$A$6:$D$4845,3,0),IF(A14="COTAÇÃO",VLOOKUP(B14,'014-22-cotação'!$A$9:$I$138,4,0)))) -> M3 | F14: 0.5912 | G14: =IF(A14="SERVIÇO",VLOOKUP(B14,SERVIÇOS!$A$6:$D$7697,4,0),IF(A14="INSUMO",VLOOKUP(B14,INSUMOS!$A$6:$D$4845,4,0),IF(A14="COTAÇÃO",VLOOKUP(B14,'014-22-cotação'!$A$9:$I$138,3,0)))) -> 177.42 | H14: =TRUNC((F14*G14),2) -> 104.89
A15: SERVIÇO | B15: 88316 | C15: =IF(A15="SERVIÇO",VLOOKUP(B15,SERVIÇOS!$A$6:$D$7697,2,0),IF(A15="INSUMO",VLOOKUP(B15,INSUMOS!$A$6:$D$4845,2,0),IF(A15="COTAÇÃO",VLOOKUP(B15,'014-22-cotação'!$A$9:$I$138,2,0)))) -> SERVENTE COM ENCARGOS COMPLEMENTARES | D15: =IF(A15="SERVIÇO",VLOOKUP(B15,SERVIÇOS!$A$6:$E$7697,5,0),IF(A15="INSUMO",VLOOKUP(B15,INSUMOS!$A$6:$E$4845,5,0),IF(A15="COTAÇÃO",VLOOKUP(B15,'014-22-cotação'!$A$9:$J$138,10,0)))) -> M.O | E15: =IF(A15="SERVIÇO",VLOOKUP(B15,SERVIÇOS!$A$6:$D$7697,3,0),IF(A15="INSUMO",VLOOKUP(B15,INSUMOS!$A$6:$D$4845,3,0),IF(A15="COTAÇÃO",VLOOKUP(B15,'014-22-cotação'!$A$9:$I$138,4,0)))) -> H | F15: 2.0267 | G15: =IF(A15="SERVIÇO",VLOOKUP(B15,SERVIÇOS!$A$6:$D$7697,4,0),IF(A15="INSUMO",VLOOKUP(B15,INSUMOS!$A$6:$D$4845,4,0),IF(A15="COTAÇÃO",VLOOKUP(B15,'014-22-cotação'!$A$9:$I$138,3,0)))) -> 23.4 | H15: =TRUNC((F15*G15),2) -> 47.42
A16: SERVIÇO | B16: 88377 | C16: =IF(A16="SERVIÇO",VLOOKUP(B16,SERVIÇOS!$A$6:$D$7697,2,0),IF(A16="INSUMO",VLOOKUP(B16,INSUMOS!$A$6:$D$4845,2,0),IF(A16="COTAÇÃO",VLOOKUP(B16,'014-22-cotação'!$A$9:$I$138,2,0)))) -> OPERADOR DE BETONEIRA ESTACIONÁRIA/MISTURADOR COM ENCARGOS COMPLEMENTARES | D16: =IF(A16="SERVIÇO",VLOOKUP(B16,SERVIÇOS!$A$6:$E$7697,5,0),IF(A16="INSUMO",VLOOKUP(B16,INSUMOS!$A$6:$E$4845,5,0),IF(A16="COTAÇÃO",VLOOKUP(B16,'014-22-cotação'!$A$9:$J$138,10,0)))) -> M.O | E16: =IF(A16="SERVIÇO",VLOOKUP(B16,SERVIÇOS!$A$6:$D$7697,3,0),IF(A16="INSUMO",VLOOKUP(B16,INSUMOS!$A$6:$D$4845,3,0),IF(A16="COTAÇÃO",VLOOKUP(B16,'014-22-cotação'!$A$9:$I$138,4,0)))) -> H | F16: 1.2768 | G16: =IF(A16="SERVIÇO",VLOOKUP(B16,SERVIÇOS!$A$6:$D$7697,4,0),IF(A16="INSUMO",VLOOKUP(B16,INSUMOS!$A$6:$D$4845,4,0),IF(A16="COTAÇÃO",VLOOKUP(B16,'014-22-cotação'!$A$9:$I$138,3,0)))) -> 25.72 | H16: =TRUNC((F16*G16),2) -> 32.83
A17: SERVIÇO | B17: 89225 | C17: =IF(A17="SERVIÇO",VLOOKUP(B17,SERVIÇOS!$A$6:$D$7697,2,0),IF(A17="INSUMO",VLOOKUP(B17,INSUMOS!$A$6:$D$4845,2,0),IF(A17="COTAÇÃO",VLOOKUP(B17,'014-22-cotação'!$A$9:$I$138,2,0)))) -> BETONEIRA CAPACIDADE NOMINAL DE 600 L, CAPACIDADE DE MISTURA 360 L, MOTOR ELÉTRICO TRIFÁSICO POTÊNCIA DE 4 CV, SEM CARREGADOR - CHP DIURNO. AF_05/2023 | D17: =IF(A17="SERVIÇO",VLOOKUP(B17,SERVIÇOS!$A$6:$E$7697,5,0),IF(A17="INSUMO",VLOOKUP(B17,INSUMOS!$A$6:$E$4845,5,0),IF(A17="COTAÇÃO",VLOOKUP(B17,'014-22-cotação'!$A$9:$J$138,10,0)))) -> EQUIP. | E17: =IF(A17="SERVIÇO",VLOOKUP(B17,SERVIÇOS!$A$6:$D$7697,3,0),IF(A17="INSUMO",VLOOKUP(B17,INSUMOS!$A$6:$D$4845,3,0),IF(A17="COTAÇÃO",VLOOKUP(B17,'014-22-cotação'!$A$9:$I$138,4,0)))) -> CHP | F17: 0.6572 | G17: =IF(A17="SERVIÇO",VLOOKUP(B17,SERVIÇOS!$A$6:$D$7697,4,0),IF(A17="INSUMO",VLOOKUP(B17,INSUMOS!$A$6:$D$4845,4,0),IF(A17="COTAÇÃO",VLOOKUP(B17,'014-22-cotação'!$A$9:$I$138,3,0)))) -> 5.03 | H17: =TRUNC((F17*G17),2) -> 3.3
A18: SERVIÇO | B18: 89226 | C18: =IF(A18="SERVIÇO",VLOOKUP(B18,SERVIÇOS!$A$6:$D$7697,2,0),IF(A18="INSUMO",VLOOKUP(B18,INSUMOS!$A$6:$D$4845,2,0),IF(A18="COTAÇÃO",VLOOKUP(B18,'014-22-cotação'!$A$9:$I$138,2,0)))) -> BETONEIRA CAPACIDADE NOMINAL DE 600 L, CAPACIDADE DE MISTURA 360 L, MOTOR ELÉTRICO TRIFÁSICO POTÊNCIA DE 4 CV, SEM CARREGADOR - CHI DIURNO. AF_05/2023 | D18: =IF(A18="SERVIÇO",VLOOKUP(B18,SERVIÇOS!$A$6:$E$7697,5,0),IF(A18="INSUMO",VLOOKUP(B18,INSUMOS!$A$6:$E$4845,5,0),IF(A18="COTAÇÃO",VLOOKUP(B18,'014-22-cotação'!$A$9:$J$138,10,0)))) -> EQUIP. | E18: =IF(A18="SERVIÇO",VLOOKUP(B18,SERVIÇOS!$A$6:$D$7697,3,0),IF(A18="INSUMO",VLOOKUP(B18,INSUMOS!$A$6:$D$4845,3,0),IF(A18="COTAÇÃO",VLOOKUP(B18,'014-22-cotação'!$A$9:$I$138,4,0)))) -> CHI | F18: 0.6197 | G18: =IF(A18="SERVIÇO",VLOOKUP(B18,SERVIÇOS!$A$6:$D$7697,4,0),IF(A18="INSUMO",VLOOKUP(B18,INSUMOS!$A$6:$D$4845,4,0),IF(A18="COTAÇÃO",VLOOKUP(B18,'014-22-cotação'!$A$9:$I$138,3,0)))) -> 1.64 | H18: =TRUNC((F18*G18),2) -> 1.01
A19: COTAÇÃO | B19: COT - 04.001 | C19: =IF(A19="SERVIÇO",VLOOKUP(B19,SERVIÇOS!$A$6:$D$7697,2,0),IF(A19="INSUMO",VLOOKUP(B19,INSUMOS!$A$6:$D$4845,2,0),IF(A19="COTAÇÃO",VLOOKUP(B19,'014-22-cotação'!$A$9:$I$138,2,0)))) -> PIGMENTO EM PÓ COR PRETO GRAFITE PARA CONCRETO | D19: =IF(A19="SERVIÇO",VLOOKUP(B19,SERVIÇOS!$A$6:$E$7697,5,0),IF(A19="INSUMO",VLOOKUP(B19,INSUMOS!$A$6:$E$4845,5,0),IF(A19="COTAÇÃO",VLOOKUP(B19,'014-22-cotação'!$A$9:$J$138,10,0)))) -> MAT. | E19: =IF(A19="SERVIÇO",VLOOKUP(B19,SERVIÇOS!$A$6:$D$7697,3,0),IF(A19="INSUMO",VLOOKUP(B19,INSUMOS!$A$6:$D$4845,3,0),IF(A19="COTAÇÃO",VLOOKUP(B19,'014-22-cotação'!$A$9:$I$138,4,0)))) -> KG | F19: =F13*0.04 -> 13.006356 | G19: =IF(A19="SERVIÇO",VLOOKUP(B19,SERVIÇOS!$A$6:$D$7697,4,0),IF(A19="INSUMO",VLOOKUP(B19,INSUMOS!$A$6:$D$4845,4,0),IF(A19="COTAÇÃO",VLOOKUP(B19,'014-22-cotação'!$A$9:$I$138,3,0)))) -> 40 | H19: =TRUNC((F19*G19),2) -> 520.25 | J19: A quantidade de uso é geralmente 2,0 a 2,5 kg de Pigmento para cada saco de 50 kg de cimento, ou seja 4 a 5 % sobre o peso do cimento.
B20: Observação: | C20: REF: 94970 SINAPI JANEIRO 2022 - INCLUSO PIGMENTO DE ACORDO COM ESPECIFICAÇÕES TÉCNICAS DO FABRICANTE.
B22: CCU - 04.002 AUX | C22: CONCRETO PIGMENTADO NA COR VERDE FCK = 20MPA, TRAÇO 1:2,7:3 (EM MASSA SECA DE CIMENTO/ AREIA MÉDIA/ BRITA 1) - PREPARO MECÂNICO COM BETONEIRA 600 L | D22: SER.CG | E22: M3 | H22: =SUM(H23:H30) -> 1007.03
A23: INSUMO | B23: 370 | C23: =IF(A23="SERVIÇO",VLOOKUP(B23,SERVIÇOS!$A$6:$D$7697,2,0),IF(A23="INSUMO",VLOOKUP(B23,INSUMOS!$A$6:$D$4845,2,0),IF(A23="COTAÇÃO",VLOOKUP(B23,'014-22-cotação'!$A$9:$I$138,2,0)))) -> AREIA MEDIA - POSTO JAZIDA/FORNECEDOR (RETIRADO NA JAZIDA, SEM TRANSPORTE) | D23: =IF(A23="SERVIÇO",VLOOKUP(B23,SERVIÇOS!$A$6:$E$7697,5,0),IF(A23="INSUMO",VLOOKUP(B23,INSUMOS!$A$6:$E$4845,5,0),IF(A23="COTAÇÃO",VLOOKUP(B23,'014-22-cotação'!$A$9:$J$138,10,0)))) -> MAT. | E23: =IF(A23="SERVIÇO",VLOOKUP(B23,SERVIÇOS!$A$6:$D$7697,3,0),IF(A23="INSUMO",VLOOKUP(B23,INSUMOS!$A$6:$D$4845,3,0),IF(A23="COTAÇÃO",VLOOKUP(B23,'014-22-cotação'!$A$9:$I$138,4,0)))) -> M3 | F23: 0.7609 | G23: =IF(A23="SERVIÇO",VLOOKUP(B23,SERVIÇOS!$A$6:$D$7697,4,0),IF(A23="INSUMO",VLOOKUP(B23,INSUMOS!$A$6:$D$4845,4,0),IF(A23="COTAÇÃO",VLOOKUP(B23,'014-22-cotação'!$A$9:$I$138,3,0)))) -> 200 | H23: =TRUNC((F23*G23),2) -> 152.18
A24: INSUMO | B24: 1379 | C24: =IF(A24="SERVIÇO",VLOOKUP(B24,SERVIÇOS!$A$6:$D$7697,2,0),IF(A24="INSUMO",VLOOKUP(B24,INSUMOS!$A$6:$D$4845,2,0),IF(A24="COTAÇÃO",VLOOKUP(B24,'014-22-cotação'!$A$9:$I$138,2,0)))) -> CIMENTO PORTLAND COMPOSTO CP II-32 | D24: =IF(A24="SERVIÇO",VLOOKUP(B24,SERVIÇOS!$A$6:$E$7697,5,0),IF(A24="INSUMO",VLOOKUP(B24,INSUMOS!$A$6:$E$4845,5,0),IF(A24="COTAÇÃO",VLOOKUP(B24,'014-22-cotação'!$A$9:$J$138,10,0)))) -> MAT. | E24: =IF(A24="SERVIÇO",VLOOKUP(B24,SERVIÇOS!$A$6:$D$7697,3,0),IF(A24="INSUMO",VLOOKUP(B24,INSUMOS!$A$6:$D$4845,3,0),IF(A24="COTAÇÃO",VLOOKUP(B24,'014-22-cotação'!$A$9:$I$138,4,0)))) -> KG | F24: 325.1589 | G24: =IF(A24="SERVIÇO",VLOOKUP(B24,SERVIÇOS!$A$6:$D$7697,4,0),IF(A24="INSUMO",VLOOKUP(B24,INSUMOS!$A$6:$D$4845,4,0),IF(A24="COTAÇÃO",VLOOKUP(B24,'014-22-cotação'!$A$9:$I$138,3,0)))) -> 0.64 | H24: =TRUNC((F24*G24),2) -> 208.1
A25: INSUMO | B25: 4721 | C25: =IF(A25="SERVIÇO",VLOOKUP(B25,SERVIÇOS!$A$6:$D$7697,2,0),IF(A25="INSUMO",VLOOKUP(B25,INSUMOS!$A$6:$D$4845,2,0),IF(A25="COTAÇÃO",VLOOKUP(B25,'014-22-cotação'!$A$9:$I$138,2,0)))) -> PEDRA BRITADA N. 1 (9,5 A 19 MM) POSTO PEDREIRA/FORNECEDOR, SEM FRETE | D25: =IF(A25="SERVIÇO",VLOOKUP(B25,SERVIÇOS!$A$6:$E$7697,5,0),IF(A25="INSUMO",VLOOKUP(B25,INSUMOS!$A$6:$E$4845,5,0),IF(A25="COTAÇÃO",VLOOKUP(B25,'014-22-cotação'!$A$9:$J$138,10,0)))) -> MAT. | E25: =IF(A25="SERVIÇO",VLOOKUP(B25,SERVIÇOS!$A$6:$D$7697,3,0),IF(A25="INSUMO",VLOOKUP(B25,INSUMOS!$A$6:$D$4845,3,0),IF(A25="COTAÇÃO",VLOOKUP(B25,'014-22-cotação'!$A$9:$I$138,4,0)))) -> M3 | F25: 0.5912 | G25: =IF(A25="SERVIÇO",VLOOKUP(B25,SERVIÇOS!$A$6:$D$7697,4,0),IF(A25="INSUMO",VLOOKUP(B25,INSUMOS!$A$6:$D$4845,4,0),IF(A25="COTAÇÃO",VLOOKUP(B25,'014-22-cotação'!$A$9:$I$138,3,0)))) -> 177.42 | H25: =TRUNC((F25*G25),2) -> 104.89
A26: SERVIÇO | B26: 88316 | C26: =IF(A26="SERVIÇO",VLOOKUP(B26,SERVIÇOS!$A$6:$D$7697,2,0),IF(A26="INSUMO",VLOOKUP(B26,INSUMOS!$A$6:$D$4845,2,0),IF(A26="COTAÇÃO",VLOOKUP(B26,'014-22-cotação'!$A$9:$I$138,2,0)))) -> SERVENTE COM ENCARGOS COMPLEMENTARES | D26: =IF(A26="SERVIÇO",VLOOKUP(B26,SERVIÇOS!$A$6:$E$7697,5,0),IF(A26="INSUMO",VLOOKUP(B26,INSUMOS!$A$6:$E$4845,5,0),IF(A26="COTAÇÃO",VLOOKUP(B26,'014-22-cotação'!$A$9:$J$138,10,0)))) -> M.O | E26: =IF(A26="SERVIÇO",VLOOKUP(B26,SERVIÇOS!$A$6:$D$7697,3,0),IF(A26="INSUMO",VLOOKUP(B26,INSUMOS!$A$6:$D$4845,3,0),IF(A26="COTAÇÃO",VLOOKUP(B26,'014-22-cotação'!$A$9:$I$138,4,0)))) -> H | F26: 2.0267 | G26: =IF(A26="SERVIÇO",VLOOKUP(B26,SERVIÇOS!$A$6:$D$7697,4,0),IF(A26="INSUMO",VLOOKUP(B26,INSUMOS!$A$6:$D$4845,4,0),IF(A26="COTAÇÃO",VLOOKUP(B26,'014-22-cotação'!$A$9:$I$138,3,0)))) -> 23.4 | H26: =TRUNC((F26*G26),2) -> 47.42
A27: SERVIÇO | B27: 88377 | C27: =IF(A27="SERVIÇO",VLOOKUP(B27,SERVIÇOS!$A$6:$D$7697,2,0),IF(A27="INSUMO",VLOOKUP(B27,INSUMOS!$A$6:$D$4845,2,0),IF(A27="COTAÇÃO",VLOOKUP(B27,'014-22-cotação'!$A$9:$I$138,2,0)))) -> OPERADOR DE BETONEIRA ESTACIONÁRIA/MISTURADOR COM ENCARGOS COMPLEMENTARES | D27: =IF(A27="SERVIÇO",VLOOKUP(B27,SERVIÇOS!$A$6:$E$7697,5,0),IF(A27="INSUMO",VLOOKUP(B27,INSUMOS!$A$6:$E$4845,5,0),IF(A27="COTAÇÃO",VLOOKUP(B27,'014-22-cotação'!$A$9:$J$138,10,0)))) -> M.O | E27: =IF(A27="SERVIÇO",VLOOKUP(B27,SERVIÇOS!$A$6:$D$7697,3,0),IF(A27="INSUMO",VLOOKUP(B27,INSUMOS!$A$6:$D$4845,3,0),IF(A27="COTAÇÃO",VLOOKUP(B27,'014-22-cotação'!$A$9:$I$138,4,0)))) -> H | F27: 1.2768 | G27: =IF(A27="SERVIÇO",VLOOKUP(B27,SERVIÇOS!$A$6:$D$7697,4,0),IF(A27="INSUMO",VLOOKUP(B27,INSUMOS!$A$6:$D$4845,4,0),IF(A27="COTAÇÃO",VLOOKUP(B27,'014-22-cotação'!$A$9:$I$138,3,0)))) -> 25.72 | H27: =TRUNC((F27*G27),2) -> 32.83
A28: SERVIÇO | B28: 89225 | C28: =IF(A28="SERVIÇO",VLOOKUP(B28,SERVIÇOS!$A$6:$D$7697,2,0),IF(A28="INSUMO",VLOOKUP(B28,INSUMOS!$A$6:$D$4845,2,0),IF(A28="COTAÇÃO",VLOOKUP(B28,'014-22-cotação'!$A$9:$I$138,2,0)))) -> BETONEIRA CAPACIDADE NOMINAL DE 600 L, CAPACIDADE DE MISTURA 360 L, MOTOR ELÉTRICO TRIFÁSICO POTÊNCIA DE 4 CV, SEM CARREGADOR - CHP DIURNO. AF_05/2023 | D28: =IF(A28="SERVIÇO",VLOOKUP(B28,SERVIÇOS!$A$6:$E$7697,5,0),IF(A28="INSUMO",VLOOKUP(B28,INSUMOS!$A$6:$E$4845,5,0),IF(A28="COTAÇÃO",VLOOKUP(B28,'014-22-cotação'!$A$9:$J$138,10,0)))) -> EQUIP. | E28: =IF(A28="SERVIÇO",VLOOKUP(B28,SERVIÇOS!$A$6:$D$7697,3,0),IF(A28="INSUMO",VLOOKUP(B28,INSUMOS!$A$6:$D$4845,3,0),IF(A28="COTAÇÃO",VLOOKUP(B28,'014-22-cotação'!$A$9:$I$138,4,0)))) -> CHP | F28: 0.6572 | G28: =IF(A28="SERVIÇO",VLOOKUP(B28,SERVIÇOS!$A$6:$D$7697,4,0),IF(A28="INSUMO",VLOOKUP(B28,INSUMOS!$A$6:$D$4845,4,0),IF(A28="COTAÇÃO",VLOOKUP(B28,'014-22-cotação'!$A$9:$I$138,3,0)))) -> 5.03 | H28: =TRUNC((F28*G28),2) -> 3.3
A29: SERVIÇO | B29: 89226 | C29: =IF(A29="SERVIÇO",VLOOKUP(B29,SERVIÇOS!$A$6:$D$7697,2,0),IF(A29="INSUMO",VLOOKUP(B29,INSUMOS!$A$6:$D$4845,2,0),IF(A29="COTAÇÃO",VLOOKUP(B29,'014-22-cotação'!$A$9:$I$138,2,0)))) -> BETONEIRA CAPACIDADE NOMINAL DE 600 L, CAPACIDADE DE MISTURA 360 L, MOTOR ELÉTRICO TRIFÁSICO POTÊNCIA DE 4 CV, SEM CARREGADOR - CHI DIURNO. AF_05/2023 | D29: =IF(A29="SERVIÇO",VLOOKUP(B29,SERVIÇOS!$A$6:$E$7697,5,0),IF(A29="INSUMO",VLOOKUP(B29,INSUMOS!$A$6:$E$4845,5,0),IF(A29="COTAÇÃO",VLOOKUP(B29,'014-22-cotação'!$A$9:$J$138,10,0)))) -> EQUIP. | E29: =IF(A29="SERVIÇO",VLOOKUP(B29,SERVIÇOS!$A$6:$D$7697,3,0),IF(A29="INSUMO",VLOOKUP(B29,INSUMOS!$A$6:$D$4845,3,0),IF(A29="COTAÇÃO",VLOOKUP(B29,'014-22-cotação'!$A$9:$I$138,4,0)))) -> CHI | F29: 0.6197 | G29: =IF(A29="SERVIÇO",VLOOKUP(B29,SERVIÇOS!$A$6:$D$7697,4,0),IF(A29="INSUMO",VLOOKUP(B29,INSUMOS!$A$6:$D$4845,4,0),IF(A29="COTAÇÃO",VLOOKUP(B29,'014-22-cotação'!$A$9:$I$138,3,0)))) -> 1.64 | H29: =TRUNC((F29*G29),2) -> 1.01
A30: COTAÇÃO | B30: COT - 04.002 | C30: =IF(A30="SERVIÇO",VLOOKUP(B30,SERVIÇOS!$A$6:$D$7697,2,0),IF(A30="INSUMO",VLOOKUP(B30,INSUMOS!$A$6:$D$4845,2,0),IF(A30="COTAÇÃO",VLOOKUP(B30,'014-22-cotação'!$A$9:$I$138,2,0)))) -> PIGMENTO EM PÓ COR VERDE PARA CONCRETO | D30: =IF(A30="SERVIÇO",VLOOKUP(B30,SERVIÇOS!$A$6:$E$7697,5,0),IF(A30="INSUMO",VLOOKUP(B30,INSUMOS!$A$6:$E$4845,5,0),IF(A30="COTAÇÃO",VLOOKUP(B30,'014-22-cotação'!$A$9:$J$138,10,0)))) -> MAT. | E30: =IF(A30="SERVIÇO",VLOOKUP(B30,SERVIÇOS!$A$6:$D$7697,3,0),IF(A30="INSUMO",VLOOKUP(B30,INSUMOS!$A$6:$D$4845,3,0),IF(A30="COTAÇÃO",VLOOKUP(B30,'014-22-cotação'!$A$9:$I$138,4,0)))) -> KG | F30: =F24*0.04 -> 13.006356 | G30: =IF(A30="SERVIÇO",VLOOKUP(B30,SERVIÇOS!$A$6:$D$7697,4,0),IF(A30="INSUMO",VLOOKUP(B30,INSUMOS!$A$6:$D$4845,4,0),IF(A30="COTAÇÃO",VLOOKUP(B30,'014-22-cotação'!$A$9:$I$138,3,0)))) -> 35.16 | H30: =TRUNC((F30*G30),2) -> 457.3 | J30: A quantidade de uso é geralmente 2,0 a 2,5 kg de Pigmento para cada saco de 50 kg de cimento, ou seja 4 a 5 % sobre o peso do cimento.
B31: Observação: | C31: REF: 94970 SINAPI JANEIRO 2022 - INCLUSO PIGMENTO DE ACORDO COM ESPECIFICAÇÕES TÉCNICAS DO FABRICANTE.
B33: CCU - 04.003 AUX | C33: CONCRETO PIGMENTADO NA COR AZUL FCK = 20MPA, TRAÇO 1:2,7:3 (EM MASSA SECA DE CIMENTO/ AREIA MÉDIA/ BRITA 1) - PREPARO MECÂNICO COM BETONEIRA 600 L | D33: SER.CG | E33: M3 | H33: =SUM(H34:H41) -> 1007.03
A34: INSUMO | B34: 370 | C34: =IF(A34="SERVIÇO",VLOOKUP(B34,SERVIÇOS!$A$6:$D$7697,2,0),IF(A34="INSUMO",VLOOKUP(B34,INSUMOS!$A$6:$D$4845,2,0),IF(A34="COTAÇÃO",VLOOKUP(B34,'014-22-cotação'!$A$9:$I$138,2,0)))) -> AREIA MEDIA - POSTO JAZIDA/FORNECEDOR (RETIRADO NA JAZIDA, SEM TRANSPORTE) | D34: =IF(A34="SERVIÇO",VLOOKUP(B34,SERVIÇOS!$A$6:$E$7697,5,0),IF(A34="INSUMO",VLOOKUP(B34,INSUMOS!$A$6:$E$4845,5,0),IF(A34="COTAÇÃO",VLOOKUP(B34,'014-22-cotação'!$A$9:$J$138,10,0)))) -> MAT. | E34: =IF(A34="SERVIÇO",VLOOKUP(B34,SERVIÇOS!$A$6:$D$7697,3,0),IF(A34="INSUMO",VLOOKUP(B34,INSUMOS!$A$6:$D$4845,3,0),IF(A34="COTAÇÃO",VLOOKUP(B34,'014-22-cotação'!$A$9:$I$138,4,0)))) -> M3 | F34: 0.7609 | G34: =IF(A34="SERVIÇO",VLOOKUP(B34,SERVIÇOS!$A$6:$D$7697,4,0),IF(A34="INSUMO",VLOOKUP(B34,INSUMOS!$A$6:$D$4845,4,0),IF(A34="COTAÇÃO",VLOOKUP(B34,'014-22-cotação'!$A$9:$I$138,3,0)))) -> 200 | H34: =TRUNC((F34*G34),2) -> 152.18
A35: INSUMO | B35: 1379 | C35: =IF(A35="SERVIÇO",VLOOKUP(B35,SERVIÇOS!$A$6:$D$7697,2,0),IF(A35="INSUMO",VLOOKUP(B35,INSUMOS!$A$6:$D$4845,2,0),IF(A35="COTAÇÃO",VLOOKUP(B35,'014-22-cotação'!$A$9:$I$138,2,0)))) -> CIMENTO PORTLAND COMPOSTO CP II-32 | D35: =IF(A35="SERVIÇO",VLOOKUP(B35,SERVIÇOS!$A$6:$E$7697,5,0),IF(A35="INSUMO",VLOOKUP(B35,INSUMOS!$A$6:$E$4845,5,0),IF(A35="COTAÇÃO",VLOOKUP(B35,'014-22-cotação'!$A$9:$J$138,10,0)))) -> MAT. | E35: =IF(A35="SERVIÇO",VLOOKUP(B35,SERVIÇOS!$A$6:$D$7697,3,0),IF(A35="INSUMO",VLOOKUP(B35,INSUMOS!$A$6:$D$4845,3,0),IF(A35="COTAÇÃO",VLOOKUP(B35,'014-22-cotação'!$A$9:$I$138,4,0)))) -> KG | F35: 325.1589 | G35: =IF(A35="SERVIÇO",VLOOKUP(B35,SERVIÇOS!$A$6:$D$7697,4,0),IF(A35="INSUMO",VLOOKUP(B35,INSUMOS!$A$6:$D$4845,4,0),IF(A35="COTAÇÃO",VLOOKUP(B35,'014-22-cotação'!$A$9:$I$138,3,0)))) -> 0.64 | H35: =TRUNC((F35*G35),2) -> 208.1
A36: INSUMO | B36: 4721 | C36: =IF(A36="SERVIÇO",VLOOKUP(B36,SERVIÇOS!$A$6:$D$7697,2,0),IF(A36="INSUMO",VLOOKUP(B36,INSUMOS!$A$6:$D$4845,2,0),IF(A36="COTAÇÃO",VLOOKUP(B36,'014-22-cotação'!$A$9:$I$138,2,0)))) -> PEDRA BRITADA N. 1 (9,5 A 19 MM) POSTO PEDREIRA/FORNECEDOR, SEM FRETE | D36: =IF(A36="SERVIÇO",VLOOKUP(B36,SERVIÇOS!$A$6:$E$7697,5,0),IF(A36="INSUMO",VLOOKUP(B36,INSUMOS!$A$6:$E$4845,5,0),IF(A36="COTAÇÃO",VLOOKUP(B36,'014-22-cotação'!$A$9:$J$138,10,0)))) -> MAT. | E36: =IF(A36="SERVIÇO",VLOOKUP(B36,SERVIÇOS!$A$6:$D$7697,3,0),IF(A36="INSUMO",VLOOKUP(B36,INSUMOS!$A$6:$D$4845,3,0),IF(A36="COTAÇÃO",VLOOKUP(B36,'014-22-cotação'!$A$9:$I$138,4,0)))) -> M3 | F36: 0.5912 | G36: =IF(A36="SERVIÇO",VLOOKUP(B36,SERVIÇOS!$A$6:$D$7697,4,0),IF(A36="INSUMO",VLOOKUP(B36,INSUMOS!$A$6:$D$4845,4,0),IF(A36="COTAÇÃO",VLOOKUP(B36,'014-22-cotação'!$A$9:$I$138,3,0)))) -> 177.42 | H36: =TRUNC((F36*G36),2) -> 104.89
A37: SERVIÇO | B37: 88316 | C37: =IF(A37="SERVIÇO",VLOOKUP(B37,SERVIÇOS!$A$6:$D$7697,2,0),IF(A37="INSUMO",VLOOKUP(B37,INSUMOS!$A$6:$D$4845,2,0),IF(A37="COTAÇÃO",VLOOKUP(B37,'014-22-cotação'!$A$9:$I$138,2,0)))) -> SERVENTE COM ENCARGOS COMPLEMENTARES | D37: =IF(A37="SERVIÇO",VLOOKUP(B37,SERVIÇOS!$A$6:$E$7697,5,0),IF(A37="INSUMO",VLOOKUP(B37,INSUMOS!$A$6:$E$4845,5,0),IF(A37="COTAÇÃO",VLOOKUP(B37,'014-22-cotação'!$A$9:$J$138,10,0)))) -> M.O | E37: =IF(A37="SERVIÇO",VLOOKUP(B37,SERVIÇOS!$A$6:$D$7697,3,0),IF(A37="INSUMO",VLOOKUP(B37,INSUMOS!$A$6:$D$4845,3,0),IF(A37="COTAÇÃO",VLOOKUP(B37,'014-22-cotação'!$A$9:$I$138,4,0)))) -> H | F37: 2.0267 | G37: =IF(A37="SERVIÇO",VLOOKUP(B37,SERVIÇOS!$A$6:$D$7697,4,0),IF(A37="INSUMO",VLOOKUP(B37,INSUMOS!$A$6:$D$4845,4,0),IF(A37="COTAÇÃO",VLOOKUP(B37,'014-22-cotação'!$A$9:$I$138,3,0)))) -> 23.4 | H37: =TRUNC((F37*G37),2) -> 47.42
A38: SERVIÇO | B38: 88377 | C38: =IF(A38="SERVIÇO",VLOOKUP(B38,SERVIÇOS!$A$6:$D$7697,2,0),IF(A38="INSUMO",VLOOKUP(B38,INSUMOS!$A$6:$D$4845,2,0),IF(A38="COTAÇÃO",VLOOKUP(B38,'014-22-cotação'!$A$9:$I$138,2,0)))) -> OPERADOR DE BETONEIRA ESTACIONÁRIA/MISTURADOR COM ENCARGOS COMPLEMENTARES | D38: =IF(A38="SERVIÇO",VLOOKUP(B38,SERVIÇOS!$A$6:$E$7697,5,0),IF(A38="INSUMO",VLOOKUP(B38,INSUMOS!$A$6:$E$4845,5,0),IF(A38="COTAÇÃO",VLOOKUP(B38,'014-22-cotação'!$A$9:$J$138,10,0)))) -> M.O | E38: =IF(A38="SERVIÇO",VLOOKUP(B38,SERVIÇOS!$A$6:$D$7697,3,0),IF(A38="INSUMO",VLOOKUP(B38,INSUMOS!$A$6:$D$4845,3,0),IF(A38="COTAÇÃO",VLOOKUP(B38,'014-22-cotação'!$A$9:$I$138,4,0)))) -> H | F38: 1.2768 | G38: =IF(A38="SERVIÇO",VLOOKUP(B38,SERVIÇOS!$A$6:$D$7697,4,0),IF(A38="INSUMO",VLOOKUP(B38,INSUMOS!$A$6:$D$4845,4,0),IF(A38="COTAÇÃO",VLOOKUP(B38,'014-22-cotação'!$A$9:$I$138,3,0)))) -> 25.72 | H38: =TRUNC((F38*G38),2) -> 32.83
A39: SERVIÇO | B39: 89225 | C39: =IF(A39="SERVIÇO",VLOOKUP(B39,SERVIÇOS!$A$6:$D$7697,2,0),IF(A39="INSUMO",VLOOKUP(B39,INSUMOS!$A$6:$D$4845,2,0),IF(A39="COTAÇÃO",VLOOKUP(B39,'014-22-cotação'!$A$9:$I$138,2,0)))) -> BETONEIRA CAPACIDADE NOMINAL DE 600 L, CAPACIDADE DE MISTURA 360 L, MOTOR ELÉTRICO TRIFÁSICO POTÊNCIA DE 4 CV, SEM CARREGADOR - CHP DIURNO. AF_05/2023 | D39: =IF(A39="SERVIÇO",VLOOKUP(B39,SERVIÇOS!$A$6:$E$7697,5,0),IF(A39="INSUMO",VLOOKUP(B39,INSUMOS!$A$6:$E$4845,5,0),IF(A39="COTAÇÃO",VLOOKUP(B39,'014-22-cotação'!$A$9:$J$138,10,0)))) -> EQUIP. | E39: =IF(A39="SERVIÇO",VLOOKUP(B39,SERVIÇOS!$A$6:$D$7697,3,0),IF(A39="INSUMO",VLOOKUP(B39,INSUMOS!$A$6:$D$4845,3,0),IF(A39="COTAÇÃO",VLOOKUP(B39,'014-22-cotação'!$A$9:$I$138,4,0)))) -> CHP | F39: 0.6572 | G39: =IF(A39="SERVIÇO",VLOOKUP(B39,SERVIÇOS!$A$6:$D$7697,4,0),IF(A39="INSUMO",VLOOKUP(B39,INSUMOS!$A$6:$D$4845,4,0),IF(A39="COTAÇÃO",VLOOKUP(B39,'014-22-cotação'!$A$9:$I$138,3,0)))) -> 5.03 | H39: =TRUNC((F39*G39),2) -> 3.3
A40: SERVIÇO | B40: 89226 | C40: =IF(A40="SERVIÇO",VLOOKUP(B40,SERVIÇOS!$A$6:$D$7697,2,0),IF(A40="INSUMO",VLOOKUP(B40,INSUMOS!$A$6:$D$4845,2,0),IF(A40="COTAÇÃO",VLOOKUP(B40,'014-22-cotação'!$A$9:$I$138,2,0)))) -> BETONEIRA CAPACIDADE NOMINAL DE 600 L, CAPACIDADE DE MISTURA 360 L, MOTOR ELÉTRICO TRIFÁSICO POTÊNCIA DE 4 CV, SEM CARREGADOR - CHI DIURNO. AF_05/2023 | D40: =IF(A40="SERVIÇO",VLOOKUP(B40,SERVIÇOS!$A$6:$E$7697,5,0),IF(A40="INSUMO",VLOOKUP(B40,INSUMOS!$A$6:$E$4845,5,0),IF(A40="COTAÇÃO",VLOOKUP(B40,'014-22-cotação'!$A$9:$J$138,10,0)))) -> EQUIP. | E40: =IF(A40="SERVIÇO",VLOOKUP(B40,SERVIÇOS!$A$6:$D$7697,3,0),IF(A40="INSUMO",VLOOKUP(B40,INSUMOS!$A$6:$D$4845,3,0),IF(A40="COTAÇÃO",VLOOKUP(B40,'014-22-cotação'!$A$9:$I$138,4,0)))) -> CHI | F40: 0.6197 | G40: =IF(A40="SERVIÇO",VLOOKUP(B40,SERVIÇOS!$A$6:$D$7697,4,0),IF(A40="INSUMO",VLOOKUP(B40,INSUMOS!$A$6:$D$4845,4,0),IF(A40="COTAÇÃO",VLOOKUP(B40,'014-22-cotação'!$A$9:$I$138,3,0)))) -> 1.64 | H40: =TRUNC((F40*G40),2) -> 1.01
A41: COTAÇÃO | B41: COT - 04.003 | C41: =IF(A41="SERVIÇO",VLOOKUP(B41,SERVIÇOS!$A$6:$D$7697,2,0),IF(A41="INSUMO",VLOOKUP(B41,INSUMOS!$A$6:$D$4845,2,0),IF(A41="COTAÇÃO",VLOOKUP(B41,'014-22-cotação'!$A$9:$I$138,2,0)))) -> PIGMENTO EM PÓ COR AZUL PARA CONCRETO | D41: =IF(A41="SERVIÇO",VLOOKUP(B41,SERVIÇOS!$A$6:$E$7697,5,0),IF(A41="INSUMO",VLOOKUP(B41,INSUMOS!$A$6:$E$4845,5,0),IF(A41="COTAÇÃO",VLOOKUP(B41,'014-22-cotação'!$A$9:$J$138,10,0)))) -> MAT. | E41: =IF(A41="SERVIÇO",VLOOKUP(B41,SERVIÇOS!$A$6:$D$7697,3,0),IF(A41="INSUMO",VLOOKUP(B41,INSUMOS!$A$6:$D$4845,3,0),IF(A41="COTAÇÃO",VLOOKUP(B41,'014-22-cotação'!$A$9:$I$138,4,0)))) -> KG | F41: =F35*0.04 -> 13.006356 | G41: =IF(A41="SERVIÇO",VLOOKUP(B41,SERVIÇOS!$A$6:$D$7697,4,0),IF(A41="INSUMO",VLOOKUP(B41,INSUMOS!$A$6:$D$4845,4,0),IF(A41="COTAÇÃO",VLOOKUP(B41,'014-22-cotação'!$A$9:$I$138,3,0)))) -> 35.16 | H41: =TRUNC((F41*G41),2) -> 457.3 | J41: A quantidade de uso é geralmente 2,0 a 2,5 kg de Pigmento para cada saco de 50 kg de cimento, ou seja 4 a 5 % sobre o peso do cimento.
B42: Observação: | C42: REF: 94970 SINAPI JANEIRO 2022 - INCLUSO PIGMENTO DE ACORDO COM ESPECIFICAÇÕES TÉCNICAS DO FABRICANTE.
B44: CCU - 04.004 AUX | C44: CONCRETO PIGMENTADO NA COR AMARELO FCK = 20MPA, TRAÇO 1:2,7:3 (EM MASSA SECA DE CIMENTO/ AREIA MÉDIA/ BRITA 1) - PREPARO MECÂNICO COM BETONEIRA 600 L | D44: SER.CG | E44: M3 | H44: =SUM(H45:H52) -> 1007.03
A45: INSUMO | B45: 370 | C45: =IF(A45="SERVIÇO",VLOOKUP(B45,SERVIÇOS!$A$6:$D$7697,2,0),IF(A45="INSUMO",VLOOKUP(B45,INSUMOS!$A$6:$D$4845,2,0),IF(A45="COTAÇÃO",VLOOKUP(B45,'014-22-cotação'!$A$9:$I$138,2,0)))) -> AREIA MEDIA - POSTO JAZIDA/FORNECEDOR (RETIRADO NA JAZIDA, SEM TRANSPORTE) | D45: =IF(A45="SERVIÇO",VLOOKUP(B45,SERVIÇOS!$A$6:$E$7697,5,0),IF(A45="INSUMO",VLOOKUP(B45,INSUMOS!$A$6:$E$4845,5,0),IF(A45="COTAÇÃO",VLOOKUP(B45,'014-22-cotação'!$A$9:$J$138,10,0)))) -> MAT. | E45: =IF(A45="SERVIÇO",VLOOKUP(B45,SERVIÇOS!$A$6:$D$7697,3,0),IF(A45="INSUMO",VLOOKUP(B45,INSUMOS!$A$6:$D$4845,3,0),IF(A45="COTAÇÃO",VLOOKUP(B45,'014-22-cotação'!$A$9:$I$138,4,0)))) -> M3 | F45: 0.7609 | G45: =IF(A45="SERVIÇO",VLOOKUP(B45,SERVIÇOS!$A$6:$D$7697,4,0),IF(A45="INSUMO",VLOOKUP(B45,INSUMOS!$A$6:$D$4845,4,0),IF(A45="COTAÇÃO",VLOOKUP(B45,'014-22-cotação'!$A$9:$I$138,3,0)))) -> 200 | H45: =TRUNC((F45*G45),2) -> 152.18
A46: INSUMO | B46: 1379 | C46: =IF(A46="SERVIÇO",VLOOKUP(B46,SERVIÇOS!$A$6:$D$7697,2,0),IF(A46="INSUMO",VLOOKUP(B46,INSUMOS!$A$6:$D$4845,2,0),IF(A46="COTAÇÃO",VLOOKUP(B46,'014-22-cotação'!$A$9:$I$138,2,0)))) -> CIMENTO PORTLAND COMPOSTO CP II-32 | D46: =IF(A46="SERVIÇO",VLOOKUP(B46,SERVIÇOS!$A$6:$E$7697,5,0),IF(A46="INSUMO",VLOOKUP(B46,INSUMOS!$A$6:$E$4845,5,0),IF(A46="COTAÇÃO",VLOOKUP(B46,'014-22-cotação'!$A$9:$J$138,10,0)))) -> MAT. | E46: =IF(A46="SERVIÇO",VLOOKUP(B46,SERVIÇOS!$A$6:$D$7697,3,0),IF(A46="INSUMO",VLOOKUP(B46,INSUMOS!$A$6:$D$4845,3,0),IF(A46="COTAÇÃO",VLOOKUP(B46,'014-22-cotação'!$A$9:$I$138,4,0)))) -> KG | F46: 325.1589 | G46: =IF(A46="SERVIÇO",VLOOKUP(B46,SERVIÇOS!$A$6:$D$7697,4,0),IF(A46="INSUMO",VLOOKUP(B46,INSUMOS!$A$6:$D$4845,4,0),IF(A46="COTAÇÃO",VLOOKUP(B46,'014-22-cotação'!$A$9:$I$138,3,0)))) -> 0.64 | H46: =TRUNC((F46*G46),2) -> 208.1
A47: INSUMO | B47: 4721 | C47: =IF(A47="SERVIÇO",VLOOKUP(B47,SERVIÇOS!$A$6:$D$7697,2,0),IF(A47="INSUMO",VLOOKUP(B47,INSUMOS!$A$6:$D$4845,2,0),IF(A47="COTAÇÃO",VLOOKUP(B47,'014-22-cotação'!$A$9:$I$138,2,0)))) -> PEDRA BRITADA N. 1 (9,5 A 19 MM) POSTO PEDREIRA/FORNECEDOR, SEM FRETE | D47: =IF(A47="SERVIÇO",VLOOKUP(B47,SERVIÇOS!$A$6:$E$7697,5,0),IF(A47="INSUMO",VLOOKUP(B47,INSUMOS!$A$6:$E$4845,5,0),IF(A47="COTAÇÃO",VLOOKUP(B47,'014-22-cotação'!$A$9:$J$138,10,0)))) -> MAT. | E47: =IF(A47="SERVIÇO",VLOOKUP(B47,SERVIÇOS!$A$6:$D$7697,3,0),IF(A47="INSUMO",VLOOKUP(B47,INSUMOS!$A$6:$D$4845,3,0),IF(A47="COTAÇÃO",VLOOKUP(B47,'014-22-cotação'!$A$9:$I$138,4,0)))) -> M3 | F47: 0.5912 | G47: =IF(A47="SERVIÇO",VLOOKUP(B47,SERVIÇOS!$A$6:$D$7697,4,0),IF(A47="INSUMO",VLOOKUP(B47,INSUMOS!$A$6:$D$4845,4,0),IF(A47="COTAÇÃO",VLOOKUP(B47,'014-22-cotação'!$A$9:$I$138,3,0)))) -> 177.42 | H47: =TRUNC((F47*G47),2) -> 104.89
A48: SERVIÇO | B48: 88316 | C48: =IF(A48="SERVIÇO",VLOOKUP(B48,SERVIÇOS!$A$6:$D$7697,2,0),IF(A48="INSUMO",VLOOKUP(B48,INSUMOS!$A$6:$D$4845,2,0),IF(A48="COTAÇÃO",VLOOKUP(B48,'014-22-cotação'!$A$9:$I$138,2,0)))) -> SERVENTE COM ENCARGOS COMPLEMENTARES | D48: =IF(A48="SERVIÇO",VLOOKUP(B48,SERVIÇOS!$A$6:$E$7697,5,0),IF(A48="INSUMO",VLOOKUP(B48,INSUMOS!$A$6:$E$4845,5,0),IF(A48="COTAÇÃO",VLOOKUP(B48,'014-22-cotação'!$A$9:$J$138,10,0)))) -> M.O | E48: =IF(A48="SERVIÇO",VLOOKUP(B48,SERVIÇOS!$A$6:$D$7697,3,0),IF(A48="INSUMO",VLOOKUP(B48,INSUMOS!$A$6:$D$4845,3,0),IF(A48="COTAÇÃO",VLOOKUP(B48,'014-22-cotação'!$A$9:$I$138,4,0)))) -> H | F48: 2.0267 | G48: =IF(A48="SERVIÇO",VLOOKUP(B48,SERVIÇOS!$A$6:$D$7697,4,0),IF(A48="INSUMO",VLOOKUP(B48,INSUMOS!$A$6:$D$4845,4,0),IF(A48="COTAÇÃO",VLOOKUP(B48,'014-22-cotação'!$A$9:$I$138,3,0)))) -> 23.4 | H48: =TRUNC((F48*G48),2) -> 47.42
A49: SERVIÇO | B49: 88377 | C49: =IF(A49="SERVIÇO",VLOOKUP(B49,SERVIÇOS!$A$6:$D$7697,2,0),IF(A49="INSUMO",VLOOKUP(B49,INSUMOS!$A$6:$D$4845,2,0),IF(A49="COTAÇÃO",VLOOKUP(B49,'014-22-cotação'!$A$9:$I$138,2,0)))) -> OPERADOR DE BETONEIRA ESTACIONÁRIA/MISTURADOR COM ENCARGOS COMPLEMENTARES | D49: =IF(A49="SERVIÇO",VLOOKUP(B49,SERVIÇOS!$A$6:$E$7697,5,0),IF(A49="INSUMO",VLOOKUP(B49,INSUMOS!$A$6:$E$4845,5,0),IF(A49="COTAÇÃO",VLOOKUP(B49,'014-22-cotação'!$A$9:$J$138,10,0)))) -> M.O | E49: =IF(A49="SERVIÇO",VLOOKUP(B49,SERVIÇOS!$A$6:$D$7697,3,0),IF(A49="INSUMO",VLOOKUP(B49,INSUMOS!$A$6:$D$4845,3,0),IF(A49="COTAÇÃO",VLOOKUP(B49,'014-22-cotação'!$A$9:$I$138,4,0)))) -> H | F49: 1.2768 | G49: =IF(A49="SERVIÇO",VLOOKUP(B49,SERVIÇOS!$A$6:$D$7697,4,0),IF(A49="INSUMO",VLOOKUP(B49,INSUMOS!$A$6:$D$4845,4,0),IF(A49="COTAÇÃO",VLOOKUP(B49,'014-22-cotação'!$A$9:$I$138,3,0)))) -> 25.72 | H49: =TRUNC((F49*G49),2) -> 32.83
A50: SERVIÇO | B50: 89225 | C50: =IF(A50="SERVIÇO",VLOOKUP(B50,SERVIÇOS!$A$6:$D$7697,2,0),IF(A50="INSUMO",VLOOKUP(B50,INSUMOS!$A$6:$D$4845,2,0),IF(A50="COTAÇÃO",VLOOKUP(B50,'014-22-cotação'!$A$9:$I$138,2,0)))) -> BETONEIRA CAPACIDADE NOMINAL DE 600 L, CAPACIDADE DE MISTURA 360 L, MOTOR ELÉTRICO TRIFÁSICO POTÊNCIA DE 4 CV, SEM CARREGADOR - CHP DIURNO. AF_05/2023 | D50: =IF(A50="SERVIÇO",VLOOKUP(B50,SERVIÇOS!$A$6:$E$7697,5,0),IF(A50="INSUMO",VLOOKUP(B50,INSUMOS!$A$6:$E$4845,5,0),IF(A50="COTAÇÃO",VLOOKUP(B50,'014-22-cotação'!$A$9:$J$138,10,0)))) -> EQUIP. | E50: =IF(A50="SERVIÇO",VLOOKUP(B50,SERVIÇOS!$A$6:$D$7697,3,0),IF(A50="INSUMO",VLOOKUP(B50,INSUMOS!$A$6:$D$4845,3,0),IF(A50="COTAÇÃO",VLOOKUP(B50,'014-22-cotação'!$A$9:$I$138,4,0)))) -> CHP | F50: 0.6572 | G50: =IF(A50="SERVIÇO",VLOOKUP(B50,SERVIÇOS!$A$6:$D$7697,4,0),IF(A50="INSUMO",VLOOKUP(B50,INSUMOS!$A$6:$D$4845,4,0),IF(A50="COTAÇÃO",VLOOKUP(B50,'014-22-cotação'!$A$9:$I$138,3,0)))) -> 5.03 | H50: =TRUNC((F50*G50),2) -> 3.3
A51: SERVIÇO | B51: 89226 | C51: =IF(A51="SERVIÇO",VLOOKUP(B51,SERVIÇOS!$A$6:$D$7697,2,0),IF(A51="INSUMO",VLOOKUP(B51,INSUMOS!$A$6:$D$4845,2,0),IF(A51="COTAÇÃO",VLOOKUP(B51,'014-22-cotação'!$A$9:$I$138,2,0)))) -> BETONEIRA CAPACIDADE NOMINAL DE 600 L, CAPACIDADE DE MISTURA 360 L, MOTOR ELÉTRICO TRIFÁSICO POTÊNCIA DE 4 CV, SEM CARREGADOR - CHI DIURNO. AF_05/2023 | D51: =IF(A51="SERVIÇO",VLOOKUP(B51,SERVIÇOS!$A$6:$E$7697,5,0),IF(A51="INSUMO",VLOOKUP(B51,INSUMOS!$A$6:$E$4845,5,0),IF(A51="COTAÇÃO",VLOOKUP(B51,'014-22-cotação'!$A$9:$J$138,10,0)))) -> EQUIP. | E51: =IF(A51="SERVIÇO",VLOOKUP(B51,SERVIÇOS!$A$6:$D$7697,3,0),IF(A51="INSUMO",VLOOKUP(B51,INSUMOS!$A$6:$D$4845,3,0),IF(A51="COTAÇÃO",VLOOKUP(B51,'014-22-cotação'!$A$9:$I$138,4,0)))) -> CHI | F51: 0.6197 | G51: =IF(A51="SERVIÇO",VLOOKUP(B51,SERVIÇOS!$A$6:$D$7697,4,0),IF(A51="INSUMO",VLOOKUP(B51,INSUMOS!$A$6:$D$4845,4,0),IF(A51="COTAÇÃO",VLOOKUP(B51,'014-22-cotação'!$A$9:$I$138,3,0)))) -> 1.64 | H51: =TRUNC((F51*G51),2) -> 1.01
A52: COTAÇÃO | B52: COT - 04.004 | C52: =IF(A52="SERVIÇO",VLOOKUP(B52,SERVIÇOS!$A$6:$D$7697,2,0),IF(A52="INSUMO",VLOOKUP(B52,INSUMOS!$A$6:$D$4845,2,0),IF(A52="COTAÇÃO",VLOOKUP(B52,'014-22-cotação'!$A$9:$I$138,2,0)))) -> PIGMENTO EM PÓ COR AMARELO PARA CONCRETO | D52: =IF(A52="SERVIÇO",VLOOKUP(B52,SERVIÇOS!$A$6:$E$7697,5,0),IF(A52="INSUMO",VLOOKUP(B52,INSUMOS!$A$6:$E$4845,5,0),IF(A52="COTAÇÃO",VLOOKUP(B52,'014-22-cotação'!$A$9:$J$138,10,0)))) -> MAT. | E52: =IF(A52="SERVIÇO",VLOOKUP(B52,SERVIÇOS!$A$6:$D$7697,3,0),IF(A52="INSUMO",VLOOKUP(B52,INSUMOS!$A$6:$D$4845,3,0),IF(A52="COTAÇÃO",VLOOKUP(B52,'014-22-cotação'!$A$9:$I$138,4,0)))) -> KG | F52: =F46*0.04 -> 13.006356 | G52: =IF(A52="SERVIÇO",VLOOKUP(B52,SERVIÇOS!$A$6:$D$7697,4,0),IF(A52="INSUMO",VLOOKUP(B52,INSUMOS!$A$6:$D$4845,4,0),IF(A52="COTAÇÃO",VLOOKUP(B52,'014-22-cotação'!$A$9:$I$138,3,0)))) -> 35.16 | H52: =TRUNC((F52*G52),2) -> 457.3 | J52: A quantidade de uso é geralmente 2,0 a 2,5 kg de Pigmento para cada saco de 50 kg de cimento, ou seja 4 a 5 % sobre o peso do cimento.
B53: Observação: | C53: REF: 94970 SINAPI JANEIRO 2022 - INCLUSO PIGMENTO DE ACORDO COM ESPECIFICAÇÕES TÉCNICAS DO FABRICANTE.
B55: CCU - 04.005 AUX | C55: CONCRETO PIGMENTADO NA COR ROSA FCK = 20MPA, TRAÇO 1:2,7:3 (EM MASSA SECA DE CIMENTO/ AREIA MÉDIA/ BRITA 1) - PREPARO MECÂNICO COM BETONEIRA 600 L | D55: SER.CG | E55: M3 | H55: =SUM(H56:H63) -> 1134.49
A56: INSUMO | B56: 370 | C56: =IF(A56="SERVIÇO",VLOOKUP(B56,SERVIÇOS!$A$6:$D$7697,2,0),IF(A56="INSUMO",VLOOKUP(B56,INSUMOS!$A$6:$D$4845,2,0),IF(A56="COTAÇÃO",VLOOKUP(B56,'014-22-cotação'!$A$9:$I$138,2,0)))) -> AREIA MEDIA - POSTO JAZIDA/FORNECEDOR (RETIRADO NA JAZIDA, SEM TRANSPORTE) | D56: =IF(A56="SERVIÇO",VLOOKUP(B56,SERVIÇOS!$A$6:$E$7697,5,0),IF(A56="INSUMO",VLOOKUP(B56,INSUMOS!$A$6:$E$4845,5,0),IF(A56="COTAÇÃO",VLOOKUP(B56,'014-22-cotação'!$A$9:$J$138,10,0)))) -> MAT. | E56: =IF(A56="SERVIÇO",VLOOKUP(B56,SERVIÇOS!$A$6:$D$7697,3,0),IF(A56="INSUMO",VLOOKUP(B56,INSUMOS!$A$6:$D$4845,3,0),IF(A56="COTAÇÃO",VLOOKUP(B56,'014-22-cotação'!$A$9:$I$138,4,0)))) -> M3 | F56: 0.7609 | G56: =IF(A56="SERVIÇO",VLOOKUP(B56,SERVIÇOS!$A$6:$D$7697,4,0),IF(A56="INSUMO",VLOOKUP(B56,INSUMOS!$A$6:$D$4845,4,0),IF(A56="COTAÇÃO",VLOOKUP(B56,'014-22-cotação'!$A$9:$I$138,3,0)))) -> 200 | H56: =TRUNC((F56*G56),2) -> 152.18
A57: INSUMO | B57: 1379 | C57: =IF(A57="SERVIÇO",VLOOKUP(B57,SERVIÇOS!$A$6:$D$7697,2,0),IF(A57="INSUMO",VLOOKUP(B57,INSUMOS!$A$6:$D$4845,2,0),IF(A57="COTAÇÃO",VLOOKUP(B57,'014-22-cotação'!$A$9:$I$138,2,0)))) -> CIMENTO PORTLAND COMPOSTO CP II-32 | D57: =IF(A57="SERVIÇO",VLOOKUP(B57,SERVIÇOS!$A$6:$E$7697,5,0),IF(A57="INSUMO",VLOOKUP(B57,INSUMOS!$A$6:$E$4845,5,0),IF(A57="COTAÇÃO",VLOOKUP(B57,'014-22-cotação'!$A$9:$J$138,10,0)))) -> MAT. | E57: =IF(A57="SERVIÇO",VLOOKUP(B57,SERVIÇOS!$A$6:$D$7697,3,0),IF(A57="INSUMO",VLOOKUP(B57,INSUMOS!$A$6:$D$4845,3,0),IF(A57="COTAÇÃO",VLOOKUP(B57,'014-22-cotação'!$A$9:$I$138,4,0)))) -> KG | F57: 325.1589 | G57: =IF(A57="SERVIÇO",VLOOKUP(B57,SERVIÇOS!$A$6:$D$7697,4,0),IF(A57="INSUMO",VLOOKUP(B57,INSUMOS!$A$6:$D$4845,4,0),IF(A57="COTAÇÃO",VLOOKUP(B57,'014-22-cotação'!$A$9:$I$138,3,0)))) -> 0.64 | H57: =TRUNC((F57*G57),2) -> 208.1
A58: INSUMO | B58: 4721 | C58: =IF(A58="SERVIÇO",VLOOKUP(B58,SERVIÇOS!$A$6:$D$7697,2,0),IF(A58="INSUMO",VLOOKUP(B58,INSUMOS!$A$6:$D$4845,2,0),IF(A58="COTAÇÃO",VLOOKUP(B58,'014-22-cotação'!$A$9:$I$138,2,0)))) -> PEDRA BRITADA N. 1 (9,5 A 19 MM) POSTO PEDREIRA/FORNECEDOR, SEM FRETE | D58: =IF(A58="SERVIÇO",VLOOKUP(B58,SERVIÇOS!$A$6:$E$7697,5,0),IF(A58="INSUMO",VLOOKUP(B58,INSUMOS!$A$6:$E$4845,5,0),IF(A58="COTAÇÃO",VLOOKUP(B58,'014-22-cotação'!$A$9:$J$138,10,0)))) -> MAT. | E58: =IF(A58="SERVIÇO",VLOOKUP(B58,SERVIÇOS!$A$6:$D$7697,3,0),IF(A58="INSUMO",VLOOKUP(B58,INSUMOS!$A$6:$D$4845,3,0),IF(A58="COTAÇÃO",VLOOKUP(B58,'014-22-cotação'!$A$9:$I$138,4,0)))) -> M3 | F58: 0.5912 | G58: =IF(A58="SERVIÇO",VLOOKUP(B58,SERVIÇOS!$A$6:$D$7697,4,0),IF(A58="INSUMO",VLOOKUP(B58,INSUMOS!$A$6:$D$4845,4,0),IF(A58="COTAÇÃO",VLOOKUP(B58,'014-22-cotação'!$A$9:$I$138,3,0)))) -> 177.42 | H58: =TRUNC((F58*G58),2) -> 104.89
A59: SERVIÇO | B59: 88316 | C59: =IF(A59="SERVIÇO",VLOOKUP(B59,SERVIÇOS!$A$6:$D$7697,2,0),IF(A59="INSUMO",VLOOKUP(B59,INSUMOS!$A$6:$D$4845,2,0),IF(A59="COTAÇÃO",VLOOKUP(B59,'014-22-cotação'!$A$9:$I$138,2,0)))) -> SERVENTE COM ENCARGOS COMPLEMENTARES | D59: =IF(A59="SERVIÇO",VLOOKUP(B59,SERVIÇOS!$A$6:$E$7697,5,0),IF(A59="INSUMO",VLOOKUP(B59,INSUMOS!$A$6:$E$4845,5,0),IF(A59="COTAÇÃO",VLOOKUP(B59,'014-22-cotação'!$A$9:$J$138,10,0)))) -> M.O | E59: =IF(A59="SERVIÇO",VLOOKUP(B59,SERVIÇOS!$A$6:$D$7697,3,0),IF(A59="INSUMO",VLOOKUP(B59,INSUMOS!$A$6:$D$4845,3,0),IF(A59="COTAÇÃO",VLOOKUP(B59,'014-22-cotação'!$A$9:$I$138,4,0)))) -> H | F59: 2.0267 | G59: =IF(A59="SERVIÇO",VLOOKUP(B59,SERVIÇOS!$A$6:$D$7697,4,0),IF(A59="INSUMO",VLOOKUP(B59,INSUMOS!$A$6:$D$4845,4,0),IF(A59="COTAÇÃO",VLOOKUP(B59,'014-22-cotação'!$A$9:$I$138,3,0)))) -> 23.4 | H59: =TRUNC((F59*G59),2) -> 47.42
A60: SERVIÇO | B60: 88377 | C60: =IF(A60="SERVIÇO",VLOOKUP(B60,SERVIÇOS!$A$6:$D$7697,2,0),IF(A60="INSUMO",VLOOKUP(B60,INSUMOS!$A$6:$D$4845,2,0),IF(A60="COTAÇÃO",VLOOKUP(B60,'014-22-cotação'!$A$9:$I$138,2,0)))) -> OPERADOR DE BETONEIRA ESTACIONÁRIA/MISTURADOR COM ENCARGOS COMPLEMENTARES | D60: =IF(A60="SERVIÇO",VLOOKUP(B60,SERVIÇOS!$A$6:$E$7697,5,0),IF(A60="INSUMO",VLOOKUP(B60,INSUMOS!$A$6:$E$4845,5,0),IF(A60="COTAÇÃO",VLOOKUP(B60,'014-22-cotação'!$A$9:$J$138,10,0)))) -> M.O | E60: =IF(A60="SERVIÇO",VLOOKUP(B60,SERVIÇOS!$A$6:$D$7697,3,0),IF(A60="INSUMO",VLOOKUP(B60,INSUMOS!$A$6:$D$4845,3,0),IF(A60="COTAÇÃO",VLOOKUP(B60,'014-22-cotação'!$A$9:$I$138,4,0)))) -> H | F60: 1.2768 | G60: =IF(A60="SERVIÇO",VLOOKUP(B60,SERVIÇOS!$A$6:$D$7697,4,0),IF(A60="INSUMO",VLOOKUP(B60,INSUMOS!$A$6:$D$4845,4,0),IF(A60="COTAÇÃO",VLOOKUP(B60,'014-22-cotação'!$A$9:$I$138,3,0)))) -> 25.72 | H60: =TRUNC((F60*G60),2) -> 32.83
A61: SERVIÇO | B61: 89225 | C61: =IF(A61="SERVIÇO",VLOOKUP(B61,SERVIÇOS!$A$6:$D$7697,2,0),IF(A61="INSUMO",VLOOKUP(B61,INSUMOS!$A$6:$D$4845,2,0),IF(A61="COTAÇÃO",VLOOKUP(B61,'014-22-cotação'!$A$9:$I$138,2,0)))) -> BETONEIRA CAPACIDADE NOMINAL DE 600 L, CAPACIDADE DE MISTURA 360 L, MOTOR ELÉTRICO TRIFÁSICO POTÊNCIA DE 4 CV, SEM CARREGADOR - CHP DIURNO. AF_05/2023 | D61: =IF(A61="SERVIÇO",VLOOKUP(B61,SERVIÇOS!$A$6:$E$7697,5,0),IF(A61="INSUMO",VLOOKUP(B61,INSUMOS!$A$6:$E$4845,5,0),IF(A61="COTAÇÃO",VLOOKUP(B61,'014-22-cotação'!$A$9:$J$138,10,0)))) -> EQUIP. | E61: =IF(A61="SERVIÇO",VLOOKUP(B61,SERVIÇOS!$A$6:$D$7697,3,0),IF(A61="INSUMO",VLOOKUP(B61,INSUMOS!$A$6:$D$4845,3,0),IF(A61="COTAÇÃO",VLOOKUP(B61,'014-22-cotação'!$A$9:$I$138,4,0)))) -> CHP | F61: 0.6572 | G61: =IF(A61="SERVIÇO",VLOOKUP(B61,SERVIÇOS!$A$6:$D$7697,4,0),IF(A61="INSUMO",VLOOKUP(B61,INSUMOS!$A$6:$D$4845,4,0),IF(A61="COTAÇÃO",VLOOKUP(B61,'014-22-cotação'!$A$9:$I$138,3,0)))) -> 5.03 | H61: =TRUNC((F61*G61),2) -> 3.3
A62: SERVIÇO | B62: 89226 | C62: =IF(A62="SERVIÇO",VLOOKUP(B62,SERVIÇOS!$A$6:$D$7697,2,0),IF(A62="INSUMO",VLOOKUP(B62,INSUMOS!$A$6:$D$4845,2,0),IF(A62="COTAÇÃO",VLOOKUP(B62,'014-22-cotação'!$A$9:$I$138,2,0)))) -> BETONEIRA CAPACIDADE NOMINAL DE 600 L, CAPACIDADE DE MISTURA 360 L, MOTOR ELÉTRICO TRIFÁSICO POTÊNCIA DE 4 CV, SEM CARREGADOR - CHI DIURNO. AF_05/2023 | D62: =IF(A62="SERVIÇO",VLOOKUP(B62,SERVIÇOS!$A$6:$E$7697,5,0),IF(A62="INSUMO",VLOOKUP(B62,INSUMOS!$A$6:$E$4845,5,0),IF(A62="COTAÇÃO",VLOOKUP(B62,'014-22-cotação'!$A$9:$J$138,10,0)))) -> EQUIP. | E62: =IF(A62="SERVIÇO",VLOOKUP(B62,SERVIÇOS!$A$6:$D$7697,3,0),IF(A62="INSUMO",VLOOKUP(B62,INSUMOS!$A$6:$D$4845,3,0),IF(A62="COTAÇÃO",VLOOKUP(B62,'014-22-cotação'!$A$9:$I$138,4,0)))) -> CHI | F62: 0.6197 | G62: =IF(A62="SERVIÇO",VLOOKUP(B62,SERVIÇOS!$A$6:$D$7697,4,0),IF(A62="INSUMO",VLOOKUP(B62,INSUMOS!$A$6:$D$4845,4,0),IF(A62="COTAÇÃO",VLOOKUP(B62,'014-22-cotação'!$A$9:$I$138,3,0)))) -> 1.64 | H62: =TRUNC((F62*G62),2) -> 1.01
A63: COTAÇÃO | B63: COT - 04.005 | C63: =IF(A63="SERVIÇO",VLOOKUP(B63,SERVIÇOS!$A$6:$D$7697,2,0),IF(A63="INSUMO",VLOOKUP(B63,INSUMOS!$A$6:$D$4845,2,0),IF(A63="COTAÇÃO",VLOOKUP(B63,'014-22-cotação'!$A$9:$I$138,2,0)))) -> PIGMENTO EM PÓ COR VERMELHO PARA CONCRETO | D63: =IF(A63="SERVIÇO",VLOOKUP(B63,SERVIÇOS!$A$6:$E$7697,5,0),IF(A63="INSUMO",VLOOKUP(B63,INSUMOS!$A$6:$E$4845,5,0),IF(A63="COTAÇÃO",VLOOKUP(B63,'014-22-cotação'!$A$9:$J$138,10,0)))) -> MAT. | E63: =IF(A63="SERVIÇO",VLOOKUP(B63,SERVIÇOS!$A$6:$D$7697,3,0),IF(A63="INSUMO",VLOOKUP(B63,INSUMOS!$A$6:$D$4845,3,0),IF(A63="COTAÇÃO",VLOOKUP(B63,'014-22-cotação'!$A$9:$I$138,4,0)))) -> KG | F63: =F57*0.04 -> 13.006356 | G63: =IF(A63="SERVIÇO",VLOOKUP(B63,SERVIÇOS!$A$6:$D$7697,4,0),IF(A63="INSUMO",VLOOKUP(B63,INSUMOS!$A$6:$D$4845,4,0),IF(A63="COTAÇÃO",VLOOKUP(B63,'014-22-cotação'!$A$9:$I$138,3,0)))) -> 44.96 | H63: =TRUNC((F63*G63),2) -> 584.76 | J63: A quantidade de uso é geralmente 2,0 a 2,5 kg de Pigmento para cada saco de 50 kg de cimento, ou seja 4 a 5 % sobre o peso do cimento.
B64: Observação: | C64: REF: 94970 SINAPI JANEIRO 2022 - INCLUSO PIGMENTO DE ACORDO COM ESPECIFICAÇÕES TÉCNICAS DO FABRICANTE.
B66: CCU - 04.006 AUX | C66: MESA MULTIUSO EM CONCRETO - CONFORME DETALHAMENTO DE PROJETO | D66: SER.CG | E66: UN | H66: =ROUND(SUM(H67:H75),2) -> 591.91 | I66: ok
A67: SERVIÇO | B67: 96542 | C67: =IF(A67="SERVIÇO",VLOOKUP(B67,SERVIÇOS!$A$6:$D$7697,2,0),IF(A67="INSUMO",VLOOKUP(B67,INSUMOS!$A$6:$D$4845,2,0),IF(A67="COTAÇÃO",VLOOKUP(B67,'014-22-cotação'!$A$9:$I$138,2,0)))) -> FABRICAÇÃO, MONTAGEM E DESMONTAGEM DE FÔRMA PARA VIGA BALDRAME, EM CHAPA DE MADEIRA COMPENSADA RESINADA, E=17 MM, 4 UTILIZAÇÕES. AF_01/2024 | D67: =IF(A67="SERVIÇO",VLOOKUP(B67,SERVIÇOS!$A$6:$E$7697,5,0),IF(A67="INSUMO",VLOOKUP(B67,INSUMOS!$A$6:$E$4845,5,0),IF(A67="COTAÇÃO",VLOOKUP(B67,'014-22-cotação'!$A$9:$J$138,10,0)))) -> SER.CG | E67: =IF(A67="SERVIÇO",VLOOKUP(B67,SERVIÇOS!$A$6:$D$7697,3,0),IF(A67="INSUMO",VLOOKUP(B67,INSUMOS!$A$6:$D$4845,3,0),IF(A67="COTAÇÃO",VLOOKUP(B67,'014-22-cotação'!$A$9:$I$138,4,0)))) -> M2 | F67: =((0.2*0.2)*2*0.83)+(0.8*0.8)+(0.8*4*0.1) -> 1.0264 | G67: =IF(A67="SERVIÇO",VLOOKUP(B67,SERVIÇOS!$A$6:$D$7697,4,0),IF(A67="INSUMO",VLOOKUP(B67,INSUMOS!$A$6:$D$4845,4,0),IF(A67="COTAÇÃO",VLOOKUP(B67,'014-22-cotação'!$A$9:$I$138,3,0)))) -> 97.75 | H67: =TRUNC((F67*G67),2) -> 100.33
A68: SERVIÇO | B68: 96543 | C68: =IF(A68="SERVIÇO",VLOOKUP(B68,SERVIÇOS!$A$6:$D$7697,2,0),IF(A68="INSUMO",VLOOKUP(B68,INSUMOS!$A$6:$D$4845,2,0),IF(A68="COTAÇÃO",VLOOKUP(B68,'014-22-cotação'!$A$9:$I$138,2,0)))) -> ARMAÇÃO DE BLOCO UTILIZANDO AÇO CA-60 DE 5 MM - MONTAGEM. AF_01/2024 | D68: =IF(A68="SERVIÇO",VLOOKUP(B68,SERVIÇOS!$A$6:$E$7697,5,0),IF(A68="INSUMO",VLOOKUP(B68,INSUMOS!$A$6:$E$4845,5,0),IF(A68="COTAÇÃO",VLOOKUP(B68,'014-22-cotação'!$A$9:$J$138,10,0)))) -> SER.CG | E68: =IF(A68="SERVIÇO",VLOOKUP(B68,SERVIÇOS!$A$6:$D$7697,3,0),IF(A68="INSUMO",VLOOKUP(B68,INSUMOS!$A$6:$D$4845,3,0),IF(A68="COTAÇÃO",VLOOKUP(B68,'014-22-cotação'!$A$9:$I$138,4,0)))) -> KG | F68: =F70*20 -> 5.544 | G68: =IF(A68="SERVIÇO",VLOOKUP(B68,SERVIÇOS!$A$6:$D$7697,4,0),IF(A68="INSUMO",VLOOKUP(B68,INSUMOS!$A$6:$D$4845,4,0),IF(A68="COTAÇÃO",VLOOKUP(B68,'014-22-cotação'!$A$9:$I$138,3,0)))) -> 20.76 | H68: =TRUNC((F68*G68),2) -> 115.09
A69: SERVIÇO | B69: 96544 | C69: =IF(A69="SERVIÇO",VLOOKUP(B69,SERVIÇOS!$A$6:$D$7697,2,0),IF(A69="INSUMO",VLOOKUP(B69,INSUMOS!$A$6:$D$4845,2,0),IF(A69="COTAÇÃO",VLOOKUP(B69,'014-22-cotação'!$A$9:$I$138,2,0)))) -> ARMAÇÃO DE BLOCO UTILIZANDO AÇO CA-50 DE 6,3 MM - MONTAGEM. AF_01/2024 | D69: =IF(A69="SERVIÇO",VLOOKUP(B69,SERVIÇOS!$A$6:$E$7697,5,0),IF(A69="INSUMO",VLOOKUP(B69,INSUMOS!$A$6:$E$4845,5,0),IF(A69="COTAÇÃO",VLOOKUP(B69,'014-22-cotação'!$A$9:$J$138,10,0)))) -> SER.CG | E69: =IF(A69="SERVIÇO",VLOOKUP(B69,SERVIÇOS!$A$6:$D$7697,3,0),IF(A69="INSUMO",VLOOKUP(B69,INSUMOS!$A$6:$D$4845,3,0),IF(A69="COTAÇÃO",VLOOKUP(B69,'014-22-cotação'!$A$9:$I$138,4,0)))) -> KG | F69: =F70*15 -> 4.158 | G69: =IF(A69="SERVIÇO",VLOOKUP(B69,SERVIÇOS!$A$6:$D$7697,4,0),IF(A69="INSUMO",VLOOKUP(B69,INSUMOS!$A$6:$D$4845,4,0),IF(A69="COTAÇÃO",VLOOKUP(B69,'014-22-cotação'!$A$9:$I$138,3,0)))) -> 18.41 | H69: =TRUNC((F69*G69),2) -> 76.54
A70: SERVIÇO | B70: 94965 | C70: =IF(A70="SERVIÇO",VLOOKUP(B70,SERVIÇOS!$A$6:$D$7697,2,0),IF(A70="INSUMO",VLOOKUP(B70,INSUMOS!$A$6:$D$4845,2,0),IF(A70="COTAÇÃO",VLOOKUP(B70,'014-22-cotação'!$A$9:$I$138,2,0)))) -> CONCRETO FCK = 25MPA, TRAÇO 1:2,3:2,7 (EM MASSA SECA DE CIMENTO/ AREIA MÉDIA/ BRITA 1) - PREPARO MECÂNICO COM BETONEIRA 400 L. AF_05/2021 | D70: =IF(A70="SERVIÇO",VLOOKUP(B70,SERVIÇOS!$A$6:$E$7697,5,0),IF(A70="INSUMO",VLOOKUP(B70,INSUMOS!$A$6:$E$4845,5,0),IF(A70="COTAÇÃO",VLOOKUP(B70,'014-22-cotação'!$A$9:$J$138,10,0)))) -> SER.CG | E70: =IF(A70="SERVIÇO",VLOOKUP(B70,SERVIÇOS!$A$6:$D$7697,3,0),IF(A70="INSUMO",VLOOKUP(B70,INSUMOS!$A$6:$D$4845,3,0),IF(A70="COTAÇÃO",VLOOKUP(B70,'014-22-cotação'!$A$9:$I$138,4,0)))) -> M3 | F70: =((0.6*0.6*0.5)+(0.83*0.2*0.2)+(0.8*0.8*0.1)) -> 0.2772 | G70: =IF(A70="SERVIÇO",VLOOKUP(B70,SERVIÇOS!$A$6:$D$7697,4,0),IF(A70="INSUMO",VLOOKUP(B70,INSUMOS!$A$6:$D$4845,4,0),IF(A70="COTAÇÃO",VLOOKUP(B70,'014-22-cotação'!$A$9:$I$138,3,0)))) -> 575.24 | H70: =TRUNC((F70*G70),2) -> 159.45
A71: SERVIÇO | B71: 103670 | C71: =IF(A71="SERVIÇO",VLOOKUP(B71,SERVIÇOS!$A$6:$D$7697,2,0),IF(A71="INSUMO",VLOOKUP(B71,INSUMOS!$A$6:$D$4845,2,0),IF(A71="COTAÇÃO",VLOOKUP(B71,'014-22-cotação'!$A$9:$I$138,2,0)))) -> LANÇAMENTO COM USO DE BALDES, ADENSAMENTO E ACABAMENTO DE CONCRETO EM ESTRUTURAS. AF_02/2022 | D71: =IF(A71="SERVIÇO",VLOOKUP(B71,SERVIÇOS!$A$6:$E$7697,5,0),IF(A71="INSUMO",VLOOKUP(B71,INSUMOS!$A$6:$E$4845,5,0),IF(A71="COTAÇÃO",VLOOKUP(B71,'014-22-cotação'!$A$9:$J$138,10,0)))) -> SER.CG | E71: =IF(A71="SERVIÇO",VLOOKUP(B71,SERVIÇOS!$A$6:$D$7697,3,0),IF(A71="INSUMO",VLOOKUP(B71,INSUMOS!$A$6:$D$4845,3,0),IF(A71="COTAÇÃO",VLOOKUP(B71,'014-22-cotação'!$A$9:$I$138,4,0)))) -> M3 | F71: =F70 -> 0.2772 | G71: =IF(A71="SERVIÇO",VLOOKUP(B71,SERVIÇOS!$A$6:$D$7697,4,0),IF(A71="INSUMO",VLOOKUP(B71,INSUMOS!$A$6:$D$4845,4,0),IF(A71="COTAÇÃO",VLOOKUP(B71,'014-22-cotação'!$A$9:$I$138,3,0)))) -> 326.59 | H71: =TRUNC((F71*G71),2) -> 90.53
A72: SERVIÇO | B72: 102488 | C72: =IF(A72="SERVIÇO",VLOOKUP(B72,SERVIÇOS!$A$6:$D$7697,2,0),IF(A72="INSUMO",VLOOKUP(B72,INSUMOS!$A$6:$D$4845,2,0),IF(A72="COTAÇÃO",VLOOKUP(B72,'014-22-cotação'!$A$9:$I$138,2,0)))) -> PREPARO DO PISO CIMENTADO PARA PINTURA - LIXAMENTO E LIMPEZA. AF_05/2021 | D72: =IF(A72="SERVIÇO",VLOOKUP(B72,SERVIÇOS!$A$6:$E$7697,5,0),IF(A72="INSUMO",VLOOKUP(B72,INSUMOS!$A$6:$E$4845,5,0),IF(A72="COTAÇÃO",VLOOKUP(B72,'014-22-cotação'!$A$9:$J$138,10,0)))) -> SER.CG | E72: =IF(A72="SERVIÇO",VLOOKUP(B72,SERVIÇOS!$A$6:$D$7697,3,0),IF(A72="INSUMO",VLOOKUP(B72,INSUMOS!$A$6:$D$4845,3,0),IF(A72="COTAÇÃO",VLOOKUP(B72,'014-22-cotação'!$A$9:$I$138,4,0)))) -> M2 | F72: =F67 -> 1.0264 | G72: =IF(A72="SERVIÇO",VLOOKUP(B72,SERVIÇOS!$A$6:$D$7697,4,0),IF(A72="INSUMO",VLOOKUP(B72,INSUMOS!$A$6:$D$4845,4,0),IF(A72="COTAÇÃO",VLOOKUP(B72,'014-22-cotação'!$A$9:$I$138,3,0)))) -> 3.98 | H72: =TRUNC((F72*G72),2) -> 4.08
A73: SERVIÇO | B73: 102491 | C73: =IF(A73="SERVIÇO",VLOOKUP(B73,SERVIÇOS!$A$6:$D$7697,2,0),IF(A73="INSUMO",VLOOKUP(B73,INSUMOS!$A$6:$D$4845,2,0),IF(A73="COTAÇÃO",VLOOKUP(B73,'014-22-cotação'!$A$9:$I$138,2,0)))) -> PINTURA DE PISO COM TINTA ACRÍLICA, APLICAÇÃO MANUAL, 2 DEMÃOS, INCLUSO FUNDO PREPARADOR. AF_05/2021 | D73: =IF(A73="SERVIÇO",VLOOKUP(B73,SERVIÇOS!$A$6:$E$7697,5,0),IF(A73="INSUMO",VLOOKUP(B73,INSUMOS!$A$6:$E$4845,5,0),IF(A73="COTAÇÃO",VLOOKUP(B73,'014-22-cotação'!$A$9:$J$138,10,0)))) -> SER.CG | E73: =IF(A73="SERVIÇO",VLOOKUP(B73,SERVIÇOS!$A$6:$D$7697,3,0),IF(A73="INSUMO",VLOOKUP(B73,INSUMOS!$A$6:$D$4845,3,0),IF(A73="COTAÇÃO",VLOOKUP(B73,'014-22-cotação'!$A$9:$I$138,4,0)))) -> M2 | F73: =F72 -> 1.0264 | G73: =IF(A73="SERVIÇO",VLOOKUP(B73,SERVIÇOS!$A$6:$D$7697,4,0),IF(A73="INSUMO",VLOOKUP(B73,INSUMOS!$A$6:$D$4845,4,0),IF(A73="COTAÇÃO",VLOOKUP(B73,'014-22-cotação'!$A$9:$I$138,3,0)))) -> 22.93 | H73: =TRUNC((F73*G73),2) -> 23.53
A74: SERVIÇO | B74: 98557 | C74: =IF(A74="SERVIÇO",VLOOKUP(B74,SERVIÇOS!$A$6:$D$7697,2,0),IF(A74="INSUMO",VLOOKUP(B74,INSUMOS!$A$6:$D$4845,2,0),IF(A74="COTAÇÃO",VLOOKUP(B74,'014-22-cotação'!$A$9:$I$138,2,0)))) -> IMPERMEABILIZAÇÃO DE SUPERFÍCIE COM EMULSÃO ASFÁLTICA, 2 DEMÃOS. AF_09/2023 | D74: =IF(A74="SERVIÇO",VLOOKUP(B74,SERVIÇOS!$A$6:$E$7697,5,0),IF(A74="INSUMO",VLOOKUP(B74,INSUMOS!$A$6:$E$4845,5,0),IF(A74="COTAÇÃO",VLOOKUP(B74,'014-22-cotação'!$A$9:$J$138,10,0)))) -> SER.CG | E74: =IF(A74="SERVIÇO",VLOOKUP(B74,SERVIÇOS!$A$6:$D$7697,3,0),IF(A74="INSUMO",VLOOKUP(B74,INSUMOS!$A$6:$D$4845,3,0),IF(A74="COTAÇÃO",VLOOKUP(B74,'014-22-cotação'!$A$9:$I$138,4,0)))) -> M2 | F74: =0.1*(0.2+0.2)*2 -> 0.08 | G74: =IF(A74="SERVIÇO",VLOOKUP(B74,SERVIÇOS!$A$6:$D$7697,4,0),IF(A74="INSUMO",VLOOKUP(B74,INSUMOS!$A$6:$D$4845,4,0),IF(A74="COTAÇÃO",VLOOKUP(B74,'014-22-cotação'!$A$9:$I$138,3,0)))) -> 47.43 | H74: =TRUNC((F74*G74),2) -> 3.79
A75: SERVIÇO | B75: 96523 | C75: =IF(A75="SERVIÇO",VLOOKUP(B75,SERVIÇOS!$A$6:$D$7697,2,0),IF(A75="INSUMO",VLOOKUP(B75,INSUMOS!$A$6:$D$4845,2,0),IF(A75="COTAÇÃO",VLOOKUP(B75,'014-22-cotação'!$A$9:$I$138,2,0)))) -> ESCAVAÇÃO MANUAL PARA BLOCO DE COROAMENTO OU SAPATA (INCLUINDO ESCAVAÇÃO PARA COLOCAÇÃO DE FÔRMAS). AF_01/2024 | D75: =IF(A75="SERVIÇO",VLOOKUP(B75,SERVIÇOS!$A$6:$E$7697,5,0),IF(A75="INSUMO",VLOOKUP(B75,INSUMOS!$A$6:$E$4845,5,0),IF(A75="COTAÇÃO",VLOOKUP(B75,'014-22-cotação'!$A$9:$J$138,10,0)))) -> SER.CG | E75: =IF(A75="SERVIÇO",VLOOKUP(B75,SERVIÇOS!$A$6:$D$7697,3,0),IF(A75="INSUMO",VLOOKUP(B75,INSUMOS!$A$6:$D$4845,3,0),IF(A75="COTAÇÃO",VLOOKUP(B75,'014-22-cotação'!$A$9:$I$138,4,0)))) -> M3 | F75: =0.6*0.6*0.5 -> 0.18 | G75: =IF(A75="SERVIÇO",VLOOKUP(B75,SERVIÇOS!$A$6:$D$7697,4,0),IF(A75="INSUMO",VLOOKUP(B75,INSUMOS!$A$6:$D$4845,4,0),IF(A75="COTAÇÃO",VLOOKUP(B75,'014-22-cotação'!$A$9:$I$138,3,0)))) -> 103.18 | H75: =TRUNC((F75*G75),2) -> 18.57
B76: Observação: | C76: REF: PROJETO ARQUITETURA - PROJ-DE-034-20-APS-PE-008-DET-MOB-R00
B78: CCU - 04.007 AUX | C78: REVESTIMENTO DE PISO COM MOSAICO DE MÁRMORE DUAS CORES, APLICADO COM ARGAMASSA INDUSTRIALIZADA AC-II | D78: SER.CG | E78: M2 | H78: =ROUND(SUM(H79:H82),2) -> 559.07
A79: INSUMO | B79: 4818 | C79: =IF(A79="SERVIÇO",VLOOKUP(B79,SERVIÇOS!$A$6:$D$7697,2,0),IF(A79="INSUMO",VLOOKUP(B79,INSUMOS!$A$6:$D$4845,2,0),IF(A79="COTAÇÃO",VLOOKUP(B79,'014-22-cotação'!$A$9:$I$138,2,0)))) -> PISO/ REVESTIMENTO EM MARMORE, POLIDO, BRANCO COMUM, FORMATO MENOR OU IGUAL A 3025 CM2, E = *2* CM | D79: =IF(A79="SERVIÇO",VLOOKUP(B79,SERVIÇOS!$A$6:$E$7697,5,0),IF(A79="INSUMO",VLOOKUP(B79,INSUMOS!$A$6:$E$4845,5,0),IF(A79="COTAÇÃO",VLOOKUP(B79,'014-22-cotação'!$A$9:$J$138,10,0)))) -> MAT. | E79: =IF(A79="SERVIÇO",VLOOKUP(B79,SERVIÇOS!$A$6:$D$7697,3,0),IF(A79="INSUMO",VLOOKUP(B79,INSUMOS!$A$6:$D$4845,3,0),IF(A79="COTAÇÃO",VLOOKUP(B79,'014-22-cotação'!$A$9:$I$138,4,0)))) -> M2 | F79: 1 | G79: =IF(A79="SERVIÇO",VLOOKUP(B79,SERVIÇOS!$A$6:$D$7697,4,0),IF(A79="INSUMO",VLOOKUP(B79,INSUMOS!$A$6:$D$4845,4,0),IF(A79="COTAÇÃO",VLOOKUP(B79,'014-22-cotação'!$A$9:$I$138,3,0)))) -> 350 | H79: =TRUNC((F79*G79),2) -> 350
A80: SERVIÇO | B80: 88316 | C80: =IF(A80="SERVIÇO",VLOOKUP(B80,SERVIÇOS!$A$6:$D$7697,2,0),IF(A80="INSUMO",VLOOKUP(B80,INSUMOS!$A$6:$D$4845,2,0),IF(A80="COTAÇÃO",VLOOKUP(B80,'014-22-cotação'!$A$9:$I$138,2,0)))) -> SERVENTE COM ENCARGOS COMPLEMENTARES | D80: =IF(A80="SERVIÇO",VLOOKUP(B80,SERVIÇOS!$A$6:$E$7697,5,0),IF(A80="INSUMO",VLOOKUP(B80,INSUMOS!$A$6:$E$4845,5,0),IF(A80="COTAÇÃO",VLOOKUP(B80,'014-22-cotação'!$A$9:$J$138,10,0)))) -> M.O | E80: =IF(A80="SERVIÇO",VLOOKUP(B80,SERVIÇOS!$A$6:$D$7697,3,0),IF(A80="INSUMO",VLOOKUP(B80,INSUMOS!$A$6:$D$4845,3,0),IF(A80="COTAÇÃO",VLOOKUP(B80,'014-22-cotação'!$A$9:$I$138,4,0)))) -> H | F80: 3.6 | G80: =IF(A80="SERVIÇO",VLOOKUP(B80,SERVIÇOS!$A$6:$D$7697,4,0),IF(A80="INSUMO",VLOOKUP(B80,INSUMOS!$A$6:$D$4845,4,0),IF(A80="COTAÇÃO",VLOOKUP(B80,'014-22-cotação'!$A$9:$I$138,3,0)))) -> 23.4 | H80: =TRUNC((F80*G80),2) -> 84.24
